 Dungeon Crawl Stone Soup version 0.18-a0-1045-g4e042de (webtiles) character file.

1879999 Yawgmoth the Conqueror (level 27, -1/199 HPs)
             Began as a Gargoyle Earth Elementalist on Jan 4, 2016.
             Was the Champion of Vehumet.
             Slain by a Brimstone Fiend (12 damage)
             ... while paralysed
             ... on level 19 of a ziggurat on Jan 11, 2016.
             The game lasted 2 days 03:19:20 (266801 turns).

Yawgmoth the Conqueror (GrEE)                 Turns: 266801, Time: 2 , 03:19:20

Health: -1/199     AC:  0    Str: 18    XL:     27
Magic:  0/63       EV:  5    Int: 27    God:    Vehumet [******]
Gold:   25732      SH:  0    Dex: 12    Spells: 13 memorised, 0 levels left

rFire  + + .     SeeInvis .       - Unarmed
rCold  x x .     Gourm    .     (armour currently unavailable)
rNeg   + + +     Faith    .     (shield currently unavailable)
rPois  ∞         Spirit   +     (helmet currently unavailable)
rElec  .         Dismiss  .     (cloak currently unavailable)
rCorr  .         Reflect  .     (gloves currently unavailable)
SustAt .         Harm     .     (boots currently unavailable)
MR     ++...                    L - amulet "Cify" {Spirit rN++ MP+9 Str+4 Dex-3 Slay-4}
Stlth  ++++......               (ring currently unavailable)
                                (ring currently unavailable)

@: paralysed, mighty, immune to fire clouds, exhausted, bat-form, flying,
contaminated, regenerating (expiring), hasted and slowed, glowing, silenced,
repel missiles, very quick, very resistant to hostile enchantments, stealthy
A: (big wings), negative energy resistance 1, (electricity resistance),
(unbreathing), petrification resistance, rot immunity, AC +20
a: Renounce Religion
}: 15/15 runes: decaying, slimy, silver, golden, iron, obsidian, icy, bone,
abyssal, demonic, glowing, magical, fiery, dark, gossamer


You were on level 19 of a ziggurat.
You worshipped Vehumet.
Vehumet was exalted by your worship.
You were very full.
You were in bat-form.
You visited 18 branches of the dungeon, and saw 93 of its levels.
You visited Pandemonium 15 times, and saw 86 of its levels.
You visited the Abyss 18 times.
You visited 5 ziggurats (completing 4), and saw 127 of their levels.
You also visited: Trove, Sewer, Bailey and Wizlab.

You collected 31639 gold pieces.
You spent 5907 gold pieces at shops.

Inventory:

Hand Weapons
 i - a +9 lajatang of distortion {Interdimensional Abyss Express}
 o - the +4 Staff of Dispater {Z:27}
   (You took it off Dispater on level 7 of the Iron City of Dis)
 t - the +9 Staff of Wucad Mu {channel, MANA}
   (You found it on level 7 of Cocytus)
 O - the +6 quarterstaff "Zigeliol" {antimagic, rN+ Str+4}
   (You found it on level 14 of a ziggurat)

   It disrupts the flow of magical energy around spellcasters and certain
   magical creatures (including the wielder).
   It affects your strength (+4).
   It protects you from negative energy.
 P - the +7 quarterstaff "Zyrifyaj" {elec, *Noise rPois Str+2 Int+3}
   (You found it on level 16 of a ziggurat)

   Occasionally, upon striking a foe, it will discharge some electrical energy
   and cause terrible harm.
   It affects your strength (+2).
   It affects your intelligence (+3).
   It protects you from poison.
   It may make noises in combat.
 R - the +7 short sword of Wacenk {holy, Dex+4}
   (You found it on level 10 of a ziggurat)

   It has been blessed by the Shining One to cause great damage to the undead
   and demons.
   It affects your dexterity (+4).
 S - a +9 lajatang of holy wrath {The Will Of Vehumet}
Armour
 n - the +3 pair of gauntlets of War (melded) {Slay+5}
   (You found it on level 19 of a ziggurat)

   It affects your accuracy and damage with ranged weapons and melee attacks
   (+5).
 z - the +2 shield of Resistance (melded) {rF+ rC+ MR+}
   (You found it on level 27 of a ziggurat)

   It protects you from fire.
   It protects you from cold.
   It affects your resistance to hostile enchantments.
 B - the +1 cloak of Lybuo (melded) {rCorr MP+9 Dex+2}
   (You acquired it in Pandemonium)

   It affects your dexterity (+2).
   It affects your magic capacity (+9).
   It protects you from acid and corrosion.
 E - a +2 pair of boots of running (melded) {GIVE ME MOAR SPEED}
 H - the +8 plate armour of the Orb {-Tele Str+7 Int+4}
   (You found it on level 18 of a ziggurat)

   It affects your strength (+7).
   It affects your intelligence (+4).
   It prevents most forms of teleportation.
 M - the +9 armour of the Dragon King (melded) {rPois rF+ rC+ MR+}
   (You found it on level 10 of a ziggurat)

   It protects you from fire.
   It protects you from cold.
   It protects you from poison.
   It affects your resistance to hostile enchantments.
 Y - the +3 hat of Pondering (melded) {ponderous, MR+ MP+10 Int+5}
   (You found it on level 21 of a ziggurat)

   It affects your intelligence (+5).
   It affects your resistance to hostile enchantments.
   It affects your magic capacity (+10).
Magical Staves
 g - an uncursed staff of energy {UNHOLY CARNAGE}
 I - an uncursed staff of fire {Disco Inferno}
 K - an uncursed staff of earth (melded) {Rolling Stones}
Jewellery
 f - the ring of Xom's Recklessness (melded) {Int+5 Dex+3 SInv}
   (You found it on level 12 of the Dungeon)

   [ring of dexterity]

   It affects your intelligence (+5).
   It affects your dexterity (+3).
   It lets you see invisible.
 v - the ring "Laamu" {SustAt rElec Slay+2 Stlth+}
   (You found it on level 5 of a ziggurat)

   [ring of sustain attributes]

   It sustains your strength, intelligence and dexterity.
   It affects your accuracy and damage with ranged weapons and melee attacks
   (+2).
   It insulates you from electricity.
   It makes you more stealthy.
 L - the amulet "Cify" (around neck) {Spirit rN++ MP+9 Str+4 Dex-3 Slay-4}
   (You found it on level 14 of a ziggurat)

   [amulet of guardian spirit]

   It causes incoming damage to be split between your health and magic.
   It affects your strength (+4).
   It affects your dexterity (-3).
   It affects your accuracy and damage with ranged weapons and melee attacks
   (-4).
   It greatly protects you from negative energy.
   It affects your magic capacity (+9).
 U - the ring of Xom's Full Attention (melded) {Wiz rC+ Int+4 Slay+2}
   (You took it off a death knight on level 3 of the Crypt)

   [ring of wizardry]

   It improves your spell success rate.
   It affects your intelligence (+4).
   It affects your accuracy and damage with ranged weapons and melee attacks
   (+2).
   It protects you from cold.
Wands
 e - a wand of teleportation (8/9) {Z:27}
 G - a wand of heal wounds (3/9)
 Q - a wand of hasting (9/9)
 W - a wand of heal wounds (6/9)
Scrolls
 b - 4 scrolls of holy word
 c - a scroll of silence
 h - a scroll of torment
 j - 33 scrolls of teleportation
 l - 24 scrolls of blinking
 p - 117 scrolls of remove curse
 r - 5 scrolls of enchant weapon
 w - 10 scrolls of recharging
 y - 11 scrolls of identify
 A - 2 scrolls of enchant armour
 D - 8 scrolls of amnesia
 X - 7 scrolls of immolation
Potions
 s - 3 potions of cancellation
 u - 5 potions of experience
 x - 3 potions of heal wounds
 F - 12 potions of haste
 J - a potion of magic
 T - 34 potions of curing
 V - 52 potions of cure mutation
 Z - 22 potions of might
Miscellaneous
 k - 8 phantom mirrors
 m - a disc of storms
 q - a lamp of fire
 C - a crystal ball of energy
Comestibles
 a - 36 meat rations
 d - 29 bread rations
 N - 34 royal jellies


   Skills:
 O Level 27 Fighting
 O Level 27 Short Blades
 O Level 27 Long Blades
 O Level 27 Axes
 O Level 27 Maces & Flails
 O Level 27 Polearms
 O Level 27 Staves
 O Level 27 Slings
 O Level 27 Bows
 O Level 27 Crossbows
 O Level 27 Throwing
 O Level 27 Armour
 O Level 27 Dodging
 O Level 27 Stealth
 O Level 27 Shields
 O Level 27 Unarmed Combat
 O Level 27 Spellcasting
 O Level 27 Conjurations
   Level 10.1 Hexes
 O Level 27 Charms
 O Level 27 Summonings
 O Level 27 Necromancy
 O Level 27 Translocations
   Level 1.0 Transmutations
 O Level 27 Fire Magic
 O Level 27 Ice Magic
 O Level 27 Air Magic
 O Level 27 Earth Magic
 O Level 27 Evocations


You couldn't memorise any spells.
You knew the following spells:

 Your Spells              Type           Power        Failure   Level  Hunger
a - Shatter               Erth           ########..   1%          9    #####..
b - Controlled Blink      Tloc           N/A          1%          8    ####...
c - Glaciate              Conj/Ice       ######....   1%          9    #####..
d - Death's Door          Chrm/Necr      ########..   1%          8    ####...
e - Apportation           Tloc           ########..   0%          1    None
f - Lehudib's Crystal Sp  Conj/Erth      ########..   1%          8    ####...
g - Haste                 Chrm           ########     0%          6    None
i - Ring of Flames        Chrm/Fire      ########..   1%          7    None
j - Fire Storm            Conj/Fire      ########..   1%          9    #####..
k - Regeneration          Chrm/Necr      ########..   0%          3    None
l - Tornado               Air            ########..   1%          9    #####..
n - Repel Missiles        Chrm/Air       ######       0%          2    None
p - Summon Butterflies    Summ           ########     0%          1    None


Dungeon Overview and Level Annotations

Branches:
Dungeon (15/15)            Temple (1/1) D:4            Lair (8/8) D:11
  Swamp (4/4) Lair:5       Spider (4/4) Lair:3        Slime (6/6) Lair:6
    Orc (2/2) D:10            Elf (3/3) Orc:2        Vaults (5/5) D:13
  Crypt (3/3) Vaults:2       Tomb (3/3) Crypt:3      Depths (5/5) D:15
   Hell (1/1)                 Dis (7/7) Hell            Geh (7/7) Hell
    Coc (7/7) Hell            Tar (7/7) Hell            Zot (5/5) Depths:5

Altars:
Ashenzari
Cheibriados
Dithmenos
Elyvilon
Fedhas
Gozag
Kikubaaqudgha
Makhleb
Nemelex Xobeh
Okawaru
Pakellas
Qazlal
Ru
Sif Muna
Trog
Vehumet
Xom
Yredelemnul
Zin
The Shining One

Shops:
D:5 :   D:13 [   Orc:1 :   Orc:2 }*[*   Elf:2 [   Vaults:5 =   Depths:2 }
Depths:3 }

Portals:
Hell: Depths:1* Depths:2 Depths:3 Depths:4 Depths:5
Abyss: Depths:1 Depths:2 Depths:4
Pandemonium: Depths:1 Depths:3 Depths:4
Ziggurat: Hell

Annotations:
D:9 exclusion: downstairs
Elf:3 exclusion: door


Innate Abilities, Weirdness & Mutations

You are resistant to torment.
((Your stone body is resilient (AC +20).))
You are immune to poison.
((Your large and strong wings let you fly indefinitely.))
You resist negative energy.
((You are resistant to electric shocks.))
((You can survive without breathing.))
You are immune to petrification.
You are immune to rotting.
You are immune to clouds of flame.


Message History

You feel your power returning.
You cannot train any new skill.
The Killer Klown is engulfed in roaring flames.
The Killer Klown blinks!
The frost giant is engulfed in roaring flames.
The Brimstone Fiend hits you!
* * * LOW HITPOINT WARNING * * *
The Brimstone Fiend hits you!
* * * LOW HITPOINT WARNING * * *
The Brimstone Fiend hits you!
* * * LOW HITPOINT WARNING * * *
The green very ugly thing is engulfed in roaring flames.
The green very ugly thing barely misses you.
The green very ugly thing is engulfed in roaring flames.
The Killer Klown blinks!
The giant leech changes into a slime creature!
The hill giant changes into an anaconda!
The torpor snail changes into a manticore!
The Killer Klown is engulfed in roaring flames.
The Brimstone Fiend hits you!
You die...

▓▓▓▓▓▓▓▓▓▓▓▓▓
▓u36§tu&.pp§▓▓
▓▓p1&u1i36.p5§b▓▓
▓▓†HGpp.1u&5pC1uC▓▓
▓▓††&&p#t&u&p##1&up▓
▓§§†u&&#&5&tp##&&p3&▓
§§.&&&&&&&pp4pY.pS)3?▓
§§§.T†3ptJp&4l..upC)}∩▓
§§Dp&4p&D&u.pGp3SYJ))>:▓
§§§§§†us&3Yut16HD?p)[∩▓▓
8§§§&&&&&DD.y4t...|):▓▓


You could see Huocsav, Kecs, Naeprak, Nohuaz, Noni, Opar, Quco, Tuiff, Utumom,
Woresho, 10 Killer Klowns, a dire elephant, 2 frost giants, 6 very ugly things,
2 Brimstone Fiends, a Shadow Fiend, a fire dragon shaped shifter, 2 demonspawn,
an elephant shaped shifter, an Executioner, a sea snake, an anaconda shaped
shifter, a slime creature shaped shifter, a hill giant shaped shifter, 3
apocalypse crabs, a manticore shaped shifter, a komodo dragon shaped shifter, an
eye of draining, a human shaped shifter, a ynoxinul, 3 chaos spawn, a spriggan
shaped shifter and 3 ufetubi.

Vanquished Creatures
  Cerebov (Pan)
  Antaeus (Coc:7)
  the Royal Jelly (Slime:6)
  Asmodeus (Geh:7)
  Ignacio (Pan)
  Ereshkigal (Tar:7)
  Lom Lobon (Pan)
  Gloorx Vloq (Pan)
  the Serpent of Hell (Coc:7)
  A seraph (Pan)
  Mnoleg (Pan)
  The ghost of cluie the Politician, a legendary DsFE of Cheibriados (Zig:21)
  79 ancient liches
  Dispater (Dis:7)
  6 orbs of fire
  Khufu (Tomb:3)
  A juggernaut (shapeshifter) (Zig:25)
  Mara (Crypt:3)
  12 juggernauts
  Mennas (Pan)
  The ghost of PeterLawrence the Conqueror, a legendary GrFi of Okawaru (Geh:7)
  148 greater mummies
  22 iron giants
  The ghost of PeterLawrence the Invulnerable, a legendary GrFi of Okawaru (Zot:5)
  Margery (Depths:3)
  16 curse toes
  73 shard shrikes
  28 caustic shrikes
  105 Killer Klowns
  Geryon (Hell)
  70 golden dragons
  Nikola (Swamp:1)
  15 profane servitors
  A golden dragon (shapeshifter) (Zig:10)
  64 bone dragons
  13 pearl dragons
  Xtahua (Crypt:2)
  Arachne (Spider:2)
  54 liches
  131 Brimstone Fiends
  37 doom hounds
  70 tentacled monstrosities
  Jorgrun (Depths:2)
  8 electric golems
  173 Ice Fiends
  218 pandemonium lords
  118 Hell Sentinels
  30 hellephants
  81 titans
  24 Orb Guardians (Zot:5)
  A Cloud Mage (WizLab)
  9 deep elf blademasters
  8 deep elf master archers
  11 quicksilver dragons (shapeshifter)
  85 acid blobs
  3 acid blobs (shapeshifter)
  11 sphinxes (shapeshifter)
  The ghost of kroki the Fighter, an adept TrBe of Trog (Spider:1)
  81 tentacled starspawn
  6 death cobs
  13 quicksilver dragons
  138 Shadow Fiends
  137 Executioners
  Frances (Spider:2)
  20 ancient champions
  18 sphinxes
  36 shadow dragons
  11 shadow dragons (shapeshifter)
  20 storm dragons
  9 eldritch tentacles
  22 tengu reavers
  19 thorn hunters
  50 revenants
  90 draconian monks
  4 storm dragons (shapeshifter)
  23 daevas
  37 fire giants
  48 azure jellies
  9 fire giants (shapeshifter)
  158 greater nagas
  Maud (D:13)
  Aizul (Swamp:4)
  9 azure jellies (shapeshifter)
  Louise (Swamp:1)
  87 draconian scorchers
  The ghost of bsdbeard the Blinker, an adept FeEn of Dithmenos (Vaults:4)
  12 deep elf sorcerers
  212 balrugs
  55 orc warlords
  65 ghost moths
  90 warmongers
  94 corrupters
  6 frost giants (shapeshifter)
  A ghost moth (shapeshifter) (Zig:10)
  96 draconian knights
  72 frost giants
  86 draconian zealots
  128 cacodemons
  33 caustic shrike zombies
  39 angels
  3 spectral juggernauts (Zig:24)
  80 draconian shifters
  22 curse skulls
  14 emperor scorpions
  20 iron dragons
  45 vault wardens
  5 deep elf elementalists
  62 ironheart preservers
  17 ghouls
  24 juggernaut zombies
  16 ophanim
  72 draconian annihilators
  A spriggan defender (Depths:2)
  64 war gargoyles
  26 juggernaut skeletons
  14 caustic shrike skeletons
  124 stone giants
  281 reapers
  108 very ugly things
  31 apis
  3 stone giants (shapeshifter)
  43 vampire knights
  97 blood saints
  68 bennus
  23 salamander stormcallers
  4 elemental wellsprings (Coc:7)
  11 apis (shapeshifter)
  128 chaos champions
  38 green draconians
  37 black draconians
  23 deep elf demonologists
  36 red draconians
  104 black suns
  19 deep elf annihilators
  78 draconian callers
  42 mottled draconians
  45 white draconians
  9 dire elephants (shapeshifter)
  39 yellow draconians
  Azrael (Spider:2)
  92 dire elephants
  54 purple draconians
  41 eidola
  115 lorocyprocas
  21 spark wasps
  39 ettins
  A spark wasp (shapeshifter) (Zig:10)
  218 blizzard demons
  Snorg (Lair:3)
  117 green deaths
  50 merfolk javelineers
  36 deep elf death magi
  25 quicksilver dragon zombies
  31 vault guards
  15 crystal guardians
  116 mummy priests
  2 kraken zombies
  31 fire dragons
  28 death oozes
  16 jiangshi
  2 ettins (shapeshifter)
  36 merfolk impalers
  43 yaktaur captains
  49 great orbs of eyes
  23 deep elf high priests
  25 rakshasas
  2 great orbs of eyes (shapeshifter)
  70 ice dragons
  12 quicksilver dragon skeletons
  23 entropy weavers
  83 catoblepae
  48 naga warriors
  2 entropy weavers (shapeshifter)
  7 spriggan air magi
  A caustic shrike simulacrum (Zig:25)
  3 hydras (shapeshifter)
  144 hydras
  30 ghost crabs
  68 monstrous demonspawn
  69 hell beasts
  8 ghost crabs (shapeshifter)
  10 merfolk avatars
  11 iron giant zombies
  A catoblepas (shapeshifter) (Zig:15)
  45 anacondas
  15 death knights
  3 anacondas (shapeshifter)
  6 juggernaut simulacra
  14 centaur warriors
  31 ogre magi
  12 alligator snapping turtles
  43 merfolk aquamancers
  7 alligator snapping turtles (shapeshifter)
  An alligator (shapeshifter) (Zig:24)
  46 alligators
  A death yak (shapeshifter) (Zig:10)
  A queen ant (Lair:3)
  A queen ant (shapeshifter) (Depths:4)
  106 dancing weapons
  2 tengu warriors
  68 orc high priests
  54 vampire magi
  13 iron giant skeletons
  38 death yaks
  9 deep troll shamans
  41 naga sharpshooters
  7 deep troll earth magi
  8 satyrs
  46 titan zombies
  49 hell hogs
  2 shock serpents (shapeshifter)
  6 spriggan berserkers
  A spectral spriggan (Zig:24)
  48 shock serpents
  Urug (Orc:1)
  83 thrashing horrors
  275 soul eaters
  2 hell hogs (shapeshifter)
  21 iron golems
  345 sun demons
  Nergalle (Lair:4)
  3 fire crabs (shapeshifter)
  59 deep elf knights
  35 titan skeletons
  4 iron trolls (shapeshifter)
  2 spectral elves
  32 storm dragon zombies
  260 skeletal warriors
  79 wretched stars
  21 spatial maelstroms
  57 shadow wraiths
  A quicksilver dragon simulacrum (Zig:25)
  54 sea snakes
  49 hell knights
  36 iron trolls
  26 deep trolls
  45 golden dragon zombies
  10 spark wasp zombies
  14 anaconda zombies
  24 cherubim
  12 fire crabs
  21 salamander mystics
  3 unseen horrors (shapeshifter)
  115 death scarabs
  20 naga ritualists
  77 infernal demonspawn
  68 putrid demonspawn
  79 gelid demonspawn
  174 shadow demons
  37 storm dragon skeletons
  19 unseen horrors
  3 ghost moth zombies
  6 sea snakes (shapeshifter)
  A giant orange brain (shapeshifter) (Zig:5)
  2 deep trolls (shapeshifter) (Zig:15)
  A death drake (shapeshifter) (Depths:4)
  A lindwurm (shapeshifter) (Zig:13)
  32 shadow dragon zombies
  86 phantasmal warriors
  14 death drakes
  8 wizards
  31 spriggan druids
  49 swamp dragons
  80 flayed ghosts
  32 tengu zombies
  37 golden dragon skeletons
  53 deep elf archers
  4 wolf spider zombies
  96 anubis guards
  21 giant orange brains
  169 starcursed masses
  A kraken simulacrum (Coc:7)
  21 shambling mangroves
  2 anubis guards (shapeshifter)
  12 anaconda skeletons
  20 sphinx zombies
  27 necromancers
  4 hill giants (shapeshifter)
  A spectral iron dragon (Zig:24)
  69 torturous demonspawn
  19 hill giants
  54 orc knights
  4 obsidian statues (Depths:4)
  112 ugly things
  56 ironbrand convokers
  90 harpies
  A harpy (shapeshifter) (Depths:2)
  35 salamanders
  25 shadow dragon skeletons
  6 lindwurms
  3 mana vipers (shapeshifter)
  An orb spider (shapeshifter) (Zig:24)
  25 iron dragon zombies
  44 orc sorcerers
  2 wolf spiders (shapeshifter)
  161 deep elf magi
  A hornet (shapeshifter) (Zig:13)
  90 wolf spiders
  42 manticores
  24 fauns
  71 orb spiders
  A griffon (shapeshifter) (Zig:15)
  54 water nymphs
  16 frost giant zombies
  38 shining eyes
  40 cyclopes
  6 manticores (shapeshifter)
  46 griffons
  34 tengu skeletons
  7 oklob plants
  149 sixfirhies
  27 mana vipers
  A shining eye (shapeshifter) (Zig:19)
  423 large abominations
  A salamander (shapeshifter) (Vaults:5)
  3 water nymphs (shapeshifter)
  2 cyclopes (shapeshifter)
  6 fauns (shapeshifter)
  21 fire giant zombies
  17 worldbinders
  19 stone giant zombies
  78 hornets
  2 shock serpent zombies
  12 sphinx skeletons
  6 guardian serpents (shapeshifter)
  80 moths of wrath
  8 dire elephant zombies
  4 centaur zombies
  31 sirens
  26 iron dragon skeletons
  2 moths of wrath (shapeshifter)
  28 elephants
  71 vault sentinels
  54 guardian serpents
  99 rust devils
  8 titan simulacra
  3 elephants (shapeshifter)
  65 naga magi
  5 spectral swamp worms
  19 frost giant skeletons
  20 fire giant skeletons
  2 black mambas (shapeshifter)
  35 spriggan zombies
  344 smoke demons
  14 molten gargoyles
  20 eyes of devastation
  7 ice statues
  A torpor snail (shapeshifter) (Depths:4)
  8 dire elephant skeletons
  246 black mambas
  154 orange demons
  Joseph (D:8)
  11 gargoyles
  182 spiny frogs
  3 catoblepas zombies
  An octopode (shapeshifter) (Zig:26)
  10 stone giant skeletons
  8 storm dragon simulacra
  55 apocalypse crabs
  2 eyes of devastation (shapeshifter)
  A red draconian zombie (Dis:6)
  A spiny frog (shapeshifter) (Zig:10)
  A shock serpent skeleton (Coc:1)
  4 emperor scorpion zombies
  23 spriggan skeletons
  101 yaktaurs
  21 torpor snails
  223 hellions
  2 yaktaurs (shapeshifter)
  2 kobold demonologists
  28 efreet
  A komodo dragon (shapeshifter) (Vaults:5)
  3 fire drakes (shapeshifter)
  80 komodo dragons
  134 hellwings
  36 fire drakes
  188 demonic crawlers
  A redback zombie (D:10)
  A yellow draconian skeleton (Geh:5)
  272 tormentors
  A pale draconian skeleton (Crypt:2)
  2 yaktaur skeletons
  216 red devils
  190 guardian mummies
  6 human skeletons
  An entropy weaver zombie (Vaults:2)
  12 silent spectres
  2 spectral glowing shapeshifters (Zig:24)
  8 anaconda simulacra
  57 ancient zymes
  A catoblepas skeleton (Coc:7)
  121 freezing wraiths
  2 golden dragon simulacra
  10 polar bears
  154 ice devils
  A queen bee (shapeshifter) (Zig:25)
  A polar bear (shapeshifter) (Depths:3)
  6 harpy zombies
  A merfolk (shapeshifter) (Zig:10)
  28 trolls
  194 merfolk
  46 giant leeches
  4 jumping spiders (shapeshifter)
  75 jumping spiders
  3 shadow dragon simulacra
  3 tengu simulacra
  3 harpy skeletons
  2 tengu conjurers (Depths:1)
  2 sphinx simulacra
  63 bog bodies
  38 boulder beetles
  2 deep troll zombies
  94 elf zombies
  23 hydra skeletons
  2 wind drakes (shapeshifter)
  22 wind drakes
  73 ushabtiu
  11 fire dragon zombies
  17 ettin zombies
  30 hydra zombies
  3 fire giant simulacra
  2 giant leeches (shapeshifter)
  34 two-headed ogres
  A boulder beetle (shapeshifter) (Zig:24)
  7 ice dragon zombies
  3 iron dragon simulacra (Zig:25)
  2 human simulacra (Vaults:1)
  4 slime creatures (shapeshifter)
  327 slime creatures
  91 raiju
  33 snapping turtles
  5 snapping turtles (shapeshifter)
  A removed MONS_TRAPDOOR_SPIDER zombie (D:7)
  25 alligator zombies
  80 blink frogs
  48 removed MONS_TRAPDOOR_SPIDERs
  2 centaur simulacra (D:15)
  124 redbacks
  400 flying skulls
  2 redbacks (shapeshifter)
  83 water elementals
  4 black mamba zombies
  2 ice dragon skeletons
  60 air elementals
  2 removed
  MONS_TRAPDOOR_SPIDERs (shapeshifter)
  17 spriggans
  A tarantella (shapeshifter) (Zig:15)
  A wyvern (shapeshifter) (Vaults:1)
  137 yaks
  14 ettin skeletons
  46 fire elementals
  2 yaks (shapeshifter)
  96 shadows
  5 vampires
  4 fire bats
  6 alligator skeletons
  9 fire dragon skeletons
  2 humans
  87 hippogriffs
  45 tarantellas
  309 ynoxinuls
  142 wraiths
  A golden eye (shapeshifter) (Zig:15)
  14 wyverns
  A basilisk (shapeshifter) (Zig:24)
  2 black mamba skeletons
  45 golden eyes
  277 chaos spawn
  28 hungry ghosts
  160 neqoxecs
  3 steam dragons
  26 basilisks
  11 elf simulacra
  30 wolves
  A giant leech zombie (Crypt:1)
  A hippogriff (shapeshifter) (Depths:2)
  54 vampire mosquitoes
  4 swamp worm simulacra (Swamp:4)
  2 wargs (shapeshifter)
  3 mottled dragons
  A merfolk zombie (Crypt:3)
  A wolf (shapeshifter) (Depths:4)
  70 elf skeletons
  A swamp worm (shapeshifter) (Depths:4)
  36 insubstantial wisps
  68 nagas
  24 hydra simulacra
  An infernal demonspawn zombie (Crypt:3)
  17 soldier ants
  18 spatial vortices
  22 wargs
  23 swamp worms
  142 hell hounds
  A merfolk skeleton (Geh:7)
  A putrid demonspawn skeleton (Tar:4)
  11 porcupines
  A water moccasin (shapeshifter) (Zig:15)
  12 spiny frog zombies
  Duvessa (D:6)
  2 ogre skeletons (Vaults:1)
  153 water moccasins
  2 ice beasts (shapeshifter)
  172 orc warriors
  9 spiny frog skeletons
  48 swamp drakes
  4 sky beasts
  67 eyes of draining
  A lindwurm zombie (Crypt:1)
  A hornet simulacrum (Vaults:1)
  An eye of draining (shapeshifter) (Vaults:4)
  2 spriggan simulacra
  5 black bears
  59 ice beasts
  2 black bears (shapeshifter)
  14 snapping turtle zombies
  43 wasps
  A deep troll simulacrum (Depths:1)
  A swamp drake (shapeshifter) (Depths:4)
  3 swamp dragon zombies
  123 necrophages
  2 ogres (shapeshifter)
  2 alligator simulacra
  6 manticore zombies
  129 ogres
  5 snapping turtle skeletons
  10 boggarts
  9 phantoms
  2 manticore skeletons
  54 centaurs
  A lindwurm skeleton (Crypt:2)
  A swamp dragon skeleton (Coc:7)
  162 crocodiles
  9 human zombies
  A fire crab zombie (Vaults:1)
  3 yaktaur zombies
  4 big kobolds
  29 giant frogs
  37 earth elementals
  4 gnoll sergeants
  Dowan (D:6)
  3 glowing shapeshifter simulacra
  4 spiny frog simulacra
  13 wyvern skeletons
  8 scorpions
  A manticore simulacrum (Tar:2)
  A snapping turtle simulacrum (Coc:1)
  2 yak zombies (Crypt:2)
  14 killer bees
  99 wights
  2 electric eels
  A troll skeleton (Tar:1)
  A lava snake (Lair:7)
  90 small abominations
  20 crimson imps
  3 giant frog zombies
  A hound (shapeshifter) (Depths:5)
  10 quasits
  57 orc priests
  163 jellies
  5 centaur skeletons
  5 hounds
  72 iron imps
  33 orc wizards
  3 giant frog skeletons
  5 gnoll shamans
  7 iguanas
  27 worker ants
  A lightning spire (Zig:27)
  14 hell rats
  3 killer bee zombies
  A sheep (shapeshifter) (Depths:4)
  48 sheep
  A crocodile zombie (Crypt:1)
  2 naga skeletons
  A hound zombie (D:7)
  2 hound skeletons
  353 mummies
  38 gnolls
  16 adders
  133 river rats
  62 shadow imps
  39 white imps
  2 giant eyeballs (Pan)
  4 ufetubi
  2 oozes
  4 swamp drake simulacra (Swamp:4)
  An adder skeleton (D:7)
  An iguana skeleton (Crypt:1)
  2 worms
  8 ball lightnings
  6 giant geckos
  139 orcs
  9 ball pythons
  10 bats
  A bat skeleton (Crypt:2)
  A giant cockroach (shapeshifter) (Depths:4)
  8 giant cockroaches
  15 goblins
  9 hobgoblins
  14 jackals
  9 quokkas
  A giant gecko zombie (D:4)
  4 giant newts
  A gnoll skeleton (Crypt:2)
  59 kobolds
  3 kobold zombies
  An orc simulacrum (Coc:1)
  An orc skeleton (Coc:1)
  2 orc zombies
  2 quokka skeletons (D:5)
  A quokka zombie (Crypt:1)
  23 rats
  431 blocks of ice
  20 briar patches
  14 bushes
  3 butterflies
  An eldritch tentacle segment (Zig:14)
  649 fire vortices
  A fulminant prism (Zig:19)
  A fungus (Lair:2)
  9 lost souls
  2 lurking horrors (Abyss:1)
  7 plants
  28 starspawn tentacles
  5 starspawn tentacle segments
  A tentacle (Coc:2)
  20 withered plants (Crypt:3)
24873 creatures vanquished.

Vanquished Creatures (collateral kills)
  2 ancient liches
  7 greater mummies
  2 pandemonium lords
  A shard shrike (Zig:25)
  2 Killer Klowns
  2 bone dragons
  5 starcursed masses
  2 Brimstone Fiends
  A doom hound (Tar:5)
  2 liches
  2 Ice Fiends
  A tentacled monstrosity (Zot:2)
  An Orb Guardian (Zot:5)
  7 acid blobs
  An eldritch tentacle (Tar:4)
  A sphinx (Vaults:5)
  An ancient champion (Crypt:3)
  A Shadow Fiend (Zig:17)
  2 shadow dragons
  4 tentacled starspawn
  3 Executioners
  A storm dragon (Zot:4)
  A shadow dragon (shapeshifter) (Zig:25)
  A frost giant (shapeshifter) (Zig:19)
  2 draconian knights
  An azure jelly (Zig:14)
  A ghost moth (Zig:12)
  3 cacodemons (Pan)
  5 balrugs
  4 corrupters
  A draconian zealot (Zig:23)
  A draconian shifter (Zig:5)
  A fire giant (shapeshifter) (Zig:10)
  A vault warden (Zig:16)
  An emperor scorpion (Zig:12)
  2 caustic shrike zombies
  2 juggernaut zombies
  4 reapers
  An angel (Pan)
  A black sun (Zig:17)
  A stone giant (shapeshifter) (Zig:25)
  A juggernaut skeleton (Zig:22)
  3 vampire knights
  2 ophanim
  A black draconian (Zot:2)
  A deep elf demonologist (Elf:3)
  A blood saint (Pan)
  2 very ugly things
  3 chaos champions (Pan)
  A lorocyproca (Pan)
  A yellow draconian (Zot:5)
  2 merfolk javelineers
  An eidolon (Crypt:3)
  A vault guard (D:13)
  A blizzard demon (Pan)
  2 death oozes
  A green death (Pan)
  A yaktaur captain (Vaults:5)
  2 great orbs of eyes
  3 hell beasts
  A spectral tengu (Zig:24)
  3 iron giant zombies
  2 monstrous demonspawn (Pan)
  4 ice dragons
  An alligator snapping turtle (Zig:16)
  2 death knights
  A thrashing horror (Zig:23)
  3 soul eaters (Pan)
  A titan zombie (Zig:17)
  2 storm dragon zombies
  2 sun demons (Pan)
  6 large abominations
  A wretched star (Zig:11)
  A hell knight (Zig:23)
  2 shadow wraiths (Tar:7)
  2 skeletal warriors
  4 titan skeletons
  An unseen horror (Zig:18)
  2 death scarabs
  A spatial maelstrom (Zig:8)
  3 gelid demonspawn (Pan)
  A death drake (Zig:27)
  2 shadow demons
  A cherub (Pan)
  An anubis guard (Zig:6)
  An infernal demonspawn (Zig:19)
  2 tengu zombies
  3 sphinx zombies
  An anaconda skeleton (Coc:7)
  A putrid demonspawn (Zig:17)
  A flayed ghost (Geh:6)
  2 anaconda zombies
  A shambling mangrove (Zig:8)
  A harpy (Zig:8)
  2 golden dragon skeletons
  A phantasmal warrior (Crypt:3)
  A shadow dragon zombie (Zig:16)
  An iron dragon zombie (Zig:22)
  A wolf spider zombie (Crypt:3)
  An orb spider (Zig:12)
  A deep elf mage (Elf:3)
  A hornet (Zig:13)
  An iron dragon skeleton (Zig:14)
  A frost giant zombie (Zig:11)
  A stone giant zombie (Tomb:1)
  2 shadow dragon skeletons
  2 sphinx skeletons
  An orc sorcerer (Zig:27)
  3 sixfirhies
  3 moths of wrath
  A stone giant skeleton (Zig:6)
  4 elf zombies
  2 spriggan zombies
  A frost giant skeleton (Coc:7)
  An elf skeleton (Zig:27)
  An apocalypse crab (Abyss:5)
  A fire giant skeleton (Coc:2)
  6 smoke demons
  A shock serpent skeleton (Tar:3)
  An orange demon (Zig:19)
  3 demonic crawlers
  A dire elephant skeleton (Coc:2)
  A tormentor (Zig:23)
  6 red devils
  A hydra zombie (Hell)
  2 silent spectres
  2 ice devils
  A wind drake (Zig:15)
  4 jumping spiders
  2 merfolk
  A troll (Zig:27)
  A freezing wraith (Zig:22)
  A raiju (Zig:20)
  9 slime creatures
  A boulder beetle (Zig:20)
  A hydra skeleton (Coc:2)
  9 flying skulls
  A shadow (Zig:27)
  6 ynoxinuls
  2 water elementals
  3 fire elementals (Geh:3)
  A hungry ghost (Tar:7)
  5 golden eyes
  6 wraiths
  2 chaos spawn
  A hell hound (Zig:23)
  2 eyes of draining
  2 wasps (Zig:19)
  2 swamp dragon zombies
  2 ice beasts
  4 necrophages
  9 wights
  A quasit (Abyss:3)
  31 jellies
  3 iron imps
  A human skeleton (Tar:7)
  A porcupine skeleton (Crypt:1)
  3 small abominations
  27 mummies
  A steam dragon skeleton (Crypt:1)
  13 shadow imps
  3 white imps
  An ufetubus (Abyss:1)
  An orc (D:14)
  An orc zombie (Geh:3)
  4 blocks of ice
  2 fire vortices (Pan)
  A lurking horror (Abyss:5)
  A starspawn tentacle segment (Abyss:1)
409 creatures vanquished.

Vanquished Creatures (others)
  A greater mummy (Zig:21)
  A lich (Zig:23)
  A tentacled monstrosity (Zig:15)
  An Executioner (Zig:17)
  6 eldritch tentacles
  A greater naga (Zig:13)
  A vault warden (Zig:26)
  A cacodemon (Zig:17)
  2 caustic shrike zombies
  A balrug (Zig:23)
  A draconian shifter (Zig:26)
  A black sun (Zig:24)
  A very ugly thing (Zig:5)
  A reaper (Coc:4)
  A caustic shrike skeleton (Zig:23)
  A stone giant (Zig:12)
  2 elemental wellsprings (Coc:6)
  6 bennus
  An iron giant zombie (Zig:23)
  An alligator (Swamp:4)
  A wretched star (Zig:23)
  3 death scarabs
  A storm dragon skeleton (Zig:23)
  A tengu zombie (Zig:14)
  An orb spider (Spider:1)
  A cyclops (Vaults:2)
  A sixfirhy (Zig:17)
  An apocalypse crab (Zig:25)
  An orange demon (Zig:17)
  A spriggan skeleton (Zig:13)
  3 hellions
  4 guardian mummies (Zig:21)
  3 tormentors
  A hydra zombie (Dis:5)
  An ancient zyme (Zig:23)
  A wind drake (Depths:4)
  An air elemental (Depths:4)
  A redback (Zig:20)
  An elf skeleton (Zig:13)
  2 ynoxinuls
  2 water elementals (Depths:4)
  2 fire elementals
  3 golden eyes
  4 chaos spawn
  An insubstantial wisp (Zig:15)
  A large abomination (Zig:23)
  A small abomination (Zig:23)
  A swamp drake (Zig:9)
  An iron imp (Dis:7)
  A jelly (Zig:6)
  3 mummies
  2 shadow imps
  4 ball lightnings
  A kobold (Bailey)
  583 blocks of ice
  35 bushes
  711 eldritch tentacle segments
  4897 fire vortices
  3 fulminant prisms
  55 fungi
  3 lost souls
  2 lurking horrors (Abyss:5)
  58 plants
  59 starspawn tentacles
  299 starspawn tentacle segments
  11 tentacles
  274 tentacle segments
  13 withered plants (Crypt:3)
7092 creatures vanquished.

Grand Total: 32374 creatures vanquished

Notes
Turn   | Place    | Note
--------------------------------------------------------------
     0 | D:1      | Yawgmoth the Gargoyle Earth Elementalist began the quest for the Orb.
     0 | D:1      | Reached XP level 1. HP: 10/10 MP: 3/3
   217 | D:1      | Reached XP level 2. HP: 15/15 MP: 1/5
   274 | D:1      | Reached skill level 4 in Earth Magic
   727 | D:1      | Reached XP level 3. HP: 17/19 MP: 1/6
  1190 | D:1      | Learned a level 3 spell: Passwall
  1194 | D:1      | Learned a level 3 spell: Stone Arrow
  1394 | D:2      | Reached XP level 4. HP: 18/24 MP: 2/8
  1560 | D:2      | Reached skill level 5 in Earth Magic
  1984 | D:2      | Found a shadowy altar of Dithmenos.
  2067 | D:2      | Reached XP level 5. HP: 26/28 MP: 7/10
  2594 | D:2      | Learned a level 2 spell: Stoneskin
  2898 | D:3      | Reached skill level 6 in Earth Magic
  2898 | D:3      | Reached XP level 6. HP: 29/32 MP: 2/12
  3852 | D:4      | Found a staircase to the Ecumenical Temple.
  3860 | Temple   | Entered the Ecumenical Temple
  4320 | D:5      | Entered Level 5 of the Dungeon
  4338 | D:5      | Found Diunid's Book Shoppe.
  4364 | D:5      | Reached XP level 7. HP: 36/36 MP: 11/14
  4373 | D:5      | Reached skill level 5 in Spellcasting
  4373 | D:5      | Reached skill level 7 in Earth Magic
  4900 | D:5      | Learned a level 5 spell: Lee's Rapid Deconstruction
  4924 | D:5      | Found a radiant altar of Vehumet.
  4927 | D:5      | Became a worshipper of Vehumet
  5032 | D:5      | Reached skill level 8 in Earth Magic
  5129 | D:5      | Gained mutation: You have large cloven feet. [potion of beneficial mutation]
  5190 | D:6      | Reached XP level 8. HP: 41/41 MP: 8/16
  5208 | D:6      | Noticed Duvessa
  5382 | D:6      | Noticed Dowan
  5391 | D:6      | Killed Duvessa
  5391 | D:6      | Reached skill level 9 in Earth Magic
  5399 | D:6      | Killed Dowan
  5409 | D:6      | Got a transparent ivory amulet
  5417 | D:6      | Identified the amulet of Sesk {Inacc rN+ Dex+4 SInv} (You found it on level 6 of the Dungeon)
  5716 | D:6      | Found a bloodstained altar of Trog.
  5738 | D:6      | Found a glowing drain.
  5741 | D:6      | Reached * piety under Vehumet
  5741 | D:6      | Offered knowledge of Sting by Vehumet.
  5761 | Sewer    | Entered a sewer
  5949 | Sewer    | Reached skill level 10 in Earth Magic
  6119 | Sewer    | Offered knowledge of Magic Dart by Vehumet.
  6155 | Sewer    | Reached ** piety under Vehumet
  6549 | D:6      | Gained mutation: Your movements are slightly less encumbered by armour (ER -2). [potion of mutation]
  6549 | D:6      | Gained mutation: You have a pair of small antennae on your head. [potion of mutation]
  6549 | D:6      | Gained mutation: You evolve. [potion of mutation]
  6646 | D:6      | Reached XP level 9. HP: 45/45 MP: 15/20
  6852 | D:7      | Lost mutation: You evolve. [evolution]
  7109 | D:7      | Offered knowledge of Throw Flame by Vehumet.
  7113 | D:7      | Learned a level 2 spell: Throw Flame
  7393 | D:7      | Reached skill level 11 in Earth Magic
  7672 | D:7      | Reached *** piety under Vehumet
  8205 | D:7      | Found a shimmering altar of Xom.
  8205 | D:7      | Found a deep blue altar of Sif Muna.
  8205 | D:7      | Found a white marble altar of Elyvilon.
  8380 | D:8      | Reached XP level 10. HP: 50/50 MP: 13/23
  8483 | D:8      | Offered knowledge of Inner Flame by Vehumet.
  8532 | D:8      | Reached skill level 12 in Earth Magic
  8781 | D:8      | Noticed Joseph
  8805 | D:8      | Killed Joseph
  9667 | D:8      | Reached skill level 10 in Spellcasting
  9795 | D:8      | Reached **** piety under Vehumet
 10304 | D:9      | Offered knowledge of Conjure Flame by Vehumet.
 10304 | D:9      | Reached skill level 13 in Earth Magic
 10913 | D:9      | Got an encrusted leather armour
 10924 | D:9      | Identified the +3 leather armour "Uhulem" {rN++ Regen+ Stlth+} (You took it off a wight on level 9 of the Dungeon)
 11336 | D:9      | Reached XP level 11. HP: 54/54 MP: 18/25
 11759 | D:10     | Entered Level 10 of the Dungeon
 11759 | D:10     | Noticed a hill giant
 11978 | D:10     | Found a staircase to the Orcish Mines.
 12100 | D:10     | Killed a hill giant
 12100 | D:10     | Reached skill level 14 in Earth Magic
 13004 | D:10     | Noticed a cyclops
 13015 | D:10     | Killed a cyclops
 13024 | D:10     | Noticed a brown ugly thing
 13065 | D:10     | Killed a brown ugly thing
 13663 | D:10     | Reached ***** piety under Vehumet
 13663 | D:10     | Offered knowledge of Olgreb's Toxic Radiance by Vehumet.
 13791 | D:11     | Noticed a brown ugly thing
 13798 | D:11     | Killed a brown ugly thing
 13873 | D:11     | Found a flagged portal.
 13889 | Bailey   | Entered a bailey
 13914 | Bailey   | Learned a level 4 spell: Petrify
 13916 | Bailey   | Noticed an orc warlord
 14167 | Bailey   | Found a runed gate.
 14167 | Bailey   | Found a runed gate.
 14190 | Bailey   | Noticed an orc knight
 14208 | Bailey   | Killed an orc knight
 14208 | Bailey   | Reached skill level 15 in Earth Magic
 14506 | Bailey   | Found a runed gate.
 14646 | Bailey   | Got a shimmering plate armour
 14682 | D:11     | Found a staircase to the Lair.
 14702 | D:11     | Gained mutation: You are partially covered in rough black scales (AC +4, Dex -1). [potion of beneficial mutation]
 14727 | D:11     | Noticed a five-headed hydra
 14969 | D:11     | Killed a five-headed hydra
 15389 | D:11     | Reached XP level 12. HP: 59/59 MP: 22/28
 16051 | D:11     | ORC WARLORD
 16056 | Lair:1   | Entered Level 1 of the Lair of Beasts
 16173 | Lair:1   | Reached skill level 1 in Conjurations
 16173 | Lair:1   | Reached skill level 1 in Fire Magic
 16587 | Lair:1   | Identified the +0 plate armour of the Eternal Void {rN+ rCorr MP+9} (You found it in a bailey)
 17752 | Lair:2   | Noticed a six-headed hydra
 17757 | Lair:2   | Killed a six-headed hydra
 18238 | Lair:2   | Noticed an eight-headed hydra
 18245 | Lair:2   | Killed an eight-headed hydra
 18659 | Lair:3   | Offered knowledge of Bolt of Draining by Vehumet.
 18809 | Lair:3   | Found a hole to the Spider Nest.
 18836 | Lair:3   | Reached skill level 5 in Conjurations
 18923 | Lair:3   | Noticed a four-headed hydra
 18937 | Lair:3   | Killed a four-headed hydra
 19149 | Lair:3   | Reached skill level 5 in Fire Magic
 19159 | Lair:3   | Noticed Snorg
 19195 | Lair:3   | Killed Snorg
 19195 | Lair:3   | Reached XP level 13. HP: 63/63 MP: 3/30
 19901 | Lair:3   | Learned a level 1 spell: Apportation
 19906 | Lair:3   | Learned a level 4 spell: Passage of Golubria
 20694 | Lair:4   | Noticed Nergalle
 21006 | Lair:4   | Killed Nergalle
 21860 | Lair:5   | Reached skill level 16 in Earth Magic
 23259 | Lair:5   | Offered knowledge of Iskenderun's Battlesphere by Vehumet.
 23565 | Lair:5   | Found a staircase to the Swamp.
 24359 | Lair:6   | Found a staircase to the Slime Pits.
 25301 | Lair:7   | You fall through a shaft!
 25301 | Lair:8   | Entered Level 8 of the Lair of Beasts
 25433 | Lair:7   | Gained mutation: Your large and strong wings let you fly indefinitely. [Gargoyle growth]
 25433 | Lair:7   | Reached XP level 14. HP: 68/68 MP: 15/31
 28754 | Lair:8   | Offered knowledge of Bolt of Fire by Vehumet.
 29358 | Lair:8   | Reached skill level 10 in Fire Magic
 29878 | Lair:8   | Reached skill level 17 in Earth Magic
 30889 | Lair:8   | Learned a level 6 spell: Bolt of Fire
 31002 | Lair:2   | Learned a level 2 spell: Blink
 31226 | D:12     | Got a flickering platinum ring
 31227 | D:12     | Identified the ring of Xom's Recklessness {Int+5 Dex+3 SInv} (You found it on level 12 of the Dungeon)
 31254 | D:11     | Killed an orc warlord
 31254 | D:11     | Reached skill level 1 in Fighting
 31254 | D:11     | Reached skill level 1 in Armour
 31530 | D:12     | Reached skill level 1 in Translocations
 31850 | D:12     | Found a portal to a secret trove of treasure.
 32105 | D:12     | You paid a toll of 2 potions of cure mutation to enter a treasure trove
 32106 | Trove    | Entered a treasure trove
 32121 | Trove    | Got an ancient ivory ring
 32127 | Trove    | Got a steaming granite ring
 32129 | Trove    | Got a slimy copper ring
 32285 | Lair:2   | Identified the ring "Fuiprekk" {rElec MP+9 Str-3 Dex+5 Stlth+} (You found it in a treasure trove)
 32287 | Lair:2   | Identified the ring "Pom Hon" {+Blink rN++ Int-4 Slay+6 Stlth+} (You found it in a treasure trove)
 32289 | Lair:2   | Identified the ring of Boxtet {rN+ Int+3} (You found it in a treasure trove)
 32679 | D:12     | Reached XP level 15. HP: 75/75 MP: 13/33
 32886 | D:13     | Offered knowledge of Iron Shot by Vehumet.
 32894 | D:13     | Learned a level 6 spell: Iron Shot
 33738 | D:13     | Reached skill level 5 in Fighting
 33799 | D:13     | Found Sifovoix's Antique Armour Boutique.
 33804 | D:13     | Bought a runed cloak for 171 gold pieces
 34495 | D:13     | Found a gate to the Vaults.
 35016 | D:14     | Reached skill level 5 in Translocations
 35046 | D:14     | Noticed Maud
 36012 | D:14     | Reached skill level 10 in Conjurations
 36717 | D:14     | Reached skill level 1 in Evocations
 37158 | D:14     | Offered knowledge of Delayed Fireball by Vehumet.
 37767 | D:13     | Killed Maud
 38038 | Lair:2   | Learned a level 7 spell: Delayed Fireball
 38238 | D:15     | Entered Level 15 of the Dungeon
 38601 | D:15     | Reached skill level 1 in Staves
 38912 | D:15     | Found a staircase to the Depths.
 39273 | D:15     | Reached XP level 16. HP: 89/92 MP: 8/34
 41315 | D:15     | Reached skill level 1 in Transmutations
 41617 | D:15     | Reached skill level 5 in Armour
 41924 | Orc:1    | Entered Level 1 of the Orcish Mines
 41928 | Orc:1    | Offered knowledge of Spellforged Servitor by Vehumet.
 41932 | Orc:1    | Reached skill level 15 in Spellcasting
 42445 | Orc:1    | Noticed Urug
 42446 | Orc:1    | Killed Urug
 43304 | Orc:1    | Found Huakupt's Book Shoppe.
 43312 | Orc:1    | Bought a book of Power for 540 gold pieces
 43364 | Orc:2    | Entered Level 2 of the Orcish Mines
 43385 | Orc:1    | Bought a book of Flames for 420 gold pieces
 43393 | Orc:1    | Learned a level 5 spell: Fireball
 43937 | Orc:2    | Found a staircase to the Elven Halls.
 45692 | Orc:2    | Found Nuobbeciole's Assorted Antiques.
 45692 | Orc:2    | Found Diunid's Armour Shop.
 45693 | Orc:2    | Found Yjoqoyva's Assorted Antiques.
 45693 | Orc:2    | Found Qankahul's Gadget Shop.
 45707 | Orc:2    | Bought the +4 moon troll leather armour {Spirit, Regen++ MP+5} for 440 gold pieces
 45715 | Orc:2    | Bought a faintly humming buckler for 294 gold pieces
 45723 | Orc:2    | Identified the +1 buckler "Yhurisse" {rN+ MP-9 Int+3} (You bought it in a shop on level 2 of the Orcish Mines)
 46691 | Elf:1    | Entered Level 1 of the Elven Halls
 47367 | Elf:1    | Found a radiant altar of Vehumet.
 47459 | Elf:1    | Reached skill level 18 in Earth Magic
 47500 | Elf:1    | Reached XP level 17. HP: 92/100 MP: 4/36
 47665 | Elf:1    | Reached ****** piety under Vehumet
 49082 | Elf:2    | Reached skill level 10 in Fighting
 49570 | Elf:2    | Found Vumaasch's Armour Boutique.
 49716 | Elf:2    | Found a huge runed gate.
 49716 | Elf:2    | Found a huge runed gate.
 49721 | Elf:2    | Found a huge runed gate.
 49963 | Elf:2    | Noticed a deep elf blademaster
 49966 | Elf:2    | Killed a deep elf blademaster
 50204 | Elf:2    | Reached skill level 5 in Staves
 51530 | Orc:1    | Reached XP level 18. HP: 85/108 MP: 17/37
 52040 | Swamp:1  | Entered Level 1 of the Swamp
 52197 | Swamp:1  | Offered knowledge of Lehudib's Crystal Spear by Vehumet.
 52197 | Swamp:1  | Offered knowledge of Fire Storm by Vehumet.
 52197 | Swamp:1  | Offered knowledge of Glaciate by Vehumet.
 52304 | Lair:5   | Learned a level 9 spell: Fire Storm
 53557 | Swamp:1  | Reached skill level 19 in Earth Magic
 53974 | Swamp:1  | Noticed Louise
 54070 | Swamp:1  | Killed Louise
 54415 | Swamp:1  | Noticed Nikola
 54419 | Swamp:1  | Killed Nikola
 56996 | Swamp:4  | Entered Level 4 of the Swamp
 57229 | Swamp:4  | Noticed Aizul
 57232 | Swamp:4  | Killed Aizul
 57235 | Swamp:4  | Reached skill level 5 in Evocations
 58037 | Swamp:4  | Got a decaying rune of Zot
 59303 | Lair:2   | Learned a level 7 spell: Orb of Destruction
 59359 | Spider:1 | Entered Level 1 of the Spider Nest
 59568 | Spider:1 | Noticed kroki's ghost (adept TrBe)
 59770 | Spider:1 | Killed kroki's ghost
 59864 | Spider:1 | Reached XP level 19. HP: 116/116 MP: 33/39
 61597 | Spider:2 | Noticed Azrael
 61599 | Spider:2 | Killed Azrael
 61956 | Spider:2 | Noticed Arachne
 61964 | Spider:2 | Killed Arachne
 62072 | Spider:2 | Noticed Frances
 62188 | Spider:2 | Killed Frances
 63783 | Spider:3 | Identified the Compendium of Confrontation (You found it on level 3 of the Spider Nest)
 63787 | Spider:3 | Learned a level 2 spell: Swiftness
 64459 | Spider:4 | Entered Level 4 of the Spider Nest
 67848 | Spider:4 | Reached XP level 20. HP: 122/124 MP: 31/41
 68132 | Spider:4 | Got a gossamer rune of Zot
 68389 | Lair:2   | Identified 2 scrolls of acquirement
 68405 | Lair:2   | Learned a level 2 spell: Repel Missiles
 68436 | Lair:2   | Learned a level 9 spell: Shatter
 68630 | Vaults:1 | Entered Level 1 of the Vaults
 73499 | Vaults:2 | Reached XP level 21. HP: 127/131 MP: 21/42
 73612 | Vaults:2 | Found a staircase to the Crypt.
 74156 | Vaults:2 | Paralysed by a great orb of eyes for 4 turns
 74917 | Vaults:2 | Reached skill level 15 in Fire Magic
 75447 | Vaults:1 | Upgraded the game from 0.18-a0-993-g4a3b7c7 to 0.18-a0-998-gcb3fcb1
 76221 | Vaults:3 | Found a magical portal.
 76230 | WizLab   | Entered The Chambers of Pohong the Cloud Mage
 76707 | WizLab   | Reached skill level 10 in Staves
 77066 | WizLab   | Identified the Incunabulum of Lethal Flight
 77080 | WizLab   | Identified Huniav's Almanac of Hurtful Lightness (You found it in a wizard's laboratory)
 78077 | Vaults:3 | Reached skill level 20 in Earth Magic
 78696 | Vaults:3 | Cast into level 3 of the Abyss (a deep elf demonologist)
 78893 | Abyss:3  | Noticed a profane servitor
 78903 | Abyss:3  | Killed a profane servitor
 78903 | Abyss:3  | Reached XP level 22. HP: 124/138 MP: 7/44
 79527 | Abyss:3  | Got a dazzling ring mail
 79883 | Vaults:3 | Escaped the Abyss
 81826 | Vaults:4 | Reached skill level 15 in Fighting
 81833 | Vaults:4 | Reached skill level 15 in Conjurations
 83068 | Lair:2   | Identified the +1 ring mail of Depression {Str+3 Dex+3} (You found it on level 3 of the Abyss)
 83507 | Vaults:4 | Noticed bsdbeard's ghost (adept FeEn)
 83515 | Vaults:4 | Killed bsdbeard's ghost
 84394 | Vaults:4 | Reached XP level 23. HP: 144/144 MP: 29/45
 85342 | Depths:1 | Entered Level 1 of the Depths
 85806 | Depths:1 | Found a gateway to a ziggurat.
 85835 | Depths:1 | Got a shimmering chain mail
 85836 | Depths:1 | Identified the +5 chain mail "Zahaam" {-Cast rC+ Dex+4} (You acquired it on level 1 of the Depths)
 86132 | Depths:1 | Found a gateway to Hell.
 86179 | Depths:1 | Found a one-way gate to the infinite horrors of the Abyss.
 86634 | Depths:1 | Found a one-way gate leading to the halls of Pandemonium.
 87103 | Depths:2 | Found Mutuf's Gadget Boutique.
 88819 | Depths:2 | Learned a level 8 spell: Lehudib's Crystal Spear
 89634 | Depths:3 | Noticed Jorgrun
 89769 | Depths:3 | Found Vemiffas's Gadget Boutique.
 89995 | Depths:3 | Paralysed by a sphinx for 6 turns
 90346 | Depths:2 | Killed Jorgrun
 90597 | Depths:3 | Reached XP level 24. HP: 152/152 MP: 27/46
 91501 | Depths:3 | Noticed Margery
 91503 | Depths:3 | Killed Margery
 93287 | Depths:4 | Got a crude tin ring
 93290 | Depths:4 | Identified the ring of Ugoah {Fire +Blink rElec rN+++ Str-4} (You took it off a spriggan berserker on level 4 of the Depths)
 93859 | Depths:5 | Entered Level 5 of the Depths
 93865 | Depths:5 | Reached XP level 25. HP: 160/160 MP: 26/46
 93867 | Depths:5 | Noticed a juggernaut
 94030 | Depths:5 | Killed a juggernaut
 94424 | Depths:5 | Got a turquoise-encrusted ring mail
 94638 | Depths:5 | Noticed a greater mummy
 94645 | Depths:5 | Killed a greater mummy
 95196 | Depths:5 | Found a gate to the Realm of Zot.
 95689 | Lair:2   | Identified the +2 ring mail of Gallantry {MR+} (You found it on level 5 of the Depths)
 96897 | Lair:2   | Learned a level 3 spell: Regeneration
 97112 | Elf:3    | Entered Level 3 of the Elven Halls
 98297 | Elf:3    | Got a scorched short sword {freeze}
 98327 | Elf:3    | Got a bound steel amulet
 98327 | Elf:3    | Got a wavering pewter amulet
 98327 | Elf:3    | Got a sparkling jade ring
 98460 | Elf:3    | Reached skill level 10 in Armour
 98877 | Lair:2   | Identified the ring of Wukky {rC+ MR+} (You took it off a deep elf demonologist on level 3 of the Elven Halls)
 98919 | Lair:2   | Identified the +4 short sword of Cataclysm {freeze, Str+3 Int+3} (You took it off a deep elf sorcerer on level 3 of the Elven Halls)
 99043 | Lair:2   | Identified the amulet of Kiamuwi {Inacc rF++ Str+6 SInv} (You found it on level 3 of the Elven Halls)
 99044 | Lair:2   | Identified the amulet "Keofricwo" {Reflect MR+ Int+3 SH+4} (You found it on level 3 of the Elven Halls)
 99727 | Elf:3    | Reached XP level 26. HP: 168/168 MP: 47/47
 99738 | Elf:3    | Got an ancient broad axe
 99747 | Elf:3    | Got a brightly glowing mace {antimagic}
 99747 | Elf:3    | Got an encrusted rapier {freeze}
100066 | Elf:3    | Identified the +6 broad axe of Awkwardness {chop, rPois Int+4 Stlth+} (You took it off a deep elf demonologist on level 3 of the Elven Halls)
100077 | Elf:3    | Identified the cursed +1 mace "Mopriloc" {antimagic, +Inv Stlth+} (You took it off a deep elf elementalist on level 3 of the Elven Halls)
100095 | Elf:3    | Identified the +7 rapier of World Downfall {freeze, Fragile rPois Int+3 Dex+8} (You took it off a deep elf annihilator on level 3 of the Elven Halls)
101244 | Vaults:5 | Entered Level 5 of the Vaults
101261 | Vaults:5 | Reached skill level 15 in Staves
101261 | Vaults:5 | Reached skill level 10 in Evocations
101270 | Vaults:5 | Noticed an ancient lich
101272 | Vaults:5 | Killed an ancient lich
101276 | Vaults:5 | Noticed an ancient lich
101278 | Vaults:5 | Killed an ancient lich
101283 | Vaults:5 | Reached skill level 21 in Earth Magic
101563 | Vaults:5 | Noticed an ancient lich
101568 | Vaults:5 | Killed an ancient lich
101809 | Vaults:5 | Reached XP level 27. HP: 153/176 MP: 41/47
101825 | Vaults:5 | Noticed an ancient lich
101831 | Vaults:5 | Killed an ancient lich
102187 | Vaults:5 | Found Kehyghy's Jewellery Boutique.
102204 | Vaults:5 | Learned a level 1 spell: Summon Butterflies
102238 | Vaults:5 | Got a brightly glowing robe
102299 | Vaults:5 | Got a fine war axe {flame}
102370 | Vaults:5 | Got a silver rune of Zot
102395 | Vaults:5 | Identified the Compendium of Enchantment (You found it on level 5 of the Vaults)
102603 | Vaults:5 | Got a twisted robe
102769 | Vaults:5 | Got a brightly glowing chain mail
103183 | Lair:2   | Identified the +4 chain mail of Athyrreyss {rPois rC+ Dex+4 Slay+2} (You found it on level 5 of the Vaults)
103195 | Lair:2   | Identified the +2 robe of True Grit {rN+ Dex+3} (You took it off an ogre mage on level 5 of the Vaults)
103207 | Lair:2   | Identified the +1 robe of the Hurricane {Int+2 Dex+4} (You took it off a salamander stormcaller on level 5 of the Vaults)
103379 | Lair:2   | Identified the +5 war axe of the Hand {flame, Int+2} (You took it off a frost giant on level 5 of the Vaults)
103615 | Crypt:1  | Entered Level 1 of the Crypt
104839 | Crypt:2  | Noticed Xtahua
104874 | Crypt:2  | Killed Xtahua
105482 | Crypt:3  | Entered Level 3 of the Crypt
105679 | Crypt:3  | Noticed Mara
105683 | Crypt:3  | Killed Mara
106215 | Crypt:3  | Found a staircase to the Tomb.
106790 | Crypt:3  | Found a basalt altar of Yredelemnul.
107065 | Crypt:3  | Got a coiled steel ring
107070 | Crypt:3  | Got a faintly glowing shield
107183 | Crypt:3  | Identified Rofyan Roe's Almanac of Sinister Magic (You found it on level 3 of the Crypt)
107324 | Crypt:3  | Identified the -4 shield of Starshine {rPois Int+3} (You took it off a death knight on level 3 of the Crypt)
107329 | Crypt:3  | Identified the ring of Xom's Full Attention {Wiz rC+ Int+4 Slay+2} (You took it off a death knight on level 3 of the Crypt)
107882 | Lair:2   | Learned a level 7 spell: Orb of Destruction
108310 | Hell     | Entered the Vestibule of Hell
108310 | Hell     | Noticed Geryon
108318 | Hell     | Killed Geryon
108616 | Hell     | Found a gateway to the Iron City of Dis.
108712 | Hell     | Found a gateway to the freezing wastes of Cocytus.
108806 | Hell     | Found a gateway to the decaying netherworld of Tartarus.
108854 | Hell     | Found a gateway to the ashen valley of Gehenna.
109544 | Tomb:1   | Entered Level 1 of the Tomb of the Ancients
110024 | Tomb:1   | Noticed a greater mummy
110027 | Tomb:1   | Killed a greater mummy
110033 | Tomb:1   | Noticed an ancient lich
110036 | Tomb:1   | Reached skill level 22 in Earth Magic
110037 | Tomb:1   | Killed an ancient lich
110185 | Tomb:1   | Noticed a greater mummy
110188 | Tomb:1   | Killed a greater mummy
110675 | Tomb:1   | Noticed a greater mummy
110678 | Tomb:1   | Noticed a greater mummy
110679 | Tomb:1   | Noticed a greater mummy
110680 | Tomb:1   | Killed a greater mummy
110680 | Tomb:1   | Killed a greater mummy
110680 | Tomb:1   | Killed a greater mummy
110680 | Tomb:1   | Killed a greater mummy
110708 | Tomb:1   | Noticed a greater mummy
110713 | Tomb:1   | Killed a greater mummy
110727 | Tomb:1   | Got a scorched leather armour
110741 | Crypt:3  | Identified the +2 leather armour of Fortitude {rF+ rN+} (You found it on level 1 of the Tomb of the Ancients)
110914 | Tomb:1   | Noticed a greater mummy
110915 | Tomb:1   | Noticed a greater mummy
110918 | Tomb:1   | Killed a greater mummy
110919 | Tomb:1   | Killed a greater mummy
111146 | Tomb:1   | Noticed a greater mummy
111151 | Tomb:1   | Killed a greater mummy
111219 | Tomb:1   | Noticed a greater mummy
111221 | Tomb:1   | Killed a greater mummy
111245 | Tomb:1   | Noticed a greater mummy
111248 | Tomb:1   | Killed a greater mummy
111317 | Tomb:1   | Noticed a greater mummy
111320 | Tomb:1   | Killed a greater mummy
111430 | Tomb:1   | Noticed a greater mummy
111442 | Tomb:1   | Killed a greater mummy
111469 | Tomb:1   | Noticed a greater mummy
111472 | Tomb:1   | Killed a greater mummy
111491 | Tomb:1   | Noticed a greater mummy
111495 | Tomb:1   | Killed a greater mummy
111560 | Tomb:1   | Noticed a greater mummy
111564 | Tomb:1   | Killed a greater mummy
111676 | Tomb:2   | Noticed a greater mummy
111678 | Tomb:2   | Noticed a greater mummy
111680 | Tomb:2   | Killed a greater mummy
111682 | Tomb:2   | Killed a greater mummy
112124 | Tomb:2   | Noticed a greater mummy
112124 | Tomb:2   | Noticed a greater mummy
112130 | Tomb:2   | Killed a greater mummy
112132 | Tomb:2   | Killed a greater mummy
112744 | Tomb:3   | Entered Level 3 of the Tomb of the Ancients
112769 | Tomb:3   | Noticed a greater mummy
112770 | Tomb:3   | Killed a greater mummy
112771 | Tomb:3   | Noticed a greater mummy
112773 | Tomb:3   | Killed a greater mummy
112952 | Tomb:3   | Noticed a greater mummy
112954 | Tomb:3   | Killed a greater mummy
112956 | Tomb:3   | Noticed a greater mummy
112959 | Tomb:3   | Killed a greater mummy
113185 | Tomb:3   | Identified a +0 pair of boots of running (You found it on level 3 of the Tomb of the Ancients)
113188 | Tomb:3   | Got a shimmering silver ring
113191 | Tomb:3   | Got a dazzling broad axe
113195 | Tomb:3   | Got a shimmering glaive
113197 | Tomb:3   | Identified Joopadur's Catalogue of Floating Displacement
113199 | Tomb:3   | Identified the Papyrus of the Cankerous Voyage
113204 | Tomb:3   | Got an ichor-stained ring mail
113291 | Tomb:3   | Got a fine cloak
113294 | Tomb:3   | Got a flickering platinum ring
113305 | Tomb:3   | Noticed a greater mummy
113309 | Tomb:3   | Killed a greater mummy
113329 | Tomb:3   | Identified the +1 cloak "Ihixetoe" {rN+} (You found it on level 3 of the Tomb of the Ancients)
113337 | Tomb:3   | Identified Sif Muna's Guide on Transformation
113367 | Tomb:3   | Noticed a greater mummy
113368 | Tomb:3   | Killed a greater mummy
113381 | Tomb:3   | Noticed a greater mummy
113387 | Tomb:3   | Killed a greater mummy
113397 | Tomb:3   | Noticed a greater mummy
113399 | Tomb:3   | Noticed Khufu
113403 | Tomb:3   | Killed a greater mummy
113410 | Tomb:3   | Killed Khufu
113518 | Tomb:3   | Got a wavering brass ring
113670 | Tomb:3   | Got a faintly glowing war axe
113676 | Tomb:3   | Identified the +2 war axe "Ynul" {distort, rC- rN++} (You found it on level 3 of the Tomb of the Ancients)
113796 | Tomb:1   | Noticed a greater mummy
114071 | Hell     | Identified the +3 ring mail of Baldness {rCorr Int+10 Dex-3} (You found it on level 3 of the Tomb of the Ancients)
114091 | Hell     | Identified the ring "Rivoq" {Fragile rElec MR++ Int+5 Stlth+} (You found it on level 3 of the Tomb of the Ancients)
114095 | Hell     | Identified the ring of Cismig {rPois rN+ MR++} (You found it on level 3 of the Tomb of the Ancients)
114098 | Hell     | Identified the ring of Ojifeunn {Wiz rElec rC+ Dex-3} (You found it on level 3 of the Tomb of the Ancients)
114301 | Hell     | Identified the +4 broad axe of Qeibeant {venom, Dex+3} (You found it on level 3 of the Tomb of the Ancients)
114325 | Hell     | Identified the cursed +3 glaive "Nintek Ityge" {vamp, *Rage +Fly Str+3} (You found it on level 3 of the Tomb of the Ancients)
114335 | Hell     | Gained mutation: Your body sometimes deteriorates upon taking damage. [mutagenic glow]
114387 | D:15     | Gained mutation: You tend to lose your temper in combat. [mutagenic glow]
114413 | D:13     | Gained mutation: You expend magic power (3 MP) to strengthen your wands. [mutagenic glow]
114567 | Lair:2   | Lost mutation: You expend magic power (3 MP) to strengthen your wands. [potion of cure mutation]
114567 | Lair:2   | Lost mutation: Your body sometimes deteriorates upon taking damage. [potion of cure mutation]
114567 | Lair:2   | Lost mutation: You tend to lose your temper in combat. [potion of cure mutation]
114567 | Lair:2   | Lost mutation: You have a pair of small antennae on your head. [potion of cure mutation]
116786 | Orc:2    | Bought a scroll of acquirement for 1612 gold pieces
117270 | Slime:1  | Entered Level 1 of the Pits of Slime
118569 | Slime:2  | Gained mutation: You expend magic power (3 MP) to strengthen your wands. [a shining eye]
118963 | Slime:5  | Cast into level 5 of the Abyss (the power of Zot)
118963 | Abyss:5  | Entered Level 5 of the Abyss
119024 | Abyss:5  | Found a glowing golden altar of the Shining One.
119072 | Abyss:5  | Got an abyssal rune of Zot
119097 | Abyss:5  | Reached skill level 23 in Earth Magic
119193 | Abyss:5  | Found a corrupted altar of Lugonu.
119564 | Slime:5  | Escaped the Abyss
119765 | Slime:6  | Entered Level 6 of the Pits of Slime
119785 | Slime:6  | Noticed the Royal Jelly
119787 | Slime:6  | Killed the Royal Jelly
120219 | Slime:6  | Got a smoking leather armour
120231 | Slime:6  | Got a slimy rune of Zot
120233 | Slime:6  | Got a clouded silver ring
120279 | Slime:6  | Got a fine mace
121323 | Hell     | Identified the ring "Qiuligg" {Wiz rF++ Str+2} (You found it on level 6 of the Pits of Slime)
121338 | Hell     | Identified the +3 leather armour of the Vacuum {Int+3 Stlth+} (You found it on level 6 of the Pits of Slime)
121971 | Zot:1    | Entered Level 1 of the Realm of Zot
124113 | Zot:3    | Reached skill level 15 in Evocations
124190 | Zot:3    | Got an ancient robe
124674 | Zot:3    | Identified the cursed +1 robe "Puerch" {Int+6 Dex-3 Stlth+} (You found it on level 3 of the Realm of Zot)
125228 | Zot:3    | Gained mutation: Your spells are a little harder to cast, but a little more powerful. [potion of beneficial mutation]
125589 | Zot:4    | Noticed an orb of fire
125600 | Zot:4    | Killed an orb of fire
126209 | Zot:5    | Entered Level 5 of the Realm of Zot
126272 | Zot:5    | Noticed PeterLawrence's ghost (legendary GrFi)
126275 | Zot:5    | Killed PeterLawrence's ghost
126877 | Crypt:3  | Reached skill level 24 in Fighting
126927 | Tomb:1   | Killed a greater mummy
127008 | Tomb:1   | Noticed a greater mummy
127011 | Tomb:1   | Killed a greater mummy
127157 | Tomb:3   | Got a golden rune of Zot
127199 | Tomb:3   | Learned a level 3 spell: Regeneration
128012 | Zot:5    | Noticed an orb of fire
128016 | Zot:5    | Killed an orb of fire
128132 | Zot:5    | Noticed an ancient lich
128133 | Zot:5    | Killed an ancient lich
128259 | Zot:5    | Noticed an orb of fire
128262 | Zot:5    | Gained mutation: Armour fits poorly on your strangely shaped body. [an orb of fire]
128266 | Zot:5    | Killed an orb of fire
128271 | Zot:5    | Noticed an orb of fire
128280 | Zot:5    | Gained mutation: Scrolls take you a little longer to read. [an orb of fire]
128284 | Zot:5    | Killed an orb of fire
128649 | Hell     | Lost mutation: Scrolls take you a little longer to read. [potion of cure mutation]
128649 | Hell     | Lost mutation: Your movements are slightly less encumbered by armour (ER -2). [potion of cure mutation]
128649 | Hell     | Lost mutation: You expend magic power (3 MP) to strengthen your wands. [potion of cure mutation]
128649 | Hell     | Lost mutation: You have large cloven feet. [potion of cure mutation]
128650 | Hell     | Lost mutation: Armour fits poorly on your strangely shaped body. [potion of cure mutation]
128650 | Hell     | Lost mutation: Your spells are a little harder to cast, but a little more powerful. [potion of cure mutation]
128650 | Hell     | Lost mutation: You are partially covered in rough black scales (AC +4, Dex -1). [potion of cure mutation]
128740 | Hell     | Upgraded the game from 0.18-a0-998-gcb3fcb1 to 0.18-a0-1014-g3bbf375
128932 | Pan      | Entered Pandemonium
128967 | Pan      | Noticed Cofueh the pandemonium lord
128972 | Pan      | Killed Cofueh the pandemonium lord
128991 | Pan      | Noticed Mennas
128993 | Pan      | Killed Mennas
129185 | Pan      | Got a demonic rune of Zot
129449 | Pan      | Found an exit through the horrors of the Abyss.
129746 | Pan      | Got a pair of heavily runed boots
129747 | Pan      | Identified the -1 pair of boots "Hoss" {+Inv rC- Int+4 Dex+6} (You acquired it in Pandemonium)
129890 | Pan      | Noticed Noghotus the pandemonium lord
129904 | Pan      | Killed Noghotus the pandemonium lord
130063 | Pan      | Found an exit through the horrors of the Abyss.
130740 | Pan      | Noticed Tydynweil the pandemonium lord
130743 | Pan      | Killed Tydynweil the pandemonium lord
130886 | Pan      | Found an exit through the horrors of the Abyss.
131007 | Pan      | Reached skill level 25 in Fighting
131955 | Pan      | Got an ichor-stained glaive
132051 | Pan      | Noticed Etyarayv the pandemonium lord
132054 | Pan      | Killed Etyarayv the pandemonium lord
132484 | Pan      | Found an exit through the horrors of the Abyss.
132752 | Pan      | Identified the cursed +1 glaive of Viampeg {chop, Fragile rPois rC+ MR++} (You found it in Pandemonium)
132793 | Pan      | Upgraded the game from 0.18-a0-1014-g3bbf375 to 0.18-a0-1024-gf1736fb
132990 | Pan      | Got a bloodstained cloak
133001 | Pan      | Identified the +2 cloak of the Known World {*Drain +Fly rElec Stlth+} (You found it in Pandemonium)
133191 | Pan      | Reached skill level 5 in Ice Magic
133503 | Pan      | Found an exit through the horrors of the Abyss.
134216 | Pan      | Noticed 4thArraOfDagon's ghost (legendary HOWr)
134266 | Pan      | Noticed Jouq the pandemonium lord
134279 | Pan      | Found an exit through the horrors of the Abyss.
134284 | Pan      | Took an exit into the Abyss.
134284 | Abyss:1  | Escaped into the Abyss
134406 | Abyss:1  | Reached skill level 10 in Ice Magic
134478 | Abyss:1  | Noticed an ancient lich
134482 | Abyss:1  | Killed an ancient lich
134582 | Depths:4 | Escaped the Abyss
135300 | Hell     | Learned a level 7 spell: Spellforged Servitor
135370 | Pan      | Entered Pandemonium
135424 | Pan      | Noticed Ydocluri the pandemonium lord
135437 | Pan      | Killed Ydocluri the pandemonium lord
135623 | Pan      | Got a distressingly furry leather armour
135708 | Pan      | Reached skill level 26 in Fighting
135767 | Pan      | Found an exit through the horrors of the Abyss.
135968 | Pan      | Found an exit through the horrors of the Abyss.
136073 | Pan      | Identified the +3 leather armour of the Eagle {rF++ Int+4} (You found it in Pandemonium)
136149 | Pan      | Gained mutation: You expend magic power (3 MP) to strengthen your wands. [a neqoxec]
136406 | Pan      | Noticed Zeudiog the pandemonium lord
136409 | Pan      | Killed Zeudiog the pandemonium lord
136844 | Pan      | Noticed Tetoc the pandemonium lord
136855 | Pan      | Killed Tetoc the pandemonium lord
137785 | Pan      | Found an exit through the horrors of the Abyss.
137900 | Pan      | Took an exit into the Abyss.
137900 | Abyss:1  | Escaped into the Abyss
137935 | Depths:1 | Escaped the Abyss
138019 | Hell     | Learned a level 9 spell: Glaciate
138410 | Elf:2    | Bought a +0 pearl dragon armour for 1200 gold pieces
138935 | Pan      | Entered Pandemonium
139035 | Pan      | Found an exit through the horrors of the Abyss.
139092 | Pan      | Got a translucent executioner's axe
139222 | Pan      | Noticed Ywoted the pandemonium lord
139225 | Pan      | Killed Ywoted the pandemonium lord
139467 | Pan      | Got a crude copper ring
139950 | Pan      | Noticed Echoafesa the pandemonium lord
139952 | Pan      | Killed Echoafesa the pandemonium lord
140183 | Pan      | Found an exit through the horrors of the Abyss.
140492 | Pan      | Gained mutation: Your spells are a little easier to cast, but a little less powerful. [a cacodemon]
140541 | Pan      | Noticed Loudiplot the pandemonium lord
140546 | Pan      | Killed Loudiplot the pandemonium lord
140625 | Pan      | Found an exit through the horrors of the Abyss.
141374 | Pan      | Found a runed door.
141374 | Pan      | Found a runed door.
141378 | Pan      | Identified Dyur's Tome of Grandeur
141383 | Pan      | Found a runed door.
141387 | Pan      | Found a runed door.
141392 | Pan      | Got a fine glaive
141397 | Pan      | Noticed Ujiebyu the pandemonium lord
141400 | Pan      | Reached skill level 15 in Armour
141409 | Pan      | Killed Ujiebyu the pandemonium lord
141566 | Pan      | Identified Anups's Papyrus of Fascination and Attacks
141598 | Pan      | Reached skill level 27 in Fighting
141749 | Pan      | Gained mutation: Your magical capacity is low (-10% MP). [a cacodemon]
141859 | Pan      | Found an exit through the horrors of the Abyss.
142946 | Pan      | Entered the realm of Mnoleg.
142947 | Pan      | Gained mutation: Your magical capacity is very low (-20% MP). [a neqoxec]
142984 | Pan      | Gained mutation: You regenerate slowly when monsters are visible. [a cacodemon]
142995 | Pan      | Noticed Mnoleg
142998 | Pan      | Killed Mnoleg
143079 | Pan      | Lost mutation: Your magical capacity is very low (-20% MP). [potion of cure mutation]
143079 | Pan      | Lost mutation: Your spells are a little easier to cast, but a little less powerful. [potion of cure mutation]
143079 | Pan      | Lost mutation: Your magical capacity is low (-10% MP). [potion of cure mutation]
143079 | Pan      | Lost mutation: You expend magic power (3 MP) to strengthen your wands. [potion of cure mutation]
143079 | Pan      | Lost mutation: You regenerate slowly when monsters are visible. [potion of cure mutation]
143148 | Pan      | Gained mutation: You are weak. (Str -2) [a cacodemon]
143150 | Pan      | Gained mutation: You expend magic power (3 MP) to strengthen your wands. [a cacodemon]
143164 | Pan      | Identified the ring "Miuf" {Ice Int+5 Dex+3} (You found it in Pandemonium)
143166 | Pan      | Identified the +2 executioner's axe "Gowid" {freeze, +Rage Int+3 Dex+4 SInv} (You found it in Pandemonium)
143171 | Pan      | Identified the Compendium of Creative Conjuration (You found it in Pandemonium)
143327 | Pan      | Found an exit through the horrors of the Abyss.
143739 | Pan      | Got a glowing rune of Zot
143766 | Pan      | Took an exit into the Abyss.
143766 | Abyss:1  | Escaped into the Abyss
143786 | Depths:1 | Escaped the Abyss
143849 | Hell     | Identified the cursed +3 glaive of Tortfeasance {freeze, Str+6 SInv} (You found it in Pandemonium)
144730 | Orc:2    | Bought a hardcover book for 480 gold pieces
144730 | Orc:2    | Bought a scroll of teleportation for 96 gold pieces
144730 | Orc:2    | Bought a scroll of remove curse for 96 gold pieces
144732 | Orc:2    | Bought a scroll of identify for 62 gold pieces
144732 | Orc:2    | Bought a potion of curing for 93 gold pieces
144732 | Orc:2    | Bought a scroll of identify for 62 gold pieces
144732 | Orc:2    | Bought a scroll of remove curse for 93 gold pieces
144732 | Orc:2    | Bought a potion of curing for 93 gold pieces
144732 | Orc:2    | Bought a scroll of remove curse for 93 gold pieces
144732 | Orc:2    | Bought a scroll of fog for 62 gold pieces
144967 | Hell     | Upgraded the game from 0.18-a0-1024-gf1736fb to 0.18-a0-1027-g814d7dd
145012 | Pan      | Entered Pandemonium
145104 | Pan      | Noticed Wacais the pandemonium lord
145106 | Pan      | Killed Wacais the pandemonium lord
145147 | Pan      | Gained mutation: Your magical capacity is low (-10% MP). [a cacodemon]
145172 | Pan      | Identified the Reference Book on Darkness
145387 | Pan      | Found an exit through the horrors of the Abyss.
145857 | Pan      | Noticed Qethenn the pandemonium lord
145858 | Pan      | Killed Qethenn the pandemonium lord
146484 | Pan      | Found an exit through the horrors of the Abyss.
146890 | Pan      | Found an exit through the horrors of the Abyss.
147472 | Pan      | Noticed Bymeokk the pandemonium lord
147474 | Pan      | Killed Bymeokk the pandemonium lord
147512 | Pan      | Learned a level 1 spell: Summon Butterflies
147734 | Pan      | Got a scorched scale mail
147775 | Pan      | Noticed Seaxot the pandemonium lord
147779 | Pan      | Killed Seaxot the pandemonium lord
147817 | Pan      | Found an exit through the horrors of the Abyss.
147861 | Pan      | Identified the +5 scale mail of the Trees {*Corrode rC+ Dex+2 Stlth+} (You found it in Pandemonium)
148724 | Pan      | Noticed Carineme the pandemonium lord
148727 | Pan      | Killed Carineme the pandemonium lord
149095 | Pan      | Found an exit through the horrors of the Abyss.
149297 | Pan      | Entered the realm of Gloorx Vloq.
149330 | Pan      | Noticed Gloorx Vloq
149333 | Pan      | Killed Gloorx Vloq
149549 | Pan      | Found an exit through the horrors of the Abyss.
149691 | Pan      | Got a dark rune of Zot
150497 | Pan      | Noticed Mihayh the pandemonium lord
150498 | Pan      | Killed Mihayh the pandemonium lord
150689 | Pan      | Reached skill level 15 in Ice Magic
150761 | Pan      | Found an exit through the horrors of the Abyss.
150884 | Pan      | Reached skill level 27 in Spellcasting
151363 | Pan      | Took an exit into the Abyss.
151363 | Abyss:1  | Escaped into the Abyss
151395 | Abyss:1  | Noticed an ancient lich
151399 | Abyss:1  | Killed an ancient lich
151435 | Depths:1 | Escaped the Abyss
151612 | Hell     | Learned a level 8 spell: Controlled Blink
151615 | Hell     | Learned a level 2 spell: Swiftness
151618 | Hell     | Learned a level 2 spell: Shroud of Golubria
151681 | Pan      | Entered Pandemonium
151726 | Pan      | Noticed Nitan the pandemonium lord
151729 | Pan      | Killed Nitan the pandemonium lord
152135 | Pan      | Found an exit through the horrors of the Abyss.
152563 | Pan      | Gained mutation: You are frail (-10% HP). [a cacodemon]
152642 | Pan      | Found a runed door.
152656 | Pan      | Found an exit through the horrors of the Abyss.
152868 | Pan      | Reached skill level 10 in Translocations
153222 | Pan      | Noticed Tepawar the pandemonium lord
153225 | Pan      | Killed Tepawar the pandemonium lord
153357 | Pan      | Got a glittering granite ring
153576 | Pan      | Found an exit through the horrors of the Abyss.
153670 | Pan      | Noticed Liuse the pandemonium lord
153672 | Pan      | Killed Liuse the pandemonium lord
153745 | Pan      | Got a twisted leather armour
153929 | Pan      | Gained mutation: You occasionally shout uncontrollably at your foes. [a neqoxec]
153960 | Pan      | Noticed Neimed the pandemonium lord
153977 | Pan      | Killed Neimed the pandemonium lord
154138 | Pan      | Identified the +3 leather armour of an ice cave {Str+9} (You found it in Pandemonium)
154139 | Pan      | Identified the ring "Odatsid" {Ice Dex+6} (You found it in Pandemonium)
154679 | Pan      | Found an exit through the horrors of the Abyss.
155114 | Pan      | Noticed Zigufebb the pandemonium lord
155114 | Pan      | Killed Zigufebb the pandemonium lord
155345 | Pan      | Found an exit through the horrors of the Abyss.
155605 | Pan      | Entered the realm of Cerebov.
155994 | Pan      | Lost mutation: You are weak. (Str -2) [potion of cure mutation]
155994 | Pan      | Lost mutation: You are frail (-10% HP). [potion of cure mutation]
155994 | Pan      | Lost mutation: You occasionally shout uncontrollably at your foes. [potion of cure mutation]
155994 | Pan      | Lost mutation: You expend magic power (3 MP) to strengthen your wands. [potion of cure mutation]
156391 | Pan      | Noticed Cerebov
156604 | Pan      | Found an exit through the horrors of the Abyss.
156666 | Pan      | Gained mutation: You evolve. [potion of beneficial mutation]
156682 | Pan      | Killed Cerebov
156682 | Pan      | Reached skill level 15 in Translocations
156699 | Pan      | Got a fiery rune of Zot
156784 | Pan      | Got a crude scale mail
156804 | Pan      | Got an iridescent rapier
156977 | Pan      | Lost mutation: Your magical capacity is low (-10% MP). [evolution]
157102 | Pan      | Got a pair of fine gloves
157108 | Pan      | Identified the +1 pair of gloves "Qeposhre" {-Tele rElec Str+3} (You found it in Pandemonium)
157147 | Pan      | Identified the +2 scale mail of Impressiveness {MR++ Str+3} (You found it in Pandemonium)
157259 | Pan      | Got a coiled golden ring
157430 | Pan      | Reached skill level 5 in Dodging
157652 | Pan      | Took an exit into the Abyss.
157652 | Abyss:1  | Escaped into the Abyss
157687 | Depths:1 | Escaped the Abyss
157794 | Hell     | Identified the cursed +0 rapier "Ciginto" {speed, rElec MR+ Dex-5} (You found it in Pandemonium)
157796 | Hell     | Identified the ring of Ratzic {Ice Str+2} (You took it off a balrug in Pandemonium)
158120 | Pan      | Entered Pandemonium
158299 | Pan      | Noticed Omau the pandemonium lord
158301 | Pan      | Found an exit through the horrors of the Abyss.
158304 | Pan      | Killed Omau the pandemonium lord
158304 | Pan      | Reached skill level 10 in Dodging
158531 | Pan      | Gained mutation: Your magical capacity is low (-10% MP). [a neqoxec]
158543 | Pan      | Paralysed by a chaos spawn for 4 turns
159441 | Pan      | Noticed Lopovvoc the pandemonium lord
159444 | Pan      | Killed Lopovvoc the pandemonium lord
159771 | Pan      | Found an exit through the horrors of the Abyss.
160717 | Pan      | Identified the Handbook of Venom
160784 | Pan      | Gained mutation: Your magical capacity is very low (-20% MP). [a neqoxec]
160814 | Pan      | Got a brightly glowing pewter ring
160816 | Pan      | Identified the ring of the Three Planets {SustAt rPois MR+} (You found it in Pandemonium)
161040 | Pan      | Found an exit through the horrors of the Abyss.
161041 | Pan      | Noticed Usunal Inouc the pandemonium lord
161044 | Pan      | Killed Usunal Inouc the pandemonium lord
161601 | Pan      | Found an exit through the horrors of the Abyss.
162393 | Pan      | Noticed Elozozxi the pandemonium lord
162398 | Pan      | Gained mutation: You tend to lose your temper in combat. [a cacodemon]
162399 | Pan      | Killed Elozozxi the pandemonium lord
162468 | Pan      | Gained mutation: Scrolls take you a little longer to read. [a cacodemon]
162589 | Pan      | Found an exit through the horrors of the Abyss.
162741 | Pan      | Got a clouded lapis lazuli ring
162750 | Pan      | Identified the ring "Banu" {Ice MR+ Int+5 Dex+2 Stlth-} (You found it in Pandemonium)
163099 | Pan      | Gained mutation: Scrolls take you longer to read. [a neqoxec]
163100 | Pan      | Gained mutation: You regenerate slowly when monsters are visible. [a neqoxec]
163149 | Pan      | Entered the realm of Lom Lobon.
163445 | Pan      | Lost mutation: Scrolls take you longer to read. [potion of cure mutation]
163445 | Pan      | Lost mutation: You tend to lose your temper in combat. [potion of cure mutation]
163445 | Pan      | Lost mutation: You regenerate slowly when monsters are visible. [potion of cure mutation]
163445 | Pan      | Lost mutation: Scrolls take you a little longer to read. [potion of cure mutation]
163449 | Pan      | Lost mutation: Your magical capacity is very low (-20% MP). [potion of cure mutation]
163449 | Pan      | Lost mutation: You evolve. [potion of cure mutation]
163449 | Pan      | Lost mutation: Your magical capacity is low (-10% MP). [potion of cure mutation]
163470 | Pan      | Found an exit through the horrors of the Abyss.
163980 | Pan      | Noticed Lom Lobon
163991 | Pan      | Killed Lom Lobon
164002 | Pan      | Got a magical rune of Zot
164237 | Pan      | Took an exit into the Abyss.
164237 | Abyss:1  | Escaped into the Abyss
164303 | Depths:1 | Escaped the Abyss
164676 | Pan      | Entered Pandemonium
164678 | Pan      | Reached skill level 27 in Evocations
164739 | Pan      | Noticed Cianal the pandemonium lord
164742 | Pan      | Killed Cianal the pandemonium lord
165223 | Pan      | Found an exit through the horrors of the Abyss.
165468 | Pan      | Noticed Duohah the pandemonium lord
165475 | Pan      | Killed Duohah the pandemonium lord
165580 | Pan      | Gained mutation: Scrolls take you a little longer to read. [a cacodemon]
166075 | Pan      | Found an exit through the horrors of the Abyss.
166553 | Pan      | Noticed Vytuw the pandemonium lord
166557 | Pan      | Killed Vytuw the pandemonium lord
166621 | Pan      | Found an exit through the horrors of the Abyss.
166687 | Pan      | Got an aquamarine-encrusted chain mail
166729 | Pan      | Identified the cursed +0 chain mail of the Hidden Vale {*Drain Str+2 SInv} (You found it in Pandemonium)
167074 | Pan      | Found an exit through the horrors of the Abyss.
167133 | Pan      | Noticed Wukupta the pandemonium lord
167137 | Pan      | Killed Wukupta the pandemonium lord
167652 | Pan      | Noticed Gecobatu the pandemonium lord
167655 | Pan      | Killed Gecobatu the pandemonium lord
167774 | Pan      | Found an exit through the horrors of the Abyss.
168537 | Pan      | Got a dazzling hand crossbow
168765 | Pan      | Found an exit through the horrors of the Abyss.
169246 | Pan      | Noticed Eruf the pandemonium lord
169250 | Pan      | Killed Eruf the pandemonium lord
169327 | Pan      | Noticed Giahue Nesed the pandemonium lord
169330 | Pan      | Killed Giahue Nesed the pandemonium lord
169885 | Pan      | Found an exit through the horrors of the Abyss.
170085 | Pan      | Identified the +1 hand crossbow "Jylitaokh" {elec, rElec rF+ Str+3} (You found it in Pandemonium)
170233 | Pan      | Identified Foaruapn's Papyrus of the Escort
170321 | Pan      | Noticed Amuony the pandemonium lord
170323 | Pan      | Killed Amuony the pandemonium lord
170392 | Pan      | Found an exit through the horrors of the Abyss.
171066 | Pan      | Found an exit through the horrors of the Abyss.
171300 | Pan      | Noticed Dexawong the pandemonium lord
171304 | Pan      | Killed Dexawong the pandemonium lord
171617 | Pan      | Gained mutation: You are frail (-10% HP). [a cacodemon]
171850 | Pan      | Found an exit through the horrors of the Abyss.
171890 | Pan      | Noticed Ojoll the pandemonium lord
171893 | Pan      | Killed Ojoll the pandemonium lord
172318 | Pan      | Noticed Terias the pandemonium lord
172321 | Pan      | Killed Terias the pandemonium lord
172528 | Pan      | Found an exit through the horrors of the Abyss.
173487 | Pan      | Found an exit through the horrors of the Abyss.
173945 | Pan      | Noticed Xoroz the pandemonium lord
173947 | Pan      | Killed Xoroz the pandemonium lord
173955 | Pan      | Identified a +2 rod of the swarm (9/9) (You found it in Pandemonium)
174681 | Pan      | Gained mutation: You are clumsy. (Dex -2) [a cacodemon]
174759 | Pan      | Found an exit through the horrors of the Abyss.
174988 | Pan      | Noticed Tueb Hae the pandemonium lord
174993 | Pan      | Killed Tueb Hae the pandemonium lord
175597 | Depths:1 | Escaped Pandemonium
176056 | Zig:1    | Entered Level 1 of a ziggurat
176108 | Zig:2    | Entered Level 2 of a ziggurat
176136 | Zig:3    | Entered Level 3 of a ziggurat
176208 | Zig:4    | Entered Level 4 of a ziggurat
176229 | Zig:4    | Got a wavering wooden ring
176248 | Zig:4    | Identified the ring "Qiujiffi" {rPois SInv} (You found it on level 4 of a ziggurat)
176256 | Zig:5    | Entered Level 5 of a ziggurat
176296 | Zig:5    | Identified Cigotuvi's Grimoire of Shifting Black Arts
176303 | Zig:6    | Entered Level 6 of a ziggurat
176328 | Zig:6    | Got a coiled silver ring
176357 | Zig:6    | Identified the ring "Jeuthiarch" {rF+ MR+ Stlth+} (You found it on level 6 of a ziggurat)
176366 | Zig:7    | Entered Level 7 of a ziggurat
176431 | Zig:7    | Identified the Guide on Earthen Hexes
176463 | Zig:8    | Entered Level 8 of a ziggurat
176494 | Zig:8    | Got an ancient lapis lazuli ring
176514 | Zig:8    | Got a transparent halberd
176518 | Zig:8    | Identified the ring of the Turtledove {+Inv rPois rC- Str+3 Stlth+} (You found it on level 8 of a ziggurat)
176557 | Zig:9    | Entered Level 9 of a ziggurat
176573 | Zig:9    | Identified the cursed +2 halberd "Zedig" {freeze, Int+4 Dex-3 Stlth+} (You found it on level 8 of a ziggurat)
176630 | Zig:10   | Entered Level 10 of a ziggurat
176663 | Zig:10   | Got a scorched chain mail
176665 | Zig:10   | Got a fine steel ring
176681 | Zig:10   | Identified the ring "Meozacw" {rCorr rElec rF+ MP+9} (You found it on level 10 of a ziggurat)
176691 | Zig:10   | Identified the cursed +1 chain mail of Baldness {*Drain +Blink Int+4} (You found it on level 10 of a ziggurat)
176699 | Zig:11   | Entered Level 11 of a ziggurat
176749 | Zig:11   | Got a slimy granite ring
176753 | Zig:11   | Identified the ring "Viniosid" {-Tele rF+ rC+ MP+9 Int+2} (You found it on level 11 of a ziggurat)
176784 | Zig:11   | Identified Veegudie's Arcane Secrets of Theurgy (You found it on level 11 of a ziggurat)
176818 | Zig:11   | Identified a +2 rod of ignition (14/14) (You found it on level 11 of a ziggurat)
176835 | Zig:12   | Entered Level 12 of a ziggurat
176891 | Zig:12   | Identified Vehumet's Tome of Conjuration and Heat (You found it on level 12 of a ziggurat)
176907 | Zig:13   | Entered Level 13 of a ziggurat
176940 | Zig:13   | Got a polished scale mail
176942 | Zig:13   | Got a faintly glowing broad axe
176965 | Zig:13   | Identified the +1 scale mail of Greed {*Corrode rN+ Dex+4 Stlth+} (You found it on level 13 of a ziggurat)
176970 | Zig:13   | Identified the +6 broad axe "Goblinslayer" {antimagic, rF+} (You found it on level 13 of a ziggurat)
176976 | Zig:13   | Got a scorched plate armour
176979 | Zig:13   | Identified the +3 plate armour of the Five Mice {*Corrode Str+7 Slay+3 SInv} (You found it on level 13 of a ziggurat)
176999 | Zig:14   | Entered Level 14 of a ziggurat
177021 | Zig:14   | Noticed Urupecaf the pandemonium lord
177025 | Zig:14   | Killed Urupecaf the pandemonium lord
177089 | Zig:14   | Got a translucent bone amulet
177127 | Zig:15   | Entered Level 15 of a ziggurat
177182 | Zig:15   | Identified the amulet "Cify" {Spirit rN++ MP+9 Str+4 Dex-3 Slay-4} (You found it on level 14 of a ziggurat)
177342 | Zig:15   | Reached skill level 27 in Earth Magic
177344 | Zig:15   | Got a translucent lead ring
177365 | Zig:15   | Got a sparkling glass ring
177367 | Zig:15   | Got an ancient lapis lazuli ring
177369 | Zig:15   | Got a coiled lead ring
177377 | Zig:15   | Identified the ring "Benoi" {rPois Slay+3} (You found it on level 15 of a ziggurat)
177386 | Zig:15   | Identified the ring of Diem {rF+++ MR+ Str-5 Dex+4 Slay+3} (You found it on level 15 of a ziggurat)
177388 | Zig:15   | Identified the ring "Yzacoe Zylekh" {-Tele rPois Int+2 Dex+7} (You found it on level 15 of a ziggurat)
177391 | Zig:15   | Identified the ring of Cippeav {rF+ rC++ Str+3 Int+2} (You found it on level 15 of a ziggurat)
177403 | Zig:16   | Entered Level 16 of a ziggurat
177481 | Zig:16   | Identified Xeclel's Incunabulum of Sinister Magic (You found it on level 16 of a ziggurat)
177495 | Zig:17   | Entered Level 17 of a ziggurat
177513 | Zig:17   | Noticed an ancient lich
177514 | Zig:17   | Killed an ancient lich
177514 | Zig:17   | Killed an ancient lich
177563 | Zig:17   | Identified the Incunabulum of Malediction (You found it on level 17 of a ziggurat)
177612 | Zig:17   | Got a pair of jewelled gloves
177623 | Zig:17   | Identified the cursed -5 pair of gloves "Buorenno" {rPois MR+ Int-3 Dex+6} (You found it on level 17 of a ziggurat)
177646 | Zig:18   | Entered Level 18 of a ziggurat
177720 | Zig:19   | Entered Level 19 of a ziggurat
177738 | Zig:19   | Noticed Emneo the pandemonium lord
177742 | Zig:19   | Killed Emneo the pandemonium lord
177779 | Zig:19   | Got a scintillating bronze ring
177783 | Zig:19   | Identified the ring "Qilyosui" {+Inv MP+9 Int-3 Dex+8 Slay-4} (You found it on level 19 of a ziggurat)
177810 | Zig:19   | Got a scorched cloak
177821 | Zig:19   | Identified the cursed +0 cloak of the Fisher {Stlth+} (You found it on level 19 of a ziggurat)
177851 | Zig:19   | Got a faintly humming plate armour
177862 | Zig:19   | Identified the +8 plate armour "Astrahal" {MR+ Stlth+} (You found it on level 19 of a ziggurat)
177913 | Zig:20   | Entered Level 20 of a ziggurat
177979 | Zig:20   | Identified a +6 rod of inaccuracy (11/11) (You found it on level 20 of a ziggurat)
177991 | Zig:21   | Entered Level 21 of a ziggurat
177997 | Zig:21   | Noticed cluie's ghost (legendary DsFE)
178001 | Zig:21   | Noticed a greater mummy
178002 | Zig:21   | Killed a greater mummy
178004 | Zig:21   | Noticed a greater mummy
178004 | Zig:21   | Noticed a greater mummy
178005 | Zig:21   | Noticed an ancient lich
178005 | Zig:21   | Noticed a greater mummy
178006 | Zig:21   | Killed an ancient lich
178008 | Zig:21   | Noticed a greater mummy
178008 | Zig:21   | Noticed a greater mummy
178009 | Zig:21   | Killed cluie's ghost
178012 | Zig:21   | Killed a greater mummy
178013 | Zig:21   | Killed a greater mummy
178016 | Zig:21   | Killed a greater mummy
178020 | Zig:21   | Killed a greater mummy
178020 | Zig:21   | Killed a greater mummy
178147 | Zig:21   | Got a dazzling chain mail
178150 | Zig:21   | Identified the +5 chain mail of Card Tricks {rC+} (You found it on level 21 of a ziggurat)
178162 | Zig:22   | Entered Level 22 of a ziggurat
178317 | Zig:22   | Got a steaming sapphire amulet
178320 | Zig:22   | Identified the amulet of Nihilism {Gourm Str+3 Int+4} (You found it on level 22 of a ziggurat)
178325 | Zig:22   | Got a heavily runed scale mail
178328 | Zig:22   | Identified the +4 scale mail of Pride {-Cast +Blink Int+3} (You found it on level 22 of a ziggurat)
178333 | Zig:22   | Got a jewelled scale mail
178336 | Zig:22   | Identified the cursed +1 scale mail of the Okapi {rPois Int+4} (You found it on level 22 of a ziggurat)
178342 | Zig:22   | Got a transparent leather armour
178347 | Zig:22   | Identified the +1 leather armour of Loss {rF+ Str+4} (You found it on level 22 of a ziggurat)
178379 | Zig:23   | Entered Level 23 of a ziggurat
178560 | Zig:23   | Got a shimmering ring mail
178587 | Zig:23   | Identified the +1 ring mail "Seyze" {rElec} (You found it on level 23 of a ziggurat)
178605 | Zig:23   | Got a translucent platinum ring
178608 | Zig:23   | Identified the ring "Mistreces" {rC+ MP+9 Stlth-} (You found it on level 23 of a ziggurat)
178626 | Zig:23   | Got an encrusted plate armour
178629 | Zig:23   | Identified the +9 plate armour of Beyond {rElec rC- Int+4 Dex+4} (You found it on level 23 of a ziggurat)
178650 | Zig:24   | Entered Level 24 of a ziggurat
178736 | Zig:24   | Got a transparent gossamer ring
178787 | Zig:24   | Lost mutation: Scrolls take you a little longer to read. [potion of cure mutation]
178787 | Zig:24   | Lost mutation: You are clumsy. (Dex -2) [potion of cure mutation]
178787 | Zig:24   | Lost mutation: You are frail (-10% HP). [potion of cure mutation]
178847 | Zig:25   | Entered Level 25 of a ziggurat
178963 | Zig:25   | Identified the ring of the Turtledove {SustAt Dex+3} (You found it on level 24 of a ziggurat)
178970 | Zig:25   | Got a sparkling graven amulet
178971 | Zig:25   | Identified the amulet "Riyleul" {Gourm rElec Int+3} (You found it on level 25 of a ziggurat)
179011 | Zig:25   | Got a smoking lead ring
179012 | Zig:25   | Identified the ring "Imoul" {rN+ AC+3 Str+5 Int-5} (You found it on level 25 of a ziggurat)
179020 | Zig:25   | Got a bloodstained plate armour
179021 | Zig:25   | Identified the +8 plate armour of the Ego {rN+} (You found it on level 25 of a ziggurat)
179046 | Zig:26   | Entered Level 26 of a ziggurat
179082 | Zig:26   | Noticed Ukkadid the pandemonium lord
179085 | Zig:26   | Killed Ukkadid the pandemonium lord
179236 | Zig:26   | Got a twisted robe
179237 | Zig:26   | Identified the +1 robe of Weightlessness {*Contam rElec rN+} (You found it on level 26 of a ziggurat)
179261 | Zig:27   | Entered Level 27 of a ziggurat
179668 | Hell     | Gained mutation: You evolve. [potion of beneficial mutation]
179669 | Hell     | Gained mutation: You are resistant to hostile enchantments. [potion of beneficial mutation]
179968 | Pan      | Entered Pandemonium
179990 | Pan      | Found a white marble altar of Elyvilon.
180067 | Pan      | Reached skill level 27 in Armour
180167 | Pan      | Noticed a seraph
180174 | Pan      | Killed a seraph
180174 | Pan      | Reached skill level 27 in Conjurations
180216 | Pan      | Found a glowing golden altar of the Shining One.
180384 | Pan      | Reached skill level 1 in Long Blades
180508 | Pan      | Got a heavily jewelled robe
180526 | Pan      | Got a polished whip
180989 | Pan      | Found a glowing silver altar of Zin.
181163 | Pan      | Reached skill level 5 in Long Blades
181411 | Pan      | Found an exit through the horrors of the Abyss.
181501 | Pan      | Noticed Xuod the pandemonium lord
181505 | Pan      | Killed Xuod the pandemonium lord
182139 | Pan      | Found an exit through the horrors of the Abyss.
182170 | Pan      | Got a translucent scale mail
182171 | Pan      | Identified the +7 scale mail of Incorporation {Int+3} (You found it in Pandemonium)
182172 | Pan      | Identified the cursed +1 robe of Omunoac {*Confuse +Blink rC+++ Str+4} (You found it in Pandemonium)
182174 | Pan      | Identified the cursed +1 whip "Odweceh" {slash, Str+2} (You found it in Pandemonium)
182699 | Pan      | Noticed Vuejarya the pandemonium lord
182702 | Pan      | Killed Vuejarya the pandemonium lord
182848 | Pan      | Reached skill level 15 in Dodging
182855 | Pan      | Found an exit through the horrors of the Abyss.
183172 | Pan      | Gained mutation: Scrolls take you a little longer to read. [a neqoxec]
183655 | Pan      | Reached skill level 10 in Long Blades
183677 | Pan      | Found a runed door.
183747 | Pan      | Gained mutation: Your magical capacity is low (-10% MP). [a neqoxec]
183748 | Pan      | Gained mutation: Your skin changes colour to match your surroundings (Stealth). [a neqoxec]
184085 | Pan      | Found a runed door.
184098 | Pan      | Found a runed door.
184108 | Pan      | Found a runed door.
184160 | Pan      | Noticed Hecw the pandemonium lord
184163 | Pan      | Killed Hecw the pandemonium lord
184368 | Pan      | Found an exit through the horrors of the Abyss.
184432 | Pan      | Gained mutation: You expend magic power (3 MP) to strengthen your wands. [a neqoxec]
184435 | Pan      | Lost mutation: Your magical capacity is low (-10% MP). [potion of cure mutation]
184435 | Pan      | Lost mutation: Scrolls take you a little longer to read. [potion of cure mutation]
184435 | Pan      | Lost mutation: You are resistant to hostile enchantments. [potion of cure mutation]
184435 | Pan      | Lost mutation: You expend magic power (3 MP) to strengthen your wands. [potion of cure mutation]
184834 | Pan      | Found a runed door.
184871 | Pan      | Found a runed door.
184893 | Pan      | Found a runed door.
184999 | Pan      | Found an exit through the horrors of the Abyss.
185208 | Pan      | Identified a +2 rod of destruction (9/9) (You found it in Pandemonium)
185214 | Pan      | Got a faintly glowing leather armour
185215 | Pan      | Identified the +1 leather armour of Egalitarianism {rPois} (You found it in Pandemonium)
185217 | Pan      | Found a runed door.
185222 | Pan      | Got a pitted leather armour
185223 | Pan      | Identified the +4 leather armour of the Tick {-Tele rF+ rCorr MP+9} (You found it in Pandemonium)
185693 | Pan      | Noticed Zeophen the pandemonium lord
185695 | Pan      | Killed Zeophen the pandemonium lord
185819 | Pan      | Took an exit into the Abyss.
185819 | Abyss:1  | Escaped into the Abyss
185827 | Depths:1 | Escaped the Abyss
186813 | Hell     | Learned a level 7 spell: Ring of Flames
186926 | Hell     | Learned a level 2 spell: Song of Slaying
187043 | Pan      | Entered Pandemonium
187125 | Pan      | Found an exit through the horrors of the Abyss.
187241 | Pan      | Reached skill level 1 in Charms
187254 | Pan      | Gained mutation: Your spells are a little harder to cast, but a little more powerful. [a cacodemon]
187449 | Pan      | Found a runed door.
187768 | Pan      | Got an ancient robe
187972 | Pan      | Noticed Kishraz the pandemonium lord
187974 | Pan      | Killed Kishraz the pandemonium lord
188338 | Pan      | Noticed Noapurgh the pandemonium lord
188341 | Pan      | Killed Noapurgh the pandemonium lord
188341 | Pan      | Reached skill level 5 in Charms
188598 | Pan      | Found an exit through the horrors of the Abyss.
188928 | Pan      | Reached skill level 15 in Long Blades
188931 | Pan      | Noticed Rempof the pandemonium lord
188935 | Pan      | Killed Rempof the pandemonium lord
189240 | Pan      | Found an exit through the horrors of the Abyss.
189504 | Pan      | Identified the cursed +1 robe of Zaippuna {rN+ Str+3} (You found it in Pandemonium)
189806 | Pan      | Killed Aclufon the pandemonium lord
189982 | Pan      | Found an exit through the horrors of the Abyss.
190112 | Pan      | Got a fine robe
190560 | Pan      | Identified the +1 robe of the Eternal Fruit {rF+ Dex+4} (You found it in Pandemonium)
190568 | Pan      | Got an ancient cloak
190570 | Pan      | Identified the +1 cloak of Lybuo {rCorr MP+9 Dex+2} (You acquired it in Pandemonium)
190837 | Pan      | Noticed Xuicke Luett the pandemonium lord
190838 | Pan      | Killed Xuicke Luett the pandemonium lord
190880 | Pan      | Got a clouded ivory ring
190883 | Pan      | Identified the ring of Wextorph {Fire rElec Slay+3} (You found it in Pandemonium)
191156 | Pan      | Found an exit through the horrors of the Abyss.
191315 | Pan      | Found an exit through the horrors of the Abyss.
191363 | Pan      | Noticed Rediwof the pandemonium lord
191365 | Pan      | Killed Rediwof the pandemonium lord
191374 | Pan      | Gained mutation: Armour fits poorly on your strangely shaped body. [a neqoxec]
191728 | Pan      | Lost mutation: Armour fits poorly on your strangely shaped body. [evolution]
192338 | Depths:1 | Escaped Pandemonium
192413 | Hell     | Learned a level 6 spell: Haste
192416 | Hell     | Learned a level 2 spell: Swiftness
193001 | Pan      | Entered Pandemonium
193043 | Pan      | Noticed Xexaal Iqovi the pandemonium lord
193044 | Pan      | Killed Xexaal Iqovi the pandemonium lord
193059 | Pan      | Noticed Ignacio
193069 | Pan      | Killed Ignacio
193077 | Pan      | Gained mutation: You are clumsy. (Dex -2) [a cacodemon]
193123 | Pan      | Got a steaming chain mail
193352 | Pan      | Identified the +2 chain mail of Echipruwk {*Drain Str+7} (You found it in Pandemonium)
193431 | Pan      | Reached skill level 27 in Fire Magic
193440 | Pan      | Found an exit through the horrors of the Abyss.
193824 | Pan      | Found an exit through the horrors of the Abyss.
194215 | Pan      | Noticed Bedet the pandemonium lord
194218 | Pan      | Killed Bedet the pandemonium lord
194460 | Pan      | Noticed Xuth the pandemonium lord
194463 | Pan      | Killed Xuth the pandemonium lord
195131 | Pan      | Found an exit through the horrors of the Abyss.
195372 | Pan      | Found an exit through the horrors of the Abyss.
195401 | Pan      | Gained mutation: Your mind is acute. (Int +2) [a cacodemon]
195420 | Pan      | Reached skill level 10 in Charms
195818 | Pan      | Noticed Bifonkokk the pandemonium lord
195818 | Pan      | Gained mutation: You can translocate small distances at will. [evolution]
195823 | Pan      | Killed Bifonkokk the pandemonium lord
195823 | Pan      | Reached skill level 27 in Staves
196568 | Depths:1 | Escaped Pandemonium
196686 | Zig:1    | Entered Level 1 of a ziggurat
196715 | Zig:2    | Entered Level 2 of a ziggurat
196741 | Zig:3    | Entered Level 3 of a ziggurat
196756 | Zig:4    | Entered Level 4 of a ziggurat
196779 | Zig:5    | Entered Level 5 of a ziggurat
196784 | Zig:5    | Noticed a greater mummy
196787 | Zig:5    | Killed a greater mummy
196810 | Zig:6    | Entered Level 6 of a ziggurat
196817 | Zig:6    | Noticed a greater mummy
196817 | Zig:6    | Killed a greater mummy
196818 | Zig:6    | Noticed a greater mummy
196819 | Zig:6    | Killed a greater mummy
196821 | Zig:6    | Noticed a greater mummy
196828 | Zig:6    | Killed a greater mummy
196853 | Zig:6    | Got an ancient scimitar
196854 | Zig:6    | Identified the +4 scimitar of Defenestration {venom, +Rage rC+ Int+2} (You found it on level 6 of a ziggurat)
197027 | Zig:7    | Entered Level 7 of a ziggurat
197066 | Zig:8    | Entered Level 8 of a ziggurat
197069 | Zig:8    | Gained mutation: You are weak. (Str -2) [a neqoxec]
197148 | Zig:9    | Entered Level 9 of a ziggurat
197212 | Zig:9    | Got a sparkling platinum ring
197213 | Zig:9    | Identified the ring of Bece {+Blink rF+ MR+ Str+2} (You found it on level 9 of a ziggurat)
197312 | Zig:10   | Entered Level 10 of a ziggurat
197338 | Zig:10   | Noticed Doet the pandemonium lord
197347 | Zig:10   | Killed Doet the pandemonium lord
197365 | Zig:10   | Got a jewelled short sword
197440 | Zig:11   | Entered Level 11 of a ziggurat
197597 | Zig:12   | Entered Level 12 of a ziggurat
197666 | Zig:12   | Identified the +5 short sword "Laffell" {antimagic, +Fly Int+7} (You found it on level 10 of a ziggurat)
197754 | Zig:13   | Entered Level 13 of a ziggurat
197833 | Zig:13   | Got a ring of the Octopus King
197834 | Zig:13   | Identified a ring of the Octopus King {SustAt AC+1 EV+1 Str+1 Int+1 Dex+1} (You found it on level 13 of a ziggurat)
197906 | Zig:14   | Entered Level 14 of a ziggurat
197929 | Zig:14   | Killed an ancient lich
198112 | Zig:14   | Got a heavily runed marble ring
198145 | Zig:14   | Got a vibrating silver ring
198155 | Zig:14   | Identified a +2 rod of inaccuracy (14/14) (You found it on level 14 of a ziggurat)
198161 | Zig:14   | Identified the ring of Maarutre {rPois Int+6} (You found it on level 14 of a ziggurat)
198166 | Zig:14   | Identified the ring of Onolemucw {rC+ rN+ Int+3} (You found it on level 14 of a ziggurat)
198185 | Zig:15   | Entered Level 15 of a ziggurat
198234 | Zig:15   | Got a glittering bronze ring
198264 | Zig:15   | Identified the ring of Satisfaction {rF+ rN+ AC+1} (You found it on level 15 of a ziggurat)
198304 | Zig:15   | Got a slimy halberd
198312 | Zig:15   | Identified the +8 halberd of Annoyance {speed, +Blink} (You found it on level 15 of a ziggurat)
198478 | Zig:16   | Entered Level 16 of a ziggurat
198486 | Zig:16   | Noticed an iron giant
198490 | Zig:16   | Killed an iron giant
198490 | Zig:16   | Reached skill level 15 in Charms
198492 | Zig:16   | Noticed an iron giant
198494 | Zig:16   | Killed an iron giant
198500 | Zig:16   | Noticed an iron giant
198503 | Zig:16   | Killed an iron giant
198532 | Zig:16   | Got an ancient long sword
198533 | Zig:16   | Identified the cursed +1 long sword of the Equator {slice, rElec Int+4 Dex+4} (You found it on level 16 of a ziggurat)
198550 | Zig:16   | Got a faintly glowing glaive
198552 | Zig:16   | Identified the cursed +0 glaive "Jis San" {drain, +Blink Dex+4} (You found it on level 16 of a ziggurat)
198638 | Zig:17   | Entered Level 17 of a ziggurat
199017 | Zig:17   | Identified a cursed +6 rod of ignition (13/13) (You found it on level 17 of a ziggurat)
199023 | Zig:17   | Gained mutation: You possess an exceptional clarity of mind. [evolution]
199026 | Zig:17   | Got a brightly glowing robe
199027 | Zig:17   | Identified the +1 robe of the Skies Above {Dex+4 Slay+2} (You found it on level 17 of a ziggurat)
199037 | Zig:17   | Got a warped turquoise ring
199040 | Zig:17   | Identified the ring "Xeulomoo" {+Inv MR+ Str+6 Slay-2 SInv} (You found it on level 17 of a ziggurat)
199086 | Zig:18   | Entered Level 18 of a ziggurat
199317 | Zig:18   | Got a faintly glowing granite ring
199317 | Zig:18   | Got a clouded turquoise ring
199321 | Zig:18   | Identified the ring of Qywalaas {rF+ EV+1} (You found it on level 18 of a ziggurat)
199338 | Zig:18   | Identified the ring "Pusod" {rCorr *Drain Int+2 Stlth+} (You found it on level 18 of a ziggurat)
199347 | Zig:18   | Got a pair of jewelled gloves
199358 | Zig:18   | Identified the +2 pair of gloves of the Barnacle {rPois rCorr Int-2 Dex+2} (You found it on level 18 of a ziggurat)
199427 | Zig:19   | Entered Level 19 of a ziggurat
199434 | Zig:19   | Killed Nepn the pandemonium lord
199435 | Zig:19   | Noticed Xacuh the pandemonium lord
199437 | Zig:19   | Noticed Pimaw the pandemonium lord
199439 | Zig:19   | Killed Pimaw the pandemonium lord
199440 | Zig:19   | Killed Xacuh the pandemonium lord
199442 | Zig:19   | Noticed Umpauhy the pandemonium lord
199443 | Zig:19   | Noticed Xecolyro the pandemonium lord
199443 | Zig:19   | Killed Umpauhy the pandemonium lord
199443 | Zig:19   | Killed Xecolyro the pandemonium lord
199445 | Zig:19   | Noticed Visuowk the pandemonium lord
199445 | Zig:19   | Noticed Wupnuph the pandemonium lord
199445 | Zig:19   | Killed Kodawuov the pandemonium lord
199446 | Zig:19   | Noticed Puckaum the pandemonium lord
199446 | Zig:19   | Killed Visuowk the pandemonium lord
199447 | Zig:19   | Noticed Xethragor the pandemonium lord
199447 | Zig:19   | Killed Wupnuph the pandemonium lord
199449 | Zig:19   | Killed Xethragor the pandemonium lord
199449 | Zig:19   | Killed Puckaum the pandemonium lord
199451 | Zig:19   | Noticed Qun Tesk the pandemonium lord
199452 | Zig:19   | Noticed Yregy the pandemonium lord
199452 | Zig:19   | Killed Kufelum the pandemonium lord
199453 | Zig:19   | Killed Qun Tesk the pandemonium lord
199454 | Zig:19   | Killed Dash the pandemonium lord
199455 | Zig:19   | Killed Yregy the pandemonium lord
199456 | Zig:19   | Noticed Veqi Lau the pandemonium lord
199457 | Zig:19   | Noticed Keatan the pandemonium lord
199457 | Zig:19   | Killed Veqi Lau the pandemonium lord
199458 | Zig:19   | Killed Keatan the pandemonium lord
199464 | Zig:19   | Killed Sostrikh the pandemonium lord
199508 | Zig:19   | Got a jewelled steam dragon armour
199509 | Zig:19   | Identified the cursed +0 steam dragon armour of Imperfection {+Blink} (You found it on level 19 of a ziggurat)
199605 | Zig:20   | Entered Level 20 of a ziggurat
199628 | Zig:20   | Noticed an ancient lich
199630 | Zig:20   | Killed an ancient lich
199687 | Zig:20   | Gained mutation: You have a pair of small antennae on your head. [evolution]
199727 | Zig:20   | Got a crude scale mail
199728 | Zig:20   | Identified the +3 scale mail of Ysioqaz {+Inv Dex+4} (You found it on level 20 of a ziggurat)
199740 | Zig:20   | Got a dazzling great sword
199741 | Zig:20   | Identified the +4 great sword of Absolution {slice, rPois rF+ rN+} (You found it on level 20 of a ziggurat)
199766 | Zig:21   | Entered Level 21 of a ziggurat
199781 | Zig:21   | Noticed an ancient lich
199782 | Zig:21   | Killed an ancient lich
199787 | Zig:21   | Killed an ancient lich
199791 | Zig:21   | Killed an ancient lich
199792 | Zig:21   | Noticed an ancient lich
199793 | Zig:21   | Killed an ancient lich
199793 | Zig:21   | Killed an ancient lich
199970 | Zig:21   | Got a shimmering quarterstaff
199971 | Zig:21   | Identified the +9 quarterstaff "Koamagg" {crush, rF++ Str+2} (You found it on level 21 of a ziggurat)
199982 | Zig:21   | Got a vibrating bone ring
199983 | Zig:21   | Identified the ring "Jaill" {+/*Tele rPois rF- rN+} (You found it on level 21 of a ziggurat)
200053 | Zig:22   | Entered Level 22 of a ziggurat
200092 | Zig:22   | Noticed Kejoorha the pandemonium lord
200110 | Zig:22   | Killed Kejoorha the pandemonium lord
200117 | Zig:22   | HP: 5/199 [hellion/burst of hellfire (14)]
200132 | Zig:22   | HP: 2/199 [Ice Fiend/bolt of cold (29)]
200175 | Zig:22   | Gained mutation: Your body sometimes deteriorates upon taking damage. [a cacodemon]
200175 | Zig:22   | Gained mutation: You are occasionally teleported next to monsters. [mutagenic glow]
200511 | Zig:22   | Reached skill level 27 in Ice Magic
200522 | Zig:22   | Got an encrusted plate armour
200526 | Zig:22   | Identified the +3 plate armour of the Will of the Gods {rCorr Str+6 Dex-2 Slay+2} (You found it on level 22 of a ziggurat)
200534 | Zig:22   | Lost mutation: You evolve. [potion of cure mutation]
200534 | Zig:22   | Lost mutation: Your spells are a little harder to cast, but a little more powerful. [potion of cure mutation]
200534 | Zig:22   | Lost mutation: You are clumsy. (Dex -2) [potion of cure mutation]
200534 | Zig:22   | Lost mutation: You possess an exceptional clarity of mind. [potion of cure mutation]
200535 | Zig:22   | Lost mutation: You are occasionally teleported next to monsters. [potion of cure mutation]
200535 | Zig:22   | Lost mutation: Your body sometimes deteriorates upon taking damage. [potion of cure mutation]
200535 | Zig:22   | Lost mutation: Your mind is acute. (Int +2) [potion of cure mutation]
200535 | Zig:22   | Lost mutation: You have a pair of small antennae on your head. [potion of cure mutation]
200535 | Zig:22   | Lost mutation: You can translocate small distances at will. [potion of cure mutation]
200536 | Zig:22   | Lost mutation: Your skin changes colour to match your surroundings (Stealth). [potion of cure mutation]
200536 | Zig:22   | Lost mutation: You are weak. (Str -2) [potion of cure mutation]
200537 | Zig:22   | Gained mutation: Your flesh is cold resistant. [potion of beneficial mutation]
200538 | Zig:22   | Gained mutation: You evolve. [potion of beneficial mutation]
200539 | Zig:22   | Gained mutation: You are partially covered in rough black scales (AC +4, Dex -1). [potion of beneficial mutation]
200564 | Zig:23   | Entered Level 23 of a ziggurat
200714 | Zig:23   | Got a slimy amber ring
200716 | Zig:23   | Identified the ring "Kilete" {MR+ Dex+3} (You found it on level 23 of a ziggurat)
200727 | Zig:23   | Got a heavily runed ruby amulet
200728 | Zig:23   | Identified the amulet of Departure {Inacc rF+} (You found it on level 23 of a ziggurat)
200753 | Zig:24   | Entered Level 24 of a ziggurat
200766 | Zig:24   | Noticed an ancient lich
200768 | Zig:24   | Killed an ancient lich
200771 | Zig:24   | Killed an ancient lich
200774 | Zig:24   | Killed an ancient lich
200776 | Zig:24   | Noticed an ancient lich
200776 | Zig:24   | Noticed an ancient lich
200776 | Zig:24   | Noticed an ancient lich
200777 | Zig:24   | Noticed an ancient lich
200777 | Zig:24   | Killed an ancient lich
200778 | Zig:24   | Killed an ancient lich
200778 | Zig:24   | Killed an ancient lich
200779 | Zig:24   | Killed an ancient lich
200787 | Zig:24   | Killed an ancient lich
200826 | Zig:24   | Got a sparkling lead amulet
201074 | Zig:24   | Got a fine chain mail
201075 | Zig:24   | Identified the amulet of Charity {Inacc rC- MP+9 Int+6 Stlth+} (You found it on level 24 of a ziggurat)
201114 | Zig:25   | Entered Level 25 of a ziggurat
201125 | Zig:25   | Noticed Bihymn Heiq the pandemonium lord
201127 | Zig:25   | Noticed Holic the pandemonium lord
201129 | Zig:25   | Noticed Zajof the pandemonium lord
201129 | Zig:25   | Noticed Kofinkai the pandemonium lord
201129 | Zig:25   | Killed Holic the pandemonium lord
201130 | Zig:25   | Noticed Rotsum the pandemonium lord
201130 | Zig:25   | Killed Kofinkai the pandemonium lord
201130 | Zig:25   | Killed Zajof the pandemonium lord
201130 | Zig:25   | Killed Rotsum the pandemonium lord
201131 | Zig:25   | Noticed Keanguom the pandemonium lord
201132 | Zig:25   | Noticed Raiwk the pandemonium lord
201132 | Zig:25   | Killed Keanguom the pandemonium lord
201133 | Zig:25   | Noticed Durghemy the pandemonium lord
201133 | Zig:25   | Killed Lerrouh the pandemonium lord
201134 | Zig:25   | Noticed Emniz the pandemonium lord
201134 | Zig:25   | Killed Bihymn Heiq the pandemonium lord
201135 | Zig:25   | Noticed Saxtozxu the pandemonium lord
201136 | Zig:25   | Killed Durghemy the pandemonium lord
201136 | Zig:25   | Killed Raiwk the pandemonium lord
201136 | Zig:25   | Killed Emniz the pandemonium lord
201139 | Zig:25   | Noticed Haoja the pandemonium lord
201139 | Zig:25   | Noticed Late the pandemonium lord
201139 | Zig:25   | Killed Cahutuoz the pandemonium lord
201140 | Zig:25   | Noticed Jetakhig the pandemonium lord
201140 | Zig:25   | Noticed Vaec the pandemonium lord
201140 | Zig:25   | Killed Late the pandemonium lord
201140 | Zig:25   | Killed Saxtozxu the pandemonium lord
201141 | Zig:25   | Noticed Ipiuvuorio the pandemonium lord
201141 | Zig:25   | Noticed Zomim the pandemonium lord
201141 | Zig:25   | Noticed a juggernaut
201141 | Zig:25   | Noticed Gepsisid the pandemonium lord
201141 | Zig:25   | Killed Vaec the pandemonium lord
201142 | Zig:25   | Killed Zomim the pandemonium lord
201143 | Zig:25   | Noticed Jilasosa the pandemonium lord
201143 | Zig:25   | Killed Haoja the pandemonium lord
201143 | Zig:25   | Killed Dijium the pandemonium lord
201143 | Zig:25   | Killed Ipiuvuorio the pandemonium lord
201143 | Zig:25   | Killed Jetakhig the pandemonium lord
201143 | Zig:25   | Killed a juggernaut
201145 | Zig:25   | Killed Gepsisid the pandemonium lord
201146 | Zig:25   | Killed Taisepn the pandemonium lord
201146 | Zig:25   | Noticed Pusuegus the pandemonium lord
201148 | Zig:25   | Noticed Zufu the pandemonium lord
201148 | Zig:25   | Killed Jilasosa the pandemonium lord
201151 | Zig:25   | Noticed Timyrueteu the pandemonium lord
201151 | Zig:25   | Killed Pusuegus the pandemonium lord
201152 | Zig:25   | Noticed Hiumytac the pandemonium lord
201156 | Zig:25   | Noticed Aga Wyps the pandemonium lord
201156 | Zig:25   | Killed Zufu the pandemonium lord
201157 | Zig:25   | Killed Timyrueteu the pandemonium lord
201158 | Zig:25   | Killed Hiumytac the pandemonium lord
201159 | Zig:25   | Killed Aga Wyps the pandemonium lord
201160 | Zig:25   | Noticed Qocapuo the pandemonium lord
201160 | Zig:25   | Noticed Ezeizege the pandemonium lord
201162 | Zig:25   | Killed Ezeizege the pandemonium lord
201165 | Zig:25   | Killed Qocapuo the pandemonium lord
201426 | Zig:25   | Reached skill level 27 in Translocations
201436 | Zig:25   | Identified the +3 chain mail of Ru's Hope {Regen+ rCorr Int-2 Dex+5} (You found it on level 24 of a ziggurat)
201446 | Zig:25   | Identified a +8 rod of the swarm (9/9) (You found it on level 25 of a ziggurat)
201472 | Zig:25   | Got a dazzling plate armour
201473 | Zig:25   | Identified the cursed +0 plate armour "Etoifupn" {Int+5} (You found it on level 25 of a ziggurat)
201514 | Zig:25   | Got a twisted ice dragon armour
201515 | Zig:25   | Identified the +9 ice dragon armour of Refuge {rF- rC++ rN++ MR-} (You found it on level 25 of a ziggurat)
201543 | Zig:26   | Entered Level 26 of a ziggurat
201598 | Zig:26   | Killed Qoumaon the pandemonium lord
201692 | Zig:26   | Got a bloodstained helmet
201694 | Zig:26   | Identified the +2 helmet of Xuklaav {MR+ Str+3 Int-3} (You found it on level 26 of a ziggurat)
201757 | Zig:26   | Got a smoking copper ring
201764 | Zig:26   | Got a faintly glowing leather armour
201781 | Zig:26   | Got a dazzling triple sword
201810 | Zig:26   | Identified the +0 leather armour of the Three Planets {Str+10 Int+6 Stlth-} (You found it on level 26 of a ziggurat)
201826 | Zig:26   | Identified the ring "Luedero" {MP+9 Int+3} (You found it on level 26 of a ziggurat)
201835 | Zig:26   | Identified the cursed +1 triple sword "Xeogg" {freeze, MP+9} (You found it on level 26 of a ziggurat)
201872 | Zig:27   | Entered Level 27 of a ziggurat
202188 | Zig:27   | Got a heavily runed bronze amulet
202193 | Zig:27   | Identified the amulet of Lady Luck {Gourm Dex+5} (You found it on level 27 of a ziggurat)
202202 | Zig:27   | Got a clouded steel ring
202204 | Zig:27   | Identified the ring "Ydwoj" {Wiz rF+} (You found it on level 27 of a ziggurat)
202217 | Zig:27   | Got a faintly humming cloak
202218 | Zig:27   | Identified the +2 cloak of Soask {rF++ MP+9 Dex-3} (You found it on level 27 of a ziggurat)
202245 | Zig:27   | Got a faintly humming leather armour
202246 | Zig:27   | Identified the +3 leather armour "Ituntuip" {rF+ MR+} (You found it on level 27 of a ziggurat)
202295 | Zig:27   | Got a heavily runed leather armour
202306 | Zig:27   | Identified the +0 leather armour of Patterns {rC++ rN+ Str-3} (You found it on level 27 of a ziggurat)
202320 | Zig:27   | Got a spiked leather armour
202326 | Zig:27   | Identified the +2 leather armour "Limylehi" {rC++ Str-3 Dex+5} (You found it on level 27 of a ziggurat)
202338 | Zig:27   | Identified a +3 rod of destruction (14/14) (You found it on level 27 of a ziggurat)
202643 | Pan      | Entered Pandemonium
202654 | Pan      | Found an exit through the horrors of the Abyss.
202763 | Pan      | Noticed Xiukhun the pandemonium lord
202774 | Pan      | Killed Xiukhun the pandemonium lord
202857 | Pan      | Got a shadowed robe
202868 | Pan      | Identified the +1 robe of Winter {Regen+} (You found it in Pandemonium)
203360 | Pan      | Found an exit through the horrors of the Abyss.
203401 | Pan      | Lost mutation: You evolve. [evolution]
203890 | Pan      | Found an exit through the horrors of the Abyss.
203965 | Pan      | Gained mutation: You are dopey. (Int -2) [a cacodemon]
203966 | Pan      | Noticed Tiar the pandemonium lord
203968 | Pan      | Killed Tiar the pandemonium lord
204504 | Pan      | Found an exit through the horrors of the Abyss.
204665 | Pan      | Noticed Medineom the pandemonium lord
204685 | Pan      | Killed Medineom the pandemonium lord
205387 | Pan      | Reached skill level 15 in Shields
205756 | Pan      | Noticed Qixuoll the pandemonium lord
205764 | Pan      | Killed Qixuoll the pandemonium lord
205917 | Pan      | Found an exit through the horrors of the Abyss.
206023 | Pan      | Took an exit into the Abyss.
206023 | Abyss:1  | Escaped into the Abyss
206033 | Depths:1 | Escaped the Abyss
206479 | Zot:5    | Reached skill level 1 in Polearms
206586 | Zot:5    | Noticed an orb of fire
206593 | Zot:5    | Noticed an ancient lich
206618 | Zot:5    | Killed an orb of fire
206622 | Zot:5    | Noticed an ancient lich
206645 | Zot:5    | Killed an ancient lich
206693 | Zot:5    | Noticed an orb of fire
206695 | Zot:5    | Killed an ancient lich
206696 | Zot:5    | Gained mutation: You are weak. (Str -2) [an orb of fire]
206697 | Zot:5    | Killed an orb of fire
206806 | Zot:5    | Noticed an ancient lich
206816 | Zot:5    | Killed an ancient lich
208850 | Depths:1 | Voluntarily entered the Abyss.
208900 | Abyss:1  | Got a warped helmet
209090 | Abyss:1  | Reached skill level 5 in Polearms
209123 | Abyss:1  | Found a corrupted altar of Lugonu.
210093 | Abyss:1  | Found a corrupted altar of Lugonu.
210158 | Abyss:1  | Gained mutation: Scrolls take you a little longer to read. [a neqoxec]
210216 | Abyss:1  | Found a corrupted altar of Lugonu.
210217 | Abyss:1  | Found a snail-covered altar of Cheibriados.
210538 | Depths:1 | Escaped the Abyss
210562 | Hell     | Identified the +2 helmet "Lagges" {*Confuse rElec rN+ Dex+10} (You found it on level 1 of the Abyss)
210707 | Hell     | Cast into level 5 of the Abyss (a distortion unwield)
210707 | Abyss:5  | Entered Level 5 of the Abyss
210739 | Hell     | Escaped the Abyss
211175 | Pan      | Entered Pandemonium
211234 | Pan      | Gained mutation: You are clumsy. (Dex -2) [a neqoxec]
211350 | Pan      | Noticed Poruz the pandemonium lord
211445 | Pan      | Killed Poruz the pandemonium lord
211713 | Pan      | Found an exit through the horrors of the Abyss.
212079 | Pan      | Noticed Hidwue the pandemonium lord
212092 | Pan      | Killed Hidwue the pandemonium lord
212217 | Pan      | Found an exit through the horrors of the Abyss.
212409 | Pan      | Cast into level 5 of the Abyss (a distortion unwield)
212409 | Abyss:5  | Entered Level 5 of the Abyss
212435 | Pan      | Escaped the Abyss
212983 | Pan      | Took an exit into the Abyss.
212983 | Abyss:1  | Escaped into the Abyss
213162 | Depths:1 | Escaped the Abyss
213303 | Dis:1    | Entered Level 1 of the Iron City of Dis
213659 | Dis:3    | Lost mutation: Scrolls take you a little longer to read. [potion of cure mutation]
213659 | Dis:3    | Lost mutation: You are weak. (Str -2) [potion of cure mutation]
213659 | Dis:3    | Lost mutation: Your flesh is cold resistant. [potion of cure mutation]
213659 | Dis:3    | Lost mutation: You are dopey. (Int -2) [potion of cure mutation]
214086 | Dis:7    | Entered Level 7 of the Iron City of Dis
214124 | Dis:7    | Noticed an iron giant
214128 | Dis:7    | Killed an iron giant
214775 | Dis:7    | Noticed an iron giant
214784 | Dis:7    | Killed an iron giant
215054 | Dis:7    | Reached skill level 10 in Polearms
215146 | Dis:7    | Noticed an iron giant
215154 | Dis:7    | Killed an iron giant
215338 | Dis:7    | Got a slimy steel amulet
215341 | Dis:7    | Got a dazzling helmet
215416 | Dis:7    | Got a warped leather armour
215781 | Dis:7    | Noticed Dispater
215802 | Dis:7    | Killed Dispater
215844 | Dis:7    | Got an iron rune of Zot
215850 | Dis:7    | Got a clouded marble ring
215860 | Dis:7    | Got an iridescent glaive
215874 | Dis:7    | Cast into level 5 of the Abyss (a distortion unwield)
215874 | Abyss:5  | Entered Level 5 of the Abyss
215888 | Dis:7    | Escaped the Abyss
215900 | Dis:7    | Reached skill level 27 in Long Blades
216110 | Hell     | Identified the +6 glaive "Itwook" {venom, rElec MR- Str+2} (You found it on level 7 of the Iron City of Dis)
216136 | Hell     | Identified the +1 helmet of Agnosticism {rC+ Dex+3} (You found it on level 7 of the Iron City of Dis)
216159 | Hell     | Identified the +2 leather armour of Grace {MR+ Int+4} (You found it on level 7 of the Iron City of Dis)
216189 | Hell     | Identified the amulet of Beenuuwo {rF+ Regen+} (You found it on level 7 of the Iron City of Dis)
216204 | Hell     | Identified the ring "Riklofis" {-Tele rPois MR+ Str+7 Stlth+} (You found it on level 7 of the Iron City of Dis)
216385 | Hell     | Upgraded the game from 0.18-a0-1027-g814d7dd to 0.18-a0-1035-g72c9994
216608 | Pan      | Entered Pandemonium
216646 | Pan      | Gained mutation: You expend magic power (3 MP) to strengthen your wands. [a neqoxec]
216670 | Pan      | Noticed Vochy the pandemonium lord
216676 | Pan      | Killed Vochy the pandemonium lord
216870 | Pan      | Found an exit through the horrors of the Abyss.
217054 | Pan      | Got a steaming robe
217059 | Pan      | Identified the cursed +0 robe "Xetileakh" {rN++ MR+ Str-2 Int+4} (You found it in Pandemonium)
217479 | Pan      | Found an exit through the horrors of the Abyss.
217694 | Pan      | Noticed Uloinafi the pandemonium lord
217696 | Pan      | Killed Uloinafi the pandemonium lord
217882 | Pan      | Found an exit through the horrors of the Abyss.
217915 | Pan      | Noticed Jeewuamu the pandemonium lord
217918 | Pan      | Killed Jeewuamu the pandemonium lord
218212 | Pan      | Gained mutation: You are dopey. (Int -2) [a cacodemon]
218249 | Pan      | Lost mutation: You are dopey. (Int -2) [potion of cure mutation]
218249 | Pan      | Lost mutation: You expend magic power (3 MP) to strengthen your wands. [potion of cure mutation]
218249 | Pan      | Lost mutation: You are clumsy. (Dex -2) [potion of cure mutation]
218249 | Pan      | Lost mutation: You are partially covered in rough black scales (AC +4, Dex -1). [potion of cure mutation]
218614 | Pan      | Found an exit through the horrors of the Abyss.
218682 | Pan      | Noticed Qozat the pandemonium lord
218688 | Pan      | Killed Qozat the pandemonium lord
219414 | Pan      | Noticed Laewnaq the pandemonium lord
219421 | Pan      | Killed Laewnaq the pandemonium lord
219525 | Pan      | Found an exit through the horrors of the Abyss.
220027 | Pan      | Reached skill level 27 in Charms
220170 | Pan      | Found an ancient bone altar of Kikubaaqudgha.
220284 | Pan      | Noticed Pyaneal the pandemonium lord
220290 | Pan      | Killed Pyaneal the pandemonium lord
220563 | Pan      | Found an exit through the horrors of the Abyss.
220861 | Pan      | Noticed Plog the pandemonium lord
220868 | Pan      | Killed Plog the pandemonium lord
220984 | Pan      | Found an exit through the horrors of the Abyss.
221293 | Pan      | Reached skill level 27 in Dodging
221515 | Pan      | Noticed Umugassu the pandemonium lord
221519 | Pan      | Killed Umugassu the pandemonium lord
221690 | Pan      | Found an exit through the horrors of the Abyss.
221934 | Pan      | Identified Yseulav's Incunabulum of Evil and Clay (You found it in Pandemonium)
222281 | Pan      | Took an exit into the Abyss.
222281 | Abyss:1  | Escaped into the Abyss
222972 | Depths:1 | Escaped the Abyss
223454 | Hell     | Gained mutation: You have sharp toenails. [potion of beneficial mutation]
223503 | Zig:1    | Entered Level 1 of a ziggurat
223533 | Zig:2    | Entered Level 2 of a ziggurat
223592 | Zig:3    | Entered Level 3 of a ziggurat
223615 | Zig:4    | Entered Level 4 of a ziggurat
223657 | Zig:5    | Entered Level 5 of a ziggurat
223664 | Zig:5    | Noticed an ancient lich
223665 | Zig:5    | Killed an ancient lich
223669 | Zig:5    | Noticed an ancient lich
223671 | Zig:5    | Killed an ancient lich
223699 | Zig:6    | Entered Level 6 of a ziggurat
223740 | Zig:7    | Entered Level 7 of a ziggurat
223743 | Zig:7    | Killed an ancient lich
223769 | Zig:7    | Got a colourful robe
223804 | Zig:8    | Entered Level 8 of a ziggurat
223861 | Zig:8    | Got a warped turquoise ring
223899 | Zig:8    | Got a polished plate armour
223909 | Zig:9    | Entered Level 9 of a ziggurat
223924 | Zig:9    | Reached skill level 27 in Shields
223925 | Zig:9    | Reached skill level 1 in Summonings
223926 | Zig:9    | Noticed Avoudegh the pandemonium lord
223928 | Zig:9    | Reached skill level 5 in Stealth
223930 | Zig:9    | Killed Avoudegh the pandemonium lord
223994 | Zig:9    | Reached skill level 5 in Short Blades
223994 | Zig:9    | Reached skill level 10 in Stealth
223994 | Zig:9    | Reached skill level 5 in Summonings
224060 | Zig:10   | Entered Level 10 of a ziggurat
224060 | Zig:10   | Noticed a greater mummy
224063 | Zig:10   | Noticed a greater mummy
224063 | Zig:10   | Killed a greater mummy
224064 | Zig:10   | Noticed a greater mummy
224065 | Zig:10   | Killed a greater mummy
224067 | Zig:10   | Killed a greater mummy
224071 | Zig:10   | Noticed a greater mummy
224073 | Zig:10   | Killed a greater mummy
224075 | Zig:10   | Noticed a greater mummy
224076 | Zig:10   | Killed a greater mummy
224084 | Zig:10   | Noticed a greater mummy
224086 | Zig:10   | Killed a greater mummy
224274 | Zig:11   | Entered Level 11 of a ziggurat
224281 | Zig:11   | Reached skill level 10 in Short Blades
224286 | Zig:11   | Reached skill level 15 in Stealth
224325 | Zig:11   | Got a translucent lead ring
224449 | Zig:11   | Got a heavily runed leather armour
224451 | Zig:11   | Got a pitted spear
224457 | Zig:11   | Identified the +1 plate armour of Fiukuocw {rPois Str+4 Int+3} (You found it on level 8 of a ziggurat)
224460 | Zig:11   | Identified the cursed +0 spear "Doacw" {freeze, +Blink Stlth+} (You found it on level 11 of a ziggurat)
224464 | Zig:11   | Identified the +1 robe of Voducreh {MP+9 Stlth+} (You found it on level 7 of a ziggurat)
224466 | Zig:11   | Identified the ring "Dukkeralit" {rCorr rC+ rN+ Int+2} (You found it on level 8 of a ziggurat)
224467 | Zig:11   | Identified the ring "Hinafrus" {AC+3 Int+3} (You found it on level 11 of a ziggurat)
224468 | Zig:11   | Identified the +2 leather armour of Trumpets {MP+9} (You found it on level 11 of a ziggurat)
224505 | Zig:12   | Entered Level 12 of a ziggurat
224509 | Zig:12   | Noticed a juggernaut
224512 | Zig:12   | Killed a juggernaut
224515 | Zig:12   | Noticed a juggernaut
224516 | Zig:12   | Noticed a juggernaut
224516 | Zig:12   | Reached skill level 10 in Summonings
224517 | Zig:12   | Killed a juggernaut
224518 | Zig:12   | Killed a juggernaut
224519 | Zig:12   | Noticed a juggernaut
224521 | Zig:12   | Killed a juggernaut
224523 | Zig:12   | Noticed a juggernaut
224527 | Zig:12   | Killed a juggernaut
224766 | Zig:12   | Got a steaming ruby amulet
224787 | Zig:13   | Entered Level 13 of a ziggurat
225214 | Zig:13   | Got a faintly glowing glass ring
225271 | Zig:14   | Entered Level 14 of a ziggurat
225573 | Zig:14   | Identified the amulet "Zutugu" {+Blink Regen+ SInv Stlth+} (You found it on level 12 of a ziggurat)
225574 | Zig:14   | Identified the ring "Qisset" {+/*Tele rC+ Dex+3} (You found it on level 13 of a ziggurat)
225580 | Zig:14   | Got a steaming bronze amulet
225583 | Zig:14   | Identified the amulet of Idealism {Inacc MP+9} (You found it on level 14 of a ziggurat)
225607 | Zig:15   | Entered Level 15 of a ziggurat
225620 | Zig:15   | Reached skill level 15 in Summonings
225841 | Zig:15   | Got a dull robe
225844 | Zig:15   | Identified the +1 robe of the Lonely Lives {rC+} (You found it on level 15 of a ziggurat)
225882 | Zig:16   | Entered Level 16 of a ziggurat
225885 | Zig:16   | Noticed an ancient lich
225888 | Zig:16   | Killed an ancient lich
225893 | Zig:16   | Reached skill level 15 in Polearms
225904 | Zig:16   | Noticed an ancient lich
225904 | Zig:16   | Killed an ancient lich
225907 | Zig:16   | Noticed an ancient lich
225908 | Zig:16   | Killed an ancient lich
225910 | Zig:16   | Killed an ancient lich
225911 | Zig:16   | Killed an ancient lich
225915 | Zig:16   | Noticed an ancient lich
225916 | Zig:16   | Killed an ancient lich
226167 | Zig:16   | Got a transparent hat
226168 | Zig:16   | Identified the +1 hat "Heipryn" {rF+ rC+ rN+ Int+4} (You found it on level 16 of a ziggurat)
226176 | Zig:17   | Entered Level 17 of a ziggurat
226547 | Zig:17   | Identified a +6 rod of inaccuracy (14/14) (You found it on level 17 of a ziggurat)
226554 | Zig:17   | Got an ancient turquoise ring
226561 | Zig:17   | Identified the ring of Vanity {rElec AC+6 Int+3 Slay+2} (You found it on level 17 of a ziggurat)
226580 | Zig:17   | Gained mutation: Your flesh is heat resistant. [potion of beneficial mutation]
226602 | Zig:18   | Entered Level 18 of a ziggurat
226751 | Zig:18   | Identified a +3 rod of the swarm (13/13) (You found it on level 18 of a ziggurat)
226802 | Zig:19   | Entered Level 19 of a ziggurat
226950 | Zig:20   | Entered Level 20 of a ziggurat
226969 | Zig:20   | Reached skill level 27 in Stealth
227197 | Zig:20   | Identified a +4 rod of inaccuracy (9/9) (You found it on level 20 of a ziggurat)
227203 | Zig:20   | Got a bound bone ring
227207 | Zig:20   | Identified the ring of the Forsaken Runes {rPois MR+ Str+3 Dex-4} (You found it on level 20 of a ziggurat)
227211 | Zig:20   | Got an ichor-stained plate armour
227212 | Zig:20   | Identified the +6 plate armour of Eternity {rElec rF+ Regen+} (You found it on level 20 of a ziggurat)
227225 | Zig:21   | Entered Level 21 of a ziggurat
227228 | Zig:21   | Noticed a greater mummy
227230 | Zig:21   | Noticed a greater mummy
227230 | Zig:21   | Noticed a greater mummy
227230 | Zig:21   | Noticed a greater mummy
227231 | Zig:21   | Killed a greater mummy
227231 | Zig:21   | Killed a greater mummy
227231 | Zig:21   | Killed a greater mummy
227232 | Zig:21   | Noticed a greater mummy
227232 | Zig:21   | Noticed a greater mummy
227232 | Zig:21   | Noticed a greater mummy
227232 | Zig:21   | Killed a greater mummy
227233 | Zig:21   | Noticed a greater mummy
227235 | Zig:21   | Noticed a greater mummy
227235 | Zig:21   | Noticed a greater mummy
227235 | Zig:21   | Killed a greater mummy
227235 | Zig:21   | Killed a greater mummy
227235 | Zig:21   | Killed a greater mummy
227236 | Zig:21   | Noticed a greater mummy
227236 | Zig:21   | Noticed a greater mummy
227236 | Zig:21   | Noticed a greater mummy
227236 | Zig:21   | Killed a greater mummy
227237 | Zig:21   | Noticed a greater mummy
227237 | Zig:21   | Noticed a greater mummy
227237 | Zig:21   | Killed a greater mummy
227237 | Zig:21   | Killed a greater mummy
227237 | Zig:21   | Killed a greater mummy
227238 | Zig:21   | Noticed a greater mummy
227238 | Zig:21   | Killed a greater mummy
227238 | Zig:21   | Killed a greater mummy
227238 | Zig:21   | Killed a greater mummy
227239 | Zig:21   | Killed a greater mummy
227240 | Zig:21   | Noticed a greater mummy
227240 | Zig:21   | Noticed a greater mummy
227240 | Zig:21   | Killed a greater mummy
227241 | Zig:21   | Killed a greater mummy
227242 | Zig:21   | Noticed a greater mummy
227242 | Zig:21   | Noticed a greater mummy
227245 | Zig:21   | Killed a greater mummy
227247 | Zig:21   | Noticed a greater mummy
227247 | Zig:21   | Noticed a greater mummy
227247 | Zig:21   | Killed a greater mummy
227247 | Zig:21   | Killed a greater mummy
227250 | Zig:21   | Killed a greater mummy
227250 | Zig:21   | Killed a greater mummy
227251 | Zig:21   | Noticed a greater mummy
227252 | Zig:21   | Noticed a greater mummy
227255 | Zig:21   | Killed a greater mummy
227257 | Zig:21   | Noticed a greater mummy
227261 | Zig:21   | Noticed a greater mummy
227261 | Zig:21   | Noticed a greater mummy
227261 | Zig:21   | Killed a greater mummy
227262 | Zig:21   | Noticed a greater mummy
227263 | Zig:21   | Killed a greater mummy
227264 | Zig:21   | Noticed a greater mummy
227264 | Zig:21   | Killed a greater mummy
227264 | Zig:21   | Killed a greater mummy
227265 | Zig:21   | Noticed a greater mummy
227268 | Zig:21   | Killed a greater mummy
227268 | Zig:21   | Killed a greater mummy
227269 | Zig:21   | Killed a greater mummy
227271 | Zig:21   | Noticed a greater mummy
227273 | Zig:21   | Noticed a greater mummy
227273 | Zig:21   | Noticed a greater mummy
227273 | Zig:21   | Killed a greater mummy
227274 | Zig:21   | Killed a greater mummy
227274 | Zig:21   | Gained mutation: Your spells are a little easier to cast, but a little less powerful. [mutagenic glow]
227276 | Zig:21   | Killed a greater mummy
227277 | Zig:21   | Noticed a greater mummy
227285 | Zig:21   | Killed a greater mummy
227286 | Zig:21   | Noticed a greater mummy
227291 | Zig:21   | Killed a greater mummy
227293 | Zig:21   | Noticed a greater mummy
227296 | Zig:21   | Killed a greater mummy
227311 | Zig:21   | Gained mutation: Your muscles are strong. (Str +2) [mutagenic glow]
227450 | Zig:21   | Got a glittering pewter ring
227455 | Zig:21   | Identified the ring "Michuasch" {Str+2 Int-4 Dex+4 Stlth+} (You found it on level 21 of a ziggurat)
227463 | Zig:21   | Got a sparkling turquoise ring
227467 | Zig:21   | Identified the ring of Relesmej {rN+ MR+ Int+4} (You found it on level 21 of a ziggurat)
227475 | Zig:21   | Got a bloodstained demon whip
227476 | Zig:21   | Identified the +5 demon whip "Okkiv" {flame, rF+} (You found it on level 21 of a ziggurat)
227505 | Zig:22   | Entered Level 22 of a ziggurat
227859 | Zig:22   | Reached skill level 5 in Necromancy
227867 | Zig:22   | Got a crude steel ring
227869 | Zig:22   | Identified the ring of Zokufur {rElec rF+ Slay+3} (You found it on level 22 of a ziggurat)
227910 | Zig:22   | Got a crystal long sword
227911 | Zig:22   | Identified the +0 long sword "Veujahi" {speed, Str+2 Int+3} (You found it on level 22 of a ziggurat)
227933 | Zig:23   | Entered Level 23 of a ziggurat
227972 | Zig:23   | Paralysed by accursed screaming for 2 turns
228006 | Zig:23   | Gained mutation: Scrolls take you a little longer to read. [mutagenic glow]
228309 | Zig:23   | Lost mutation: Scrolls take you a little longer to read. [potion of cure mutation]
228309 | Zig:23   | Lost mutation: You have sharp toenails. [potion of cure mutation]
228309 | Zig:23   | Lost mutation: Your muscles are strong. (Str +2) [potion of cure mutation]
228309 | Zig:23   | Lost mutation: Your flesh is heat resistant. [potion of cure mutation]
228309 | Zig:23   | Lost mutation: Your spells are a little easier to cast, but a little less powerful. [potion of cure mutation]
228394 | Zig:23   | Got a smoking hat
228405 | Zig:23   | Identified the -6 hat "Cickyero" {*Drain rCorr Dex+2} (You found it on level 23 of a ziggurat)
228445 | Zig:24   | Entered Level 24 of a ziggurat
228445 | Zig:24   | Noticed a greater mummy
228445 | Zig:24   | Noticed a greater mummy
228448 | Zig:24   | Noticed a greater mummy
228448 | Zig:24   | Noticed a greater mummy
228448 | Zig:24   | Noticed a greater mummy
228448 | Zig:24   | Killed a greater mummy
228449 | Zig:24   | Killed a greater mummy
228450 | Zig:24   | Killed a greater mummy
228451 | Zig:24   | Noticed a greater mummy
228451 | Zig:24   | Noticed a greater mummy
228451 | Zig:24   | Noticed a greater mummy
228451 | Zig:24   | Killed a greater mummy
228451 | Zig:24   | Killed a greater mummy
228454 | Zig:24   | Noticed a greater mummy
228454 | Zig:24   | Noticed a greater mummy
228454 | Zig:24   | Killed a greater mummy
228454 | Zig:24   | Killed a greater mummy
228455 | Zig:24   | Noticed a greater mummy
228455 | Zig:24   | Noticed a greater mummy
228455 | Zig:24   | Killed a greater mummy
228455 | Zig:24   | Killed a greater mummy
228456 | Zig:24   | Noticed a greater mummy
228456 | Zig:24   | Noticed a greater mummy
228457 | Zig:24   | Noticed a greater mummy
228458 | Zig:24   | Noticed a greater mummy
228458 | Zig:24   | Noticed a greater mummy
228460 | Zig:24   | Killed a greater mummy
228460 | Zig:24   | Killed a greater mummy
228460 | Zig:24   | Killed a greater mummy
228460 | Zig:24   | Killed a greater mummy
228460 | Zig:24   | Killed a greater mummy
228464 | Zig:24   | Noticed a greater mummy
228465 | Zig:24   | Noticed a greater mummy
228465 | Zig:24   | Noticed a greater mummy
228466 | Zig:24   | Noticed a greater mummy
228466 | Zig:24   | Killed a greater mummy
228466 | Zig:24   | Killed a greater mummy
228467 | Zig:24   | Noticed a greater mummy
228471 | Zig:24   | Killed a greater mummy
228472 | Zig:24   | Noticed a greater mummy
228473 | Zig:24   | Noticed a greater mummy
228473 | Zig:24   | Killed a greater mummy
228473 | Zig:24   | Killed a greater mummy
228473 | Zig:24   | Killed a greater mummy
228473 | Zig:24   | Killed a greater mummy
228473 | Zig:24   | Killed a greater mummy
228476 | Zig:24   | Noticed a greater mummy
228477 | Zig:24   | Noticed a greater mummy
228477 | Zig:24   | Noticed a greater mummy
228478 | Zig:24   | Killed a greater mummy
228478 | Zig:24   | Killed a greater mummy
228479 | Zig:24   | Reached skill level 27 in Summonings
228480 | Zig:24   | Killed a greater mummy
228482 | Zig:24   | Noticed a greater mummy
228485 | Zig:24   | Noticed a greater mummy
228487 | Zig:24   | Killed a greater mummy
228488 | Zig:24   | Killed a greater mummy
228490 | Zig:24   | Noticed a greater mummy
228493 | Zig:24   | Noticed a greater mummy
228496 | Zig:24   | Noticed a greater mummy
228496 | Zig:24   | Noticed a greater mummy
228496 | Zig:24   | Killed a greater mummy
228498 | Zig:24   | Noticed a greater mummy
228498 | Zig:24   | Killed a greater mummy
228498 | Zig:24   | Reached skill level 27 in Polearms
228498 | Zig:24   | Reached skill level 1 in Air Magic
228498 | Zig:24   | Killed a greater mummy
228498 | Zig:24   | Killed a greater mummy
228499 | Zig:24   | Noticed a greater mummy
228500 | Zig:24   | Noticed a greater mummy
228502 | Zig:24   | Noticed a greater mummy
228502 | Zig:24   | Killed a greater mummy
228503 | Zig:24   | Noticed a greater mummy
228503 | Zig:24   | Noticed a greater mummy
228503 | Zig:24   | Killed a greater mummy
228503 | Zig:24   | Reached skill level 5 in Air Magic
228503 | Zig:24   | Killed a greater mummy
228506 | Zig:24   | Noticed a greater mummy
228509 | Zig:24   | Killed a greater mummy
228515 | Zig:24   | Killed a greater mummy
228515 | Zig:24   | Killed a greater mummy
228517 | Zig:24   | Killed a greater mummy
228517 | Zig:24   | Killed a greater mummy
228517 | Zig:24   | Killed a greater mummy
228519 | Zig:24   | Noticed a greater mummy
228526 | Zig:24   | Killed a greater mummy
228529 | Zig:24   | Noticed a greater mummy
228532 | Zig:24   | Noticed a greater mummy
228532 | Zig:24   | Killed a greater mummy
228532 | Zig:24   | Reached skill level 10 in Air Magic
228533 | Zig:24   | Noticed a greater mummy
228533 | Zig:24   | Killed a greater mummy
228534 | Zig:24   | Killed a greater mummy
228535 | Zig:24   | Noticed a greater mummy
228536 | Zig:24   | Killed a greater mummy
228538 | Zig:24   | Killed a greater mummy
228541 | Zig:24   | Noticed a greater mummy
228543 | Zig:24   | Killed a greater mummy
228546 | Zig:24   | Noticed a greater mummy
228548 | Zig:24   | Killed a greater mummy
228550 | Zig:24   | Noticed a greater mummy
228550 | Zig:24   | Noticed a greater mummy
228551 | Zig:24   | Killed a greater mummy
228551 | Zig:24   | Killed a greater mummy
228551 | Zig:24   | Killed a greater mummy
228561 | Zig:24   | Noticed a greater mummy
228565 | Zig:24   | Killed a greater mummy
228568 | Zig:24   | Gained mutation: You are somewhat resistant to further mutation. [mutagenic glow]
228627 | Zig:24   | Gained mutation: You are frail (-10% HP). [mutagenic glow]
228653 | Zig:24   | Lost mutation: You are frail (-10% HP). [potion of cure mutation]
228653 | Zig:24   | Lost mutation: You are somewhat resistant to further mutation. [potion of cure mutation]
228733 | Zig:24   | Got a scintillating bone amulet
228735 | Zig:24   | Identified the amulet of Goosiaf {MPRegen rC+} (You found it on level 24 of a ziggurat)
228970 | Zig:24   | Gained mutation: Your spells are a little harder to cast, but a little more powerful. [potion of beneficial mutation]
228971 | Zig:24   | Gained mutation: You are partially covered in molten scales (AC +1). [potion of beneficial mutation]
228973 | Zig:25   | Entered Level 25 of a ziggurat
228982 | Zig:25   | Reached skill level 15 in Air Magic
229256 | Zig:25   | Got a glittering turquoise ring
229292 | Zig:25   | Identified a +6 rod of the swarm (9/9) (You found it on level 25 of a ziggurat)
229298 | Zig:25   | Got a faintly humming plate armour
229299 | Zig:25   | Identified the ring of Safereg {+Blink rN+ Int+4 Dex-2} (You found it on level 25 of a ziggurat)
229304 | Zig:25   | Got a warped wooden ring
229306 | Zig:25   | Identified the +5 plate armour of Prudence {Regen+ Str+3} (You found it on level 25 of a ziggurat)
229308 | Zig:25   | Identified the ring "Hoqun" {Wiz Str+4 Int+2} (You found it on level 25 of a ziggurat)
229320 | Zig:26   | Entered Level 26 of a ziggurat
229386 | Zig:26   | Gained mutation: Your body sometimes deteriorates upon taking damage. [mutagenic glow]
229396 | Zig:26   | Got a transparent lajatang
229397 | Zig:26   | Identified the +3 lajatang of Trog's Hope {venom, Int+2} (You found it on level 26 of a ziggurat)
229627 | Zig:27   | Entered Level 27 of a ziggurat
229698 | Zig:27   | Gained mutation: You are clumsy. (Dex -2) [mutagenic glow]
229753 | Zig:27   | Gained mutation: You occasionally shout uncontrollably at your foes. [mutagenic glow]
230018 | Zig:27   | Got a fine wooden ring
230078 | Zig:27   | Identified the ring of Moodiness {Fire SInv} (You found it on level 27 of a ziggurat)
230203 | Hell     | Learned a level 2 spell: Slow
230287 | Depths:1 | Reached skill level 1 in Hexes
230301 | Pan      | Entered Pandemonium
230307 | Pan      | Noticed Qittalid the pandemonium lord
230316 | Pan      | Killed Qittalid the pandemonium lord
230358 | Pan      | Reached skill level 5 in Hexes
230518 | Pan      | Found an exit through the horrors of the Abyss.
231246 | Pan      | Noticed Zefiat the pandemonium lord
231254 | Pan      | Killed Zefiat the pandemonium lord
231699 | Pan      | Found an exit through the horrors of the Abyss.
232018 | Pan      | Found a runed door.
232100 | Pan      | Found a runed door.
232122 | Pan      | Found a runed door.
232141 | Pan      | Found a runed door.
232181 | Pan      | Found an exit through the horrors of the Abyss.
232259 | Pan      | Noticed Doanlon the pandemonium lord
232266 | Pan      | Killed Doanlon the pandemonium lord
232513 | Pan      | Identified the Catalogue of Aerial Conjuration (You found it in Pandemonium)
232963 | Pan      | Noticed Pelip the pandemonium lord
232966 | Pan      | Killed Pelip the pandemonium lord
233366 | Pan      | Found an exit through the horrors of the Abyss.
233574 | Pan      | Found an exit through the horrors of the Abyss.
233941 | Pan      | Noticed Bisuth the pandemonium lord
233943 | Pan      | Killed Bisuth the pandemonium lord
234258 | Pan      | Found an exit through the horrors of the Abyss.
234275 | Pan      | Noticed Nulimpaq the pandemonium lord
234277 | Pan      | Killed Nulimpaq the pandemonium lord
235028 | Pan      | Noticed Yckug the pandemonium lord
235035 | Pan      | Killed Yckug the pandemonium lord
235035 | Pan      | Reached skill level 27 in Air Magic
235035 | Pan      | Reached skill level 1 in Maces & Flails
235035 | Pan      | Reached skill level 1 in Unarmed Combat
235112 | Pan      | Reached skill level 10 in Hexes
235354 | Pan      | Found an exit through the horrors of the Abyss.
235401 | Pan      | Got a coiled marble ring
235403 | Pan      | Identified the ring of the Firefly {rF+ Slay+1} (You found it in Pandemonium)
235765 | Pan      | Took an exit into the Abyss.
235765 | Abyss:1  | Escaped into the Abyss
235773 | Depths:1 | Escaped the Abyss
235892 | Hell     | Learned a level 9 spell: Tornado
235917 | Hell     | Learned a level 3 spell: Regeneration
235924 | Hell     | Learned a level 4 spell: Control Undead
236046 | Hell     | Got a vibrating steel ring
236049 | Hell     | Identified the ring "Faekleca" {rN+ MP+9 EV+3} (You acquired it in the Vestibule of Hell)
236209 | Pan      | Entered Pandemonium
236237 | Pan      | Found an exit through the horrors of the Abyss.
236918 | Pan      | Lost mutation: Your body sometimes deteriorates upon taking damage. [potion of cure mutation]
236918 | Pan      | Lost mutation: You are clumsy. (Dex -2) [potion of cure mutation]
236918 | Pan      | Lost mutation: Your spells are a little harder to cast, but a little more powerful. [potion of cure mutation]
236918 | Pan      | Lost mutation: You are partially covered in molten scales (AC +1). [potion of cure mutation]
237268 | Pan      | Noticed Hofeubro the pandemonium lord
237278 | Pan      | Killed Hofeubro the pandemonium lord
237379 | Pan      | Reached skill level 10 in Necromancy
237620 | Pan      | Found an exit through the horrors of the Abyss.
237668 | Pan      | Took an exit into the Abyss.
237668 | Abyss:1  | Escaped into the Abyss
237683 | Depths:1 | Escaped the Abyss
237836 | Coc:1    | Entered Level 1 of Cocytus
238627 | Coc:1    | Upgraded the game from 0.18-a0-1035-g72c9994 to 0.18-a0-1041-gbe91bf5
240922 | Coc:4    | Reached skill level 15 in Necromancy
243735 | Coc:7    | Entered Level 7 of Cocytus
243917 | Coc:7    | Noticed the Serpent of Hell
243927 | Coc:7    | Killed the Serpent of Hell
244193 | Coc:7    | Noticed Antaeus
244239 | Coc:7    | Killed Antaeus
244336 | Coc:7    | Got an icy rune of Zot
244467 | Coc:7    | Got a sparkling pewter ring
244472 | Coc:7    | Identified the ring "Keph" {Wiz +Inv Int+4} (You took it off a frost giant on level 7 of Cocytus)
244572 | Coc:7    | Got an ancient dagger
244832 | Hell     | Identified the +5 dagger of Cowardice {flame, rElec Int-2 Dex+4} (You found it on level 7 of Cocytus)
244954 | Hell     | Learned a level 5 spell: Summon Forest
245210 | Hell     | Learned a level 5 spell: Aura of Abjuration
245232 | Zig:1    | Entered Level 1 of a ziggurat
245255 | Zig:2    | Entered Level 2 of a ziggurat
245353 | Zig:3    | Entered Level 3 of a ziggurat
245373 | Zig:3    | Got a scorched bone ring
245379 | Zig:3    | Identified the cursed ring of Immorality {Str+2 Dex-3} (You found it on level 3 of a ziggurat)
245384 | Zig:4    | Entered Level 4 of a ziggurat
245525 | Zig:5    | Entered Level 5 of a ziggurat
245528 | Zig:5    | Noticed Pame Tol the pandemonium lord
245530 | Zig:5    | Killed Pame Tol the pandemonium lord
245532 | Zig:5    | Noticed Koidof the pandemonium lord
245535 | Zig:5    | Killed Koidof the pandemonium lord
245706 | Zig:6    | Entered Level 6 of a ziggurat
245714 | Zig:6    | Noticed an iron giant
245716 | Zig:6    | Killed an iron giant
245927 | Zig:7    | Entered Level 7 of a ziggurat
246175 | Zig:8    | Entered Level 8 of a ziggurat
246458 | Zig:8    | Identified a +4 rod of ignition (9/9) (You found it on level 5 of a ziggurat)
246471 | Zig:9    | Entered Level 9 of a ziggurat
246472 | Zig:9    | Noticed a juggernaut
246473 | Zig:9    | Noticed an iron giant
246474 | Zig:9    | Noticed an iron giant
246475 | Zig:9    | Noticed an iron giant
246475 | Zig:9    | Killed a juggernaut
246476 | Zig:9    | Killed an iron giant
246476 | Zig:9    | Killed an iron giant
246477 | Zig:9    | Killed an iron giant
246479 | Zig:9    | Noticed a juggernaut
246480 | Zig:9    | Noticed a juggernaut
246481 | Zig:9    | Killed a juggernaut
246482 | Zig:9    | Noticed an iron giant
246482 | Zig:9    | Killed a juggernaut
246483 | Zig:9    | Noticed a juggernaut
246483 | Zig:9    | Noticed a juggernaut
246484 | Zig:9    | Noticed an iron giant
246485 | Zig:9    | Killed an iron giant
246485 | Zig:9    | Killed a juggernaut
246486 | Zig:9    | Killed a juggernaut
246486 | Zig:9    | Killed an iron giant
246487 | Zig:9    | Noticed a juggernaut
246487 | Zig:9    | Noticed an iron giant
246489 | Zig:9    | Killed a juggernaut
246489 | Zig:9    | Killed an iron giant
246489 | Zig:9    | Reached skill level 27 in Necromancy
246493 | Zig:9    | Reached skill level 5 in Unarmed Combat
246756 | Zig:10   | Entered Level 10 of a ziggurat
246761 | Zig:10   | Reached skill level 10 in Unarmed Combat
246993 | Zig:10   | Got an ancient tin amulet
246995 | Zig:10   | Got a steaming lapis lazuli ring
247029 | Zig:10   | Got a transparent battleaxe
247033 | Zig:10   | Identified the amulet "Cyr Naibb" {Harm *Drain Int+7 Dex-3} (You found it on level 10 of a ziggurat)
247043 | Zig:10   | Identified the ring "Suow" {rF+ Str+2} (You found it on level 10 of a ziggurat)
247081 | Zig:11   | Entered Level 11 of a ziggurat
247088 | Zig:11   | Reached skill level 15 in Unarmed Combat
247143 | Zig:11   | Identified the +4 battleaxe of the Empty Page {antimagic, rElec MP+9 Str+3} (You found it on level 10 of a ziggurat)
247149 | Zig:11   | Got a steaming cloak
247150 | Zig:11   | Identified the cursed +0 cloak "Veokhlorr" {+Inv Str+4} (You found it on level 11 of a ziggurat)
247158 | Zig:11   | Got a polished pearl dragon armour
247161 | Zig:11   | Identified the +7 pearl dragon armour of Reur {rN+ Dex+3} (You found it on level 11 of a ziggurat)
247344 | Zig:12   | Entered Level 12 of a ziggurat
247638 | Zig:12   | Got a scorched wooden ring
247652 | Zig:12   | Identified the ring "Myravi" {rCorr rPois} (You found it on level 12 of a ziggurat)
247671 | Zig:12   | Identified a +3 rod of clouds (14/14) (You found it on level 12 of a ziggurat)
247696 | Zig:13   | Entered Level 13 of a ziggurat
247941 | Zig:13   | Identified a +5 rod of inaccuracy (14/14) (You found it on level 13 of a ziggurat)
247953 | Zig:14   | Entered Level 14 of a ziggurat
248364 | Zig:15   | Entered Level 15 of a ziggurat
248371 | Zig:15   | Reached skill level 27 in Unarmed Combat
248371 | Zig:15   | Reached skill level 1 in Axes
248371 | Zig:15   | Reached skill level 5 in Axes
248415 | Zig:15   | Got a scintillating iron amulet
248457 | Zig:15   | Identified the amulet "Waling" {Harm *Drain rN+ MR+ Dex+3} (You found it on level 15 of a ziggurat)
248462 | Zig:15   | Got a brightly glowing brass ring
248464 | Zig:15   | Identified the ring of Ubekh {rElec rF+ MR+ EV+5 Stlth+} (You found it on level 15 of a ziggurat)
248473 | Zig:15   | Got a creamy pearl robe
248474 | Zig:15   | Identified the +2 robe of the Republic {rC+ rN+} (You found it on level 15 of a ziggurat)
248509 | Zig:15   | Got a bloodstained leather armour
248510 | Zig:15   | Identified the cursed +0 leather armour of the Buccaneer {rElec rPois rF+ MR+ Int+2} (You found it on level 15 of a ziggurat)
248530 | Zig:15   | Got a brightly glowing broad axe
248531 | Zig:15   | Identified the +9 broad axe of the Sage {flame, rPois rF+} (You found it on level 15 of a ziggurat)
248589 | Zig:16   | Entered Level 16 of a ziggurat
248592 | Zig:16   | Reached skill level 10 in Axes
248611 | Zig:16   | Reached skill level 15 in Axes
248622 | Zig:16   | Killed Ofruiguv the pandemonium lord
248794 | Zig:16   | Got a fine quarterstaff
248795 | Zig:16   | Identified the +10 quarterstaff "Jeufirr" {elec, rF+ rC+ MP-9} (You found it on level 16 of a ziggurat)
248827 | Zig:17   | Entered Level 17 of a ziggurat
248862 | Zig:17   | Noticed Samoty the pandemonium lord
248871 | Zig:17   | Killed Samoty the pandemonium lord
249015 | Zig:17   | Got an ancient steel ring
249023 | Zig:17   | Got a flickering ivory ring
249035 | Zig:17   | Identified the ring of Vih Hyd {*Confuse rPois MR+ Stlth-} (You found it on level 17 of a ziggurat)
249040 | Zig:17   | Identified the ring "Liax Bic" {SustAt -Tele rPois MR+++ SInv} (You found it on level 17 of a ziggurat)
249048 | Zig:17   | Got a jewelled helmet
249055 | Zig:17   | Got a twitching ruby amulet
249061 | Zig:17   | Identified the +4 helmet "Yvoruy" {*Contam MR+ Int+3} (You found it on level 17 of a ziggurat)
249066 | Zig:17   | Identified the amulet "Voulinar" {Gourm rC+++ Str-4 Int-5 Dex+4} (You found it on level 17 of a ziggurat)
249098 | Zig:18   | Entered Level 18 of a ziggurat
249100 | Zig:18   | Reached skill level 1 in Bows
249100 | Zig:18   | Reached skill level 5 in Bows
249105 | Zig:18   | Reached skill level 10 in Bows
249423 | Zig:19   | Entered Level 19 of a ziggurat
249427 | Zig:19   | Reached skill level 1 in Throwing
249427 | Zig:19   | Reached skill level 5 in Maces & Flails
249428 | Zig:19   | Reached skill level 5 in Throwing
249428 | Zig:19   | Reached skill level 10 in Maces & Flails
249746 | Zig:19   | Reached skill level 10 in Throwing
249752 | Zig:19   | Gained mutation: Your mind is acute. (Int +2) [potion of beneficial mutation]
249774 | Zig:19   | Got a scorched battleaxe
249790 | Zig:20   | Entered Level 20 of a ziggurat
249898 | Zig:20   | Identified the +9 battleaxe "Jellyslayer" {flame, rC- rN++} (You found it on level 19 of a ziggurat)
249916 | Zig:20   | Gained mutation: You are covered in fur (AC +1). [potion of beneficial mutation]
249917 | Zig:20   | Gained mutation: You passively map a small area around you. [potion of beneficial mutation]
249919 | Zig:20   | Got a glittering marble ring
249921 | Zig:20   | Identified the cursed ring of Autumn {rElec Str-2 Int+4} (You found it on level 20 of a ziggurat)
249941 | Zig:20   | Got an encrusted plate armour
249946 | Zig:20   | Identified the cursed +0 plate armour "Doohea Jygow" {Regen+} (You found it on level 20 of a ziggurat)
249969 | Zig:20   | Got a crystal hand crossbow
249970 | Zig:20   | Identified the +10 hand crossbow "Gysezy Zyst" {speed, MP+9 SInv} (You found it on level 20 of a ziggurat)
250013 | Zig:21   | Entered Level 21 of a ziggurat
250014 | Zig:21   | Reached skill level 1 in Crossbows
250017 | Zig:21   | Reached skill level 5 in Crossbows
250025 | Zig:21   | Reached skill level 15 in Throwing
250026 | Zig:21   | Reached skill level 27 in Axes
250343 | Zig:21   | Got a flickering sapphire amulet
250346 | Zig:21   | Identified the amulet of Reimbursement {Spirit +Blink rPois Str-2} (You found it on level 21 of a ziggurat)
250372 | Zig:22   | Entered Level 22 of a ziggurat
250372 | Zig:22   | Noticed an iron giant
250372 | Zig:22   | Noticed an iron giant
250372 | Zig:22   | Noticed an iron giant
250372 | Zig:22   | Noticed an iron giant
250376 | Zig:22   | Killed an iron giant
250376 | Zig:22   | Reached skill level 10 in Crossbows
250376 | Zig:22   | Killed an iron giant
250377 | Zig:22   | Killed an iron giant
250377 | Zig:22   | Killed an iron giant
250383 | Zig:22   | Noticed an iron giant
250386 | Zig:22   | Noticed an iron giant
250386 | Zig:22   | Noticed an iron giant
250387 | Zig:22   | Killed an iron giant
250389 | Zig:22   | Noticed an iron giant
250390 | Zig:22   | Noticed an iron giant
250392 | Zig:22   | Reached skill level 15 in Bows
250392 | Zig:22   | Killed an iron giant
250392 | Zig:22   | Killed an iron giant
250393 | Zig:22   | Killed an iron giant
250394 | Zig:22   | Killed an iron giant
250703 | Zig:22   | Got a dazzling lajatang
250714 | Zig:22   | Got a jewelled buckler
250717 | Zig:22   | Identified the +2 buckler "Roamuis" {-Tele rF+++ Dex-5 Stlth+} (You found it on level 22 of a ziggurat)
250766 | Zig:22   | Identified the +4 lajatang of Dooshraic {speed, rElec} (You found it on level 22 of a ziggurat)
250776 | Zig:23   | Entered Level 23 of a ziggurat
250788 | Zig:23   | Noticed an ancient lich
250790 | Zig:23   | Killed an ancient lich
250814 | Zig:23   | Reached skill level 15 in Crossbows
250815 | Zig:23   | Reached skill level 15 in Maces & Flails
250847 | Zig:23   | Gained mutation: You tend to lose your temper in combat. [mutagenic glow]
250854 | Zig:23   | Lost mutation: You are covered in fur (AC +1). [potion of cure mutation]
250854 | Zig:23   | Lost mutation: You passively map a small area around you. [potion of cure mutation]
250854 | Zig:23   | Lost mutation: Your mind is acute. (Int +2) [potion of cure mutation]
250855 | Zig:23   | Lost mutation: You occasionally shout uncontrollably at your foes. [potion of cure mutation]
250855 | Zig:23   | Lost mutation: You tend to lose your temper in combat. [potion of cure mutation]
250930 | Zig:23   | Got a scorched bardiche
250935 | Zig:23   | Identified the cursed +1 bardiche "Xeasmewi" {venom, +Rage rElec rPois SInv} (You found it on level 23 of a ziggurat)
250982 | Zig:23   | Got a steaming shortbow
250983 | Zig:23   | Identified the +3 shortbow of Zauj {venom, rPois rF++ MP-9 SInv} (You found it on level 23 of a ziggurat)
251059 | Zig:24   | Entered Level 24 of a ziggurat
251067 | Zig:24   | Reached skill level 1 in Slings
251074 | Zig:24   | Reached skill level 5 in Slings
251085 | Zig:24   | Gained mutation: Armour fits poorly on your strangely shaped body. [a neqoxec]
251109 | Zig:24   | Killed a starcursed mass
251111 | Zig:24   | Gained mutation: You are frail (-10% HP). [a neqoxec]
251509 | Zig:24   | Got an ancient eveningstar
251518 | Zig:24   | Identified the +2 eveningstar of Resourcefulness {venom, rC+ rN+} (You found it on level 24 of a ziggurat)
251557 | Zig:24   | Lost mutation: You are frail (-10% HP). [potion of cure mutation]
251557 | Zig:24   | Lost mutation: Armour fits poorly on your strangely shaped body. [potion of cure mutation]
251559 | Zig:25   | Entered Level 25 of a ziggurat
251566 | Zig:25   | Reached skill level 10 in Slings
251692 | Zig:25   | Got a heavily runed iron ring
251730 | Zig:25   | Got a polished demon blade
251748 | Zig:25   | Identified the ring "Gobb" {+/*Tele Dex+4} (You found it on level 25 of a ziggurat)
251757 | Zig:25   | Got a faintly glowing plate armour
251765 | Zig:25   | Identified the +8 plate armour of Dampiczu {rN+ Int+2 Stlth-} (You found it on level 25 of a ziggurat)
251767 | Zig:25   | Identified the +3 demon blade "Kafreisch" {slice, +Blink Int+4} (You found it on level 25 of a ziggurat)
251777 | Zig:25   | Identified a +5 rod of shadows (12/12) (You found it on level 25 of a ziggurat)
251789 | Zig:25   | Got a jewelled hunting sling
252013 | Zig:26   | Entered Level 26 of a ziggurat
252014 | Zig:26   | Noticed an ancient lich
252014 | Zig:26   | Noticed an ancient lich
252014 | Zig:26   | Noticed an ancient lich
252016 | Zig:26   | Noticed an ancient lich
252019 | Zig:26   | Killed an ancient lich
252019 | Zig:26   | Killed an ancient lich
252019 | Zig:26   | Killed an ancient lich
252019 | Zig:26   | Killed an ancient lich
252020 | Zig:26   | Noticed an ancient lich
252020 | Zig:26   | Noticed an ancient lich
252020 | Zig:26   | Noticed an ancient lich
252020 | Zig:26   | Noticed an ancient lich
252020 | Zig:26   | Noticed an ancient lich
252020 | Zig:26   | Noticed an ancient lich
252020 | Zig:26   | Noticed an ancient lich
252020 | Zig:26   | Noticed an ancient lich
252020 | Zig:26   | Noticed an ancient lich
252020 | Zig:26   | Noticed an ancient lich
252020 | Zig:26   | Noticed an ancient lich
252023 | Zig:26   | Noticed an ancient lich
252023 | Zig:26   | Noticed an ancient lich
252023 | Zig:26   | Killed an ancient lich
252023 | Zig:26   | Killed an ancient lich
252023 | Zig:26   | Killed an ancient lich
252023 | Zig:26   | Killed an ancient lich
252023 | Zig:26   | Killed an ancient lich
252023 | Zig:26   | Killed an ancient lich
252023 | Zig:26   | Killed an ancient lich
252023 | Zig:26   | Killed an ancient lich
252023 | Zig:26   | Killed an ancient lich
252023 | Zig:26   | Killed an ancient lich
252023 | Zig:26   | Killed an ancient lich
252023 | Zig:26   | Killed an ancient lich
252024 | Zig:26   | Noticed an ancient lich
252024 | Zig:26   | Noticed an ancient lich
252024 | Zig:26   | Noticed an ancient lich
252024 | Zig:26   | Noticed an ancient lich
252024 | Zig:26   | Noticed an ancient lich
252024 | Zig:26   | Noticed an ancient lich
252024 | Zig:26   | Noticed an ancient lich
252024 | Zig:26   | Noticed an ancient lich
252024 | Zig:26   | Noticed an ancient lich
252025 | Zig:26   | Noticed an ancient lich
252026 | Zig:26   | Noticed an ancient lich
252026 | Zig:26   | Noticed an ancient lich
252026 | Zig:26   | Killed an ancient lich
252026 | Zig:26   | Killed an ancient lich
252026 | Zig:26   | Killed an ancient lich
252026 | Zig:26   | Killed an ancient lich
252026 | Zig:26   | Reached skill level 15 in Short Blades
252026 | Zig:26   | Killed an ancient lich
252026 | Zig:26   | Killed an ancient lich
252026 | Zig:26   | Killed an ancient lich
252026 | Zig:26   | Killed an ancient lich
252026 | Zig:26   | Killed an ancient lich
252026 | Zig:26   | Killed an ancient lich
252026 | Zig:26   | Killed an ancient lich
252026 | Zig:26   | Killed an ancient lich
252027 | Zig:26   | Killed an ancient lich
252028 | Zig:26   | Noticed an ancient lich
252029 | Zig:26   | Killed an ancient lich
252031 | Zig:26   | Noticed an ancient lich
252031 | Zig:26   | Noticed an ancient lich
252031 | Zig:26   | Noticed an ancient lich
252032 | Zig:26   | Killed an ancient lich
252032 | Zig:26   | Reached skill level 15 in Slings
252032 | Zig:26   | Killed an ancient lich
252033 | Zig:26   | Killed an ancient lich
252033 | Zig:26   | Killed an ancient lich
252040 | Zig:26   | Noticed an ancient lich
252040 | Zig:26   | Killed an ancient lich
252087 | Zig:26   | Gained mutation: You are dopey. (Int -2) [mutagenic glow]
252263 | Zig:26   | Got a smoking pewter amulet
252280 | Zig:26   | Got a dazzling cloak
252291 | Zig:26   | Identified the +2 cloak of Ykeid {rPois Str+4} (You found it on level 26 of a ziggurat)
252303 | Zig:26   | Got a faintly glowing marble ring
252304 | Zig:26   | Identified the ring "Waihe" {*Contam rF++ MR+} (You found it on level 26 of a ziggurat)
252306 | Zig:26   | Identified the amulet "Feph" {Spirit *Confuse MR+ Str+3 Int+3} (You found it on level 26 of a ziggurat)
252333 | Zig:26   | Got a smoking quarterstaff
252347 | Zig:27   | Entered Level 27 of a ziggurat
252392 | Zig:27   | Gained mutation: Armour fits poorly on your strangely shaped body. [mutagenic glow]
252434 | Zig:27   | Gained mutation: You occasionally shout uncontrollably at your foes. [mutagenic glow]
252454 | Zig:27   | Lost mutation: You are dopey. (Int -2) [potion of cure mutation]
252454 | Zig:27   | Lost mutation: You occasionally shout uncontrollably at your foes. [potion of cure mutation]
252455 | Zig:27   | Lost mutation: Armour fits poorly on your strangely shaped body. [potion of cure mutation]
252648 | Hell     | Got a clouded jade amulet
252722 | Hell     | Identified the amulet "Plog" {Harm *Drain *Confuse rElec rPois Dex-3} (You acquired it in the Vestibule of Hell)
252822 | Tar:1    | Entered Level 1 of Tartarus
256821 | Tar:4    | Gained mutation: Your magical capacity is low (-10% MP). [mutagenic glow]
257262 | Tar:4    | Gained mutation: You are agile. (Dex +2) [mutagenic glow]
257284 | Tar:4    | Gained mutation: You are partially covered in thin metallic scales (AC +2). [mutagenic glow]
257358 | Tar:4    | Lost mutation: You are agile. (Dex +2) [mutagenic glow]
257844 | Tar:7    | Entered Level 7 of Tartarus
258212 | Tar:7    | Noticed Ereshkigal
258221 | Tar:7    | Killed Ereshkigal
258221 | Tar:7    | Reached skill level 27 in Throwing
258248 | Tar:7    | Got a bone rune of Zot
259163 | Tar:7    | Got an ivory hand crossbow
259167 | Tar:7    | Got an encrusted ring mail
259172 | Tar:7    | Got a translucent long sword
259174 | Tar:7    | Got a faintly glowing eveningstar
259192 | Tar:7    | Got a smoking morningstar
259319 | Tar:7    | Got a slimy glass ring
259327 | Tar:7    | Got a wavering amber ring
259775 | Hell     | Identified the +6 hand crossbow of Ihim {penet, +Inv MR+} (You found it on level 7 of Tartarus)
259786 | Hell     | Identified the +5 quarterstaff of Hiedieme {elec, Str+6} (You found it on level 26 of a ziggurat)
259803 | Hell     | Identified the +0 long sword of Defiance {drain, rPois MR+ Int+2} (You found it on level 7 of Tartarus)
259820 | Hell     | Identified the +6 eveningstar "Becik" {antimagic, Str-3 Int+7} (You found it on level 7 of Tartarus)
259825 | Hell     | Identified the +1 morningstar of the Thing {crush, *Drain +Blink rF- SInv} (You found it on level 7 of Tartarus)
259847 | Hell     | Identified the +5 ring mail of Ecvikamn {Int+5} (You found it on level 7 of Tartarus)
259880 | Hell     | Identified the ring "Dops" {rCorr rF++ MR-} (You found it on level 7 of Tartarus)
259885 | Hell     | Identified the ring "Cinejier" {-Tele rPois rF+ rN+} (You found it on level 7 of Tartarus)
259955 | Geh:1    | Entered Level 1 of Gehenna
261314 | Geh:7    | Entered Level 7 of Gehenna
261329 | Geh:7    | Noticed PeterLawrence's ghost (legendary GrFi)
261343 | Geh:7    | Killed PeterLawrence's ghost
261709 | Geh:7    | Noticed Asmodeus
261714 | Geh:7    | Killed Asmodeus
261730 | Geh:7    | Got an obsidian rune of Zot
262215 | Hell     | Upgraded the game from 0.18-a0-1041-gbe91bf5 to 0.18-a0-1045-g4e042de
262243 | Hell     | Learned a level 8 spell: Death's Door
262245 | Hell     | Learned a level 1 spell: Apportation
262387 | Hell     | Lost mutation: Your magical capacity is low (-10% MP). [potion of cure mutation]
262387 | Hell     | Lost mutation: You are partially covered in thin metallic scales (AC +2). [potion of cure mutation]
262814 | Zig:1    | Entered Level 1 of a ziggurat
262814 | Zig:1    | Noticed an ancient lich
262816 | Zig:1    | Killed an ancient lich
262848 | Zig:2    | Entered Level 2 of a ziggurat
262875 | Zig:3    | Entered Level 3 of a ziggurat
262996 | Zig:4    | Entered Level 4 of a ziggurat
263046 | Zig:4    | Got a warped iron ring
263192 | Zig:5    | Entered Level 5 of a ziggurat
263251 | Zig:5    | Got a slimy jade ring
263264 | Zig:5    | Got a pitted longbow
263276 | Zig:5    | Got a dazzling ring mail
263295 | Zig:5    | Identified the +3 ring mail of Kaisien {rF- MR+ Slay+5 Stlth+} (You found it on level 5 of a ziggurat)
263313 | Zig:5    | Identified the ring of Foth {Dex+3 Slay+1} (You found it on level 4 of a ziggurat)
263318 | Zig:5    | Identified the ring "Laamu" {SustAt rElec Slay+2 Stlth+} (You found it on level 5 of a ziggurat)
263343 | Zig:6    | Entered Level 6 of a ziggurat
263343 | Zig:6    | Noticed a greater mummy
263343 | Zig:6    | Noticed a greater mummy
263348 | Zig:6    | Killed a greater mummy
263351 | Zig:6    | Killed a greater mummy
263413 | Zig:6    | Identified the Reference Book on Transmigration (You found it on level 6 of a ziggurat)
263535 | Zig:7    | Entered Level 7 of a ziggurat
263770 | Zig:8    | Entered Level 8 of a ziggurat
263824 | Zig:8    | Got a scintillating bronze ring
263848 | Zig:8    | Got a dazzling quarterstaff
263860 | Zig:8    | Reached skill level 27 in Bows
263958 | Zig:9    | Entered Level 9 of a ziggurat
263976 | Zig:9    | Got a steaming bronze ring
263985 | Zig:9    | Identified a +3 rod of shadows (11/11) (You found it on level 8 of a ziggurat)
263991 | Zig:9    | Got a brightly glowing ivory ring
263994 | Zig:9    | Identified the ring of Disaster {Fragile rElec rPois MP+9 Str+2} (You found it on level 9 of a ziggurat)
263996 | Zig:9    | Identified the ring "Lyzomargh" {rElec rC- Dex+2 SInv} (You found it on level 8 of a ziggurat)
263998 | Zig:9    | Identified the ring "Riva" {EV+3 Str+4} (You found it on level 9 of a ziggurat)
264306 | Zig:10   | Entered Level 10 of a ziggurat
264306 | Zig:10   | Noticed Xubimn the pandemonium lord
264306 | Zig:10   | Noticed Varphacyi the pandemonium lord
264306 | Zig:10   | Noticed Viabb the pandemonium lord
264308 | Zig:10   | Noticed Piliykh the pandemonium lord
264308 | Zig:10   | Noticed Posei the pandemonium lord
264309 | Zig:10   | Noticed Ahatisia the pandemonium lord
264311 | Zig:10   | Noticed Coavytti the pandemonium lord
264312 | Zig:10   | Killed Xubimn the pandemonium lord
264312 | Zig:10   | Killed Viabb the pandemonium lord
264313 | Zig:10   | Reached skill level 27 in Maces & Flails
264313 | Zig:10   | Killed Varphacyi the pandemonium lord
264314 | Zig:10   | Noticed Awierilu the pandemonium lord
264314 | Zig:10   | Killed Posei the pandemonium lord
264314 | Zig:10   | Killed Coavytti the pandemonium lord
264315 | Zig:10   | Noticed Nixkijea the pandemonium lord
264315 | Zig:10   | Killed Piliykh the pandemonium lord
264316 | Zig:10   | Noticed Yrhi Fun the pandemonium lord
264317 | Zig:10   | Killed Ahatisia the pandemonium lord
264318 | Zig:10   | Noticed Tyock the pandemonium lord
264318 | Zig:10   | Noticed Ciexzel the pandemonium lord
264319 | Zig:10   | Noticed Muikkiyr the pandemonium lord
264319 | Zig:10   | Killed Awierilu the pandemonium lord
264321 | Zig:10   | Killed Muikkiyr the pandemonium lord
264321 | Zig:10   | Killed Nixkijea the pandemonium lord
264323 | Zig:10   | Killed Tyock the pandemonium lord
264323 | Zig:10   | Killed Yrhi Fun the pandemonium lord
264324 | Zig:10   | Killed Ciexzel the pandemonium lord
264389 | Zig:10   | Got a pitted short sword
264411 | Zig:11   | Entered Level 11 of a ziggurat
264526 | Zig:11   | Got an ichor-stained flail
264566 | Zig:11   | Identified the +7 short sword of Wacenk {holy, Dex+4} (You found it on level 10 of a ziggurat)
264587 | Zig:11   | Got a twisted glaive
264612 | Zig:12   | Entered Level 12 of a ziggurat
264619 | Zig:12   | Gained mutation: Your body sometimes deteriorates upon taking damage. [a cacodemon]
264634 | Zig:12   | Gained mutation: Your magical capacity is low (-10% MP). [a cacodemon]
264650 | Zig:12   | Noticed Eghogirph the pandemonium lord
264661 | Zig:12   | Killed Eghogirph the pandemonium lord
264744 | Zig:12   | Lost mutation: Your magical capacity is low (-10% MP). [potion of cure mutation]
264744 | Zig:12   | Lost mutation: Your body sometimes deteriorates upon taking damage. [potion of cure mutation]
264928 | Zig:13   | Entered Level 13 of a ziggurat
264928 | Zig:13   | Noticed an ancient lich
264928 | Zig:13   | Noticed an ancient lich
264929 | Zig:13   | Killed an ancient lich
264930 | Zig:13   | Killed an ancient lich
264931 | Zig:13   | Noticed an ancient lich
264932 | Zig:13   | Killed an ancient lich
264943 | Zig:13   | Noticed an ancient lich
264945 | Zig:13   | Noticed an ancient lich
264946 | Zig:13   | Killed an ancient lich
264947 | Zig:13   | Killed an ancient lich
264951 | Zig:13   | Noticed an ancient lich
264952 | Zig:13   | Killed an ancient lich
265022 | Zig:13   | Got a pair of scorched gloves
265023 | Zig:13   | Identified the +1 pair of gloves of Autotheism {rPois rN+ SInv} (You found it on level 13 of a ziggurat)
265047 | Zig:13   | Got a glittering brass ring
265051 | Zig:13   | Got a warped brass ring
265054 | Zig:13   | Identified the ring "Pez Werona" {Slay+4 Stlth+} (You found it on level 13 of a ziggurat)
265056 | Zig:13   | Identified the ring "Murrump" {Dex+2 Slay+3} (You found it on level 13 of a ziggurat)
265089 | Zig:13   | Got a heavily jewelled robe
265100 | Zig:13   | Identified the +2 robe "Piff" {rF++ rCorr} (You found it on level 13 of a ziggurat)
265124 | Zig:13   | Identified Raypsan's Tome of the Unstable Rocks (You found it on level 13 of a ziggurat)
265140 | Zig:13   | Got a shimmering trident
265145 | Zig:13   | Identified the +8 trident "Esao" {venom, rC+ Dex+4} (You found it on level 13 of a ziggurat)
265165 | Zig:14   | Entered Level 14 of a ziggurat
265171 | Zig:14   | Reached skill level 27 in Crossbows
265430 | Zig:14   | Got an encrusted quarterstaff
265452 | Zig:14   | Got a smoking bardiche
265468 | Zig:15   | Entered Level 15 of a ziggurat
265468 | Zig:15   | Noticed Wiriq the pandemonium lord
265468 | Zig:15   | Noticed Buxkaur the pandemonium lord
265468 | Zig:15   | Noticed Kubbyuqu the pandemonium lord
265468 | Zig:15   | Noticed Xeoklysoh the pandemonium lord
265468 | Zig:15   | Noticed Tixt the pandemonium lord
265468 | Zig:15   | Noticed Zummer Niqo the pandemonium lord
265468 | Zig:15   | Noticed Puephel the pandemonium lord
265468 | Zig:15   | Noticed Otuqam the pandemonium lord
265468 | Zig:15   | Noticed Ximal the pandemonium lord
265468 | Zig:15   | Noticed Xilli the pandemonium lord
265468 | Zig:15   | Noticed Hiheibuacs the pandemonium lord
265468 | Zig:15   | Noticed Carix the pandemonium lord
265468 | Zig:15   | Noticed Ugesec the pandemonium lord
265468 | Zig:15   | Noticed Dengupn the pandemonium lord
265473 | Zig:15   | Noticed Nameyd the pandemonium lord
265478 | Zig:15   | Killed Dengupn the pandemonium lord
265479 | Zig:15   | Killed Otuqam the pandemonium lord
265479 | Zig:15   | Killed Hiheibuacs the pandemonium lord
265480 | Zig:15   | Noticed Gojav the pandemonium lord
265481 | Zig:15   | Noticed Zyitevex the pandemonium lord
265481 | Zig:15   | Noticed Togume the pandemonium lord
265482 | Zig:15   | Noticed Suov the pandemonium lord
265485 | Zig:15   | Killed Ugesec the pandemonium lord
265486 | Zig:15   | Killed Xilli the pandemonium lord
265486 | Zig:15   | Killed Zummer Niqo the pandemonium lord
265486 | Zig:15   | Killed Ximal the pandemonium lord
265486 | Zig:15   | Killed Puephel the pandemonium lord
265487 | Zig:15   | Noticed Jesekh the pandemonium lord
265490 | Zig:15   | Killed Nameyd the pandemonium lord
265490 | Zig:15   | Killed Carix the pandemonium lord
265491 | Zig:15   | Killed Tixt the pandemonium lord
265492 | Zig:15   | Killed Xeoklysoh the pandemonium lord
265492 | Zig:15   | Killed Suov the pandemonium lord
265493 | Zig:15   | Noticed Movearu the pandemonium lord
265493 | Zig:15   | Killed Togume the pandemonium lord
265493 | Zig:15   | Killed Zyitevex the pandemonium lord
265493 | Zig:15   | Killed Buxkaur the pandemonium lord
265493 | Zig:15   | Reached skill level 27 in Short Blades
265493 | Zig:15   | Killed Jesekh the pandemonium lord
265494 | Zig:15   | Noticed Haoquefo the pandemonium lord
265494 | Zig:15   | Killed Gojav the pandemonium lord
265495 | Zig:15   | Noticed Ymiw the pandemonium lord
265495 | Zig:15   | Noticed Bomaolet the pandemonium lord
265495 | Zig:15   | Noticed Viubb the pandemonium lord
265495 | Zig:15   | Killed Kubbyuqu the pandemonium lord
265495 | Zig:15   | Killed Wiriq the pandemonium lord
265498 | Zig:15   | Killed Viubb the pandemonium lord
265498 | Zig:15   | Killed Movearu the pandemonium lord
265499 | Zig:15   | Killed Haoquefo the pandemonium lord
265499 | Zig:15   | Killed Ymiw the pandemonium lord
265500 | Zig:15   | Killed Bomaolet the pandemonium lord
265507 | Zig:15   | Noticed Xacofusi the pandemonium lord
265508 | Zig:15   | Noticed Coloh the pandemonium lord
265508 | Zig:15   | Noticed Siaschiqou the pandemonium lord
265509 | Zig:15   | Noticed Ycweqif the pandemonium lord
265509 | Zig:15   | Killed Xacofusi the pandemonium lord
265509 | Zig:15   | Killed Coloh the pandemonium lord
265509 | Zig:15   | Killed Siaschiqou the pandemonium lord
265512 | Zig:15   | Noticed Wisi the pandemonium lord
265513 | Zig:15   | Noticed Lutivei the pandemonium lord
265515 | Zig:15   | Noticed Fusenip the pandemonium lord
265515 | Zig:15   | Killed Ycweqif the pandemonium lord
265516 | Zig:15   | Killed Wisi the pandemonium lord
265516 | Zig:15   | Killed Fusenip the pandemonium lord
265517 | Zig:15   | Noticed Cilezos the pandemonium lord
265517 | Zig:15   | Noticed Bysil the pandemonium lord
265518 | Zig:15   | Noticed Tuid Kecs the pandemonium lord
265519 | Zig:15   | Noticed Domompam the pandemonium lord
265520 | Zig:15   | Noticed Gilergh the pandemonium lord
265522 | Zig:15   | Killed Lutivei the pandemonium lord
265522 | Zig:15   | Killed Cilezos the pandemonium lord
265522 | Zig:15   | Reached skill level 27 in Slings
265523 | Zig:15   | Noticed Haqoco the pandemonium lord
265523 | Zig:15   | Noticed Arethrirph the pandemonium lord
265524 | Zig:15   | Killed Bysil the pandemonium lord
265525 | Zig:15   | Killed Tuid Kecs the pandemonium lord
265526 | Zig:15   | Noticed Udeseif the pandemonium lord
265526 | Zig:15   | Noticed Ewigonam the pandemonium lord
265528 | Zig:15   | Killed Gilergh the pandemonium lord
265529 | Zig:15   | Killed Domompam the pandemonium lord
265529 | Zig:15   | Killed Haqoco the pandemonium lord
265529 | Zig:15   | Killed Udeseif the pandemonium lord
265529 | Zig:15   | Killed Ewigonam the pandemonium lord
265530 | Zig:15   | Killed Arethrirph the pandemonium lord
265532 | Zig:15   | Noticed Onkadd the pandemonium lord
265534 | Zig:15   | Killed Onkadd the pandemonium lord
265552 | Zig:15   | Gained mutation: You have an increased reservoir of magic (+10% MP). [mutagenic glow]
265587 | Zig:15   | Lost mutation: You have an increased reservoir of magic (+10% MP). [mutagenic glow]
265627 | Zig:15   | Gained mutation: Your magical capacity is low (-10% MP). [mutagenic glow]
265713 | Zig:15   | Gained mutation: You expend magic power (3 MP) to strengthen your wands. [mutagenic glow]
265714 | Zig:15   | Lost mutation: You expend magic power (3 MP) to strengthen your wands. [potion of cure mutation]
265714 | Zig:15   | Lost mutation: Your magical capacity is low (-10% MP). [potion of cure mutation]
265882 | Zig:16   | Entered Level 16 of a ziggurat
266125 | Zig:16   | Got a translucent brass ring
266178 | Zig:16   | Identified the +6 quarterstaff "Zigeliol" {antimagic, rN+ Str+4} (You found it on level 14 of a ziggurat)
266179 | Zig:16   | Identified the cursed +3 bardiche "Dytzurec" {vamp, rC+ MR- Int+4} (You found it on level 14 of a ziggurat)
266180 | Zig:16   | Identified the ring "Ownor" {rPois rF+ MR+} (You found it on level 16 of a ziggurat)
266196 | Zig:16   | Got an encrusted quarterstaff
266217 | Zig:17   | Entered Level 17 of a ziggurat
266217 | Zig:17   | Noticed a greater mummy
266217 | Zig:17   | Noticed a greater mummy
266217 | Zig:17   | Noticed a greater mummy
266217 | Zig:17   | Noticed a greater mummy
266217 | Zig:17   | Noticed a greater mummy
266217 | Zig:17   | Noticed a greater mummy
266217 | Zig:17   | Noticed a greater mummy
266217 | Zig:17   | Noticed a greater mummy
266217 | Zig:17   | Noticed a greater mummy
266217 | Zig:17   | Noticed a greater mummy
266217 | Zig:17   | Noticed a greater mummy
266226 | Zig:17   | Killed a greater mummy
266230 | Zig:17   | Killed a greater mummy
266230 | Zig:17   | Killed a greater mummy
266230 | Zig:17   | Killed a greater mummy
266230 | Zig:17   | Killed a greater mummy
266230 | Zig:17   | Killed a greater mummy
266230 | Zig:17   | Killed a greater mummy
266231 | Zig:17   | Killed a greater mummy
266231 | Zig:17   | Killed a greater mummy
266231 | Zig:17   | Killed a greater mummy
266232 | Zig:17   | Noticed a greater mummy
266232 | Zig:17   | Killed a greater mummy
266235 | Zig:17   | Noticed a greater mummy
266235 | Zig:17   | Noticed a greater mummy
266235 | Zig:17   | Killed a greater mummy
266238 | Zig:17   | Killed a greater mummy
266239 | Zig:17   | Killed a greater mummy
266243 | Zig:17   | Noticed a greater mummy
266243 | Zig:17   | Noticed a greater mummy
266249 | Zig:17   | Noticed a greater mummy
266249 | Zig:17   | Killed a greater mummy
266250 | Zig:17   | Killed a greater mummy
266251 | Zig:17   | Noticed a greater mummy
266251 | Zig:17   | Killed a greater mummy
266252 | Zig:17   | Killed a greater mummy
266382 | Zig:17   | Identified the +7 quarterstaff "Zyrifyaj" {elec, *Noise rPois Str+2 Int+3} (You found it on level 16 of a ziggurat)
266438 | Zig:18   | Entered Level 18 of a ziggurat
266508 | Zig:18   | Got a scorched ivory ring
266515 | Zig:18   | Identified the ring "Viylyudgh" {rPois rN+ SInv} (You found it on level 18 of a ziggurat)
266525 | Zig:18   | Got a faintly glowing plate armour
266529 | Zig:18   | Identified the +8 plate armour of the Orb {-Tele Str+7 Int+4} (You found it on level 18 of a ziggurat)
266757 | Zig:19   | Entered Level 19 of a ziggurat
266757 | Zig:19   | Noticed Jeceimm the pandemonium lord
266757 | Zig:19   | Noticed Mihoecya the pandemonium lord
266757 | Zig:19   | Noticed Onaut the pandemonium lord
266757 | Zig:19   | Noticed Uhycost the pandemonium lord
266757 | Zig:19   | Noticed Poighir the pandemonium lord
266757 | Zig:19   | Noticed Keoxiost the pandemonium lord
266757 | Zig:19   | Noticed Osuitug the pandemonium lord
266757 | Zig:19   | Noticed Feomn the pandemonium lord
266757 | Zig:19   | Noticed Paczego the pandemonium lord
266757 | Zig:19   | Noticed Tuelur the pandemonium lord
266757 | Zig:19   | Noticed Oridulam the pandemonium lord
266757 | Zig:19   | Noticed Koypin the pandemonium lord
266757 | Zig:19   | Noticed Owoqev the pandemonium lord
266757 | Zig:19   | Noticed Kujumn the pandemonium lord
266757 | Zig:19   | Noticed Larphif the pandemonium lord
266757 | Zig:19   | Noticed Qedoutz the pandemonium lord
266757 | Zig:19   | Noticed Guocsaj the pandemonium lord
266757 | Zig:19   | Noticed Moheony the pandemonium lord
266760 | Zig:19   | Noticed Seunorgha the pandemonium lord
266760 | Zig:19   | Noticed Woefelua the pandemonium lord
266761 | Zig:19   | Killed Feomn the pandemonium lord
266762 | Zig:19   | Noticed Enunobum the pandemonium lord
266762 | Zig:19   | Killed Owoqev the pandemonium lord
266762 | Zig:19   | Killed Onaut the pandemonium lord
266762 | Zig:19   | Killed Kujumn the pandemonium lord
266763 | Zig:19   | Noticed Jomaorim the pandemonium lord
266763 | Zig:19   | Noticed Necs the pandemonium lord
266764 | Zig:19   | Killed Moheony the pandemonium lord
266764 | Zig:19   | Killed Koypin the pandemonium lord
266764 | Zig:19   | Killed Larphif the pandemonium lord
266764 | Zig:19   | Killed Paczego the pandemonium lord
266764 | Zig:19   | Killed Keoxiost the pandemonium lord
266764 | Zig:19   | Killed Woefelua the pandemonium lord
266764 | Zig:19   | Killed Oridulam the pandemonium lord
266765 | Zig:19   | Noticed Dozuiget the pandemonium lord
266765 | Zig:19   | Killed Osuitug the pandemonium lord
266765 | Zig:19   | Killed Qedoutz the pandemonium lord
266765 | Zig:19   | Killed Guocsaj the pandemonium lord
266765 | Zig:19   | Killed Uhycost the pandemonium lord
266766 | Zig:19   | Noticed Umidajim the pandemonium lord
266766 | Zig:19   | Killed Tuelur the pandemonium lord
266767 | Zig:19   | Noticed Hiqunt the pandemonium lord
266767 | Zig:19   | Killed Mihoecya the pandemonium lord
266768 | Zig:19   | Noticed Gimnurejo the pandemonium lord
266768 | Zig:19   | Killed Seunorgha the pandemonium lord
266768 | Zig:19   | Killed Jeceimm the pandemonium lord
266769 | Zig:19   | Noticed Wokeipef the pandemonium lord
266769 | Zig:19   | Noticed Plog the pandemonium lord
266769 | Zig:19   | Killed Necs the pandemonium lord
266769 | Zig:19   | Killed Poighir the pandemonium lord
266769 | Zig:19   | Killed Dozuiget the pandemonium lord
266769 | Zig:19   | Killed Hiqunt the pandemonium lord
266769 | Zig:19   | Killed Jomaorim the pandemonium lord
266770 | Zig:19   | Noticed Ferul the pandemonium lord
266770 | Zig:19   | Killed Enunobum the pandemonium lord
266773 | Zig:19   | Noticed Inlaegg the pandemonium lord
266773 | Zig:19   | Killed Plog the pandemonium lord
266774 | Zig:19   | Noticed Jokargh the pandemonium lord
266774 | Zig:19   | Noticed Keni the pandemonium lord
266775 | Zig:19   | Noticed Zimi the pandemonium lord
266776 | Zig:19   | Killed Jokargh the pandemonium lord
266777 | Zig:19   | Noticed Molecore the pandemonium lord
266778 | Zig:19   | Noticed Wuimpitt the pandemonium lord
266778 | Zig:19   | Killed Gimnurejo the pandemonium lord
266778 | Zig:19   | Killed Wokeipef the pandemonium lord
266778 | Zig:19   | Killed Umidajim the pandemonium lord
266779 | Zig:19   | Noticed Ebruarcha the pandemonium lord
266779 | Zig:19   | Killed Zimi the pandemonium lord
266780 | Zig:19   | Noticed Lirheorph the pandemonium lord
266780 | Zig:19   | Noticed Kecs the pandemonium lord
266780 | Zig:19   | Noticed Igegiasu the pandemonium lord
266780 | Zig:19   | Noticed Xufyurgh the pandemonium lord
266780 | Zig:19   | Noticed Reeptaf the pandemonium lord
266780 | Zig:19   | Noticed Vuttyraq the pandemonium lord
266780 | Zig:19   | Noticed Ciugot the pandemonium lord
266780 | Zig:19   | Noticed Quco the pandemonium lord
266780 | Zig:19   | Noticed Siczie the pandemonium lord
266780 | Zig:19   | Noticed Inemumm the pandemonium lord
266780 | Zig:19   | Noticed Detuimegg the pandemonium lord
266780 | Zig:19   | Noticed Opara the pandemonium lord
266781 | Zig:19   | Noticed Houte the pandemonium lord
266781 | Zig:19   | Noticed Naeprak the pandemonium lord
266783 | Zig:19   | Noticed Vaufu the pandemonium lord
266783 | Zig:19   | Killed Keni the pandemonium lord
266786 | Zig:19   | Noticed Tuiff the pandemonium lord
266786 | Zig:19   | Noticed Nothretz the pandemonium lord
266786 | Zig:19   | Noticed Nohuaz the pandemonium lord
266788 | Zig:19   | Noticed Woresho the pandemonium lord
266788 | Zig:19   | Noticed Moofath the pandemonium lord
266788 | Zig:19   | Noticed Noni the pandemonium lord
266788 | Zig:19   | Noticed Niryem the pandemonium lord
266793 | Zig:19   | Paralysed by you for 2 turns
266794 | Zig:19   | Noticed Opar the pandemonium lord
266795 | Zig:19   | Noticed Huocsav the pandemonium lord
266795 | Zig:19   | Noticed Utumom the pandemonium lord
266801 | Zig:19   | Slain by a Brimstone Fiend

Vault maps used:
D:1:      saegor_arrival_simple_a
D:2:      grunt_dithmenos_smoke_and_mirrors, serial_forest,
          infiniplex_forest_corner_1, infiniplex_forest_lined_1,
          infiniplex_forest_clump_small, infiniplex_forest_lined_room_2,
          infiniplex_forest_diagonal, infiniplex_forest_end_3
D:4:      minmay_temple_entry_butterflies, first_bread
D:5:      kennysheep_mini, serial_shops, shop_fountains, serial_bayou_ford_a
D:6:      portal_sewer_entry_b, trog_three_pillars_becter, uniq_duvessa
D:7:      gammafunk_temple_overflow_claw, grunt_livestock, glass_columns_a
D:8:      nicolae_two_hexagons, st_stairs_8, uniq_joseph
D:9:      roderic_lattice_a
D:10:     wad_arrow_thing, orc_0_dummy, nicolae_wwwww
D:11:     lair_0_dummy, enter_bailey_3
D:12:     nicolae_trove_entry_crossroad, lemuel_flamethrower_3
D:13:     grunt_vaults_entry_fortified, serial_shops, kennysheep_little_box
D:14:     minmay_hedge_maze, uniq_maud
D:15:     hangedman_depths_entry_civil_slaughter, minmay_misc_feat_iff
Temple:   nicolae_temple_no_exploring_needed
Lair:1:   serial_bayou_shore_b, grunt_megastairs_2, lemuel_fruit_tree,
          lemuel_fruit_fields
Lair:2:   minivault_23
Lair:3:   dummy_spider_entry, uniq_snorg
Lair:4:   serial_bayou_pond_b, uniq_nergalle
Lair:5:   nicolae_swamp_entry_splash_gauntlet
Lair:6:   minmay_slime_entry_pillars, infiniplex_staircase_pool_2
Lair:7:   grunt_forest_large_clearing_hut
Lair:8:   evilmike_catoblepas_cave
Swamp:1:  evilmike_swamp_ruin_house_4, swamp_pool1, infiniplex_staircase_pool,
          uniq_louise, uniq_nikola
Swamp:2:  evilmike_swamp_ruin_house_5
Swamp:3:  nicolae_swamp_dense_foliage
Swamp:4:  swamp_icy, uniq_aizul
Spider:1: spider_trap, zaba_antful_of_joy
Spider:2: hangedman_spider_tarantella_strand, uniq_azrael, uniq_frances,
          uniq_arachne
Spider:3: hangedman_spider_mandibles, nicolae_spider_nook
Spider:4: spider_rune_water, spiders_nest_spider_trap
Slime:1:  nicolae_slime_barrier
Orc:1:    serial_shops, nicolae_shop_statue_plus, sword_in_stone
Orc:2:    st_orc_pillars
Elf:1:    eino_elf_arrival_the_gate, basic_altar, evilmike_minifort,
          einodemon_armed_red_devil_minivault
Elf:2:    serial_shops, shop_coins
Elf:3:    grunt_elf_hall_branching, abandoned_shop, billiards_dpeg
Vaults:1: nicolae_vaults_ninety_degrees, nicolae_vaults_angled_halls, v_rooms_2,
          v_misc_19, vaults_room_corners, ontoclasm_vaults_ring_large,
          hangedman_vaults_slice, v_misc_18, vaults_room_ringed_pool,
          vaults_dpeg_hooks, ontoclasm_vaults_gateway, grunt_vaults_funnel
Vaults:2: vaults_mumra_chevron_long, serial_ice_m,
          minmay_crypt_entry_nasty_monster, dpeg_vaults_monster_box, v_misc_32,
          v_pattern_1, grunt_vaults_hallway_short, v_misc_30, v_alt_pattern_5,
          vaults_dpeg_diagonal
Vaults:3: nicolae_vaults_big_angled_halls, ontoclasm_vaults_misaligned,
          st_squares, vaults_standard_mumra_enter_the_diamond, v_rooms_1,
          ontoclasm_vaults_ring_large, nicolae_vaults_mini_display_case,
          grunt_vaults_diagonal, v_pattern_3, hangedman_vaults_capsules,
          nicolae_vaults_ring_of_whatevers, mu_enter_wizlab_3
Vaults:4: v_misc_1, vaults_dpeg_encased_lava,
          nicolae_vaults_lopsided_apartments, grunt_vaults_trifunnel, v_misc_1,
          v_misc_5, vaults_room_corners, hangedman_vaults_river_flow
Crypt:1:  nicolae_crypt_small_crypt
Crypt:2:  corexii_hall_statues_l, minmay_misc_feat_rows, uniq_xtahua
Crypt:3:  evilmike_haunted_forest, uniq_mara
Depths:1: enter_ziggurat_f, serial_column_ruins, column_ruins_portal_squares,
          column_ruins_grid_1, column_ruins_corridor_T, column_ruins_open_small,
          column_ruins_corridor_straight, abyss_entry, hangedman_decor_riveting,
          pf_hell_entry_tar_river, rand_demon_pan_entry_9, abandoned_shop,
          patterned_corridor
Depths:2: cell_vault, serial_shops, nicolae_shop_competitors_out_of_business,
          hell_entry, abyss_entry
Depths:3: evilmike_cross, serial_shops, shop_coins, hell_entry,
          corexii_corridor_pit, grunt_pan_entry_sceptre, uniq_margery,
          uniq_jorgrun
Depths:4: radiant_caverns_b_rkd, abyss_entry, pan_entry, hell_entry
Depths:5: grunt_zot_entry_gee_three, minmay_fountain_box, hell_entry,
          minmay_librarian
Dis:5:    hangedman_dis_decor_tower, lemuel_elevator
Dis:6:    hangedman_iron_city_apartments, nicolae_dis_strange_trophy_room
Dis:7:    iron_city_of_dis
Geh:7:    geh_grunt
Coc:6:    lemuel_elevator
Coc:7:    coc_hangedman
Tar:3:    grunt_megastairs_1
Tar:6:    nicolae_tar_cuneiform_three
Tar:7:    tar_mu
Zot:1:    grunt_ministairs_9
Zot:2:    grunt_megastairs_3
Zot:3:    hangedman_zot_vaults_quadrants
Zot:4:    zot_minivault_2
Abyss:1:  evilmike_abyss_exit_1
Abyss:3:  minivault_23
Abyss:5:  guppyfry_abyss_exit_imp_island, evilmike_abyss_rune_tso_outpost,
          hangedman_abyss_or_decor_stabs, evilmike_abyss_exit_8,
          bh_abyss_exit_grid, evilmike_abyss_exit_8, evilmike_abyss_exit_4,
          minivault_20, guppyfry_abyss_exit_spiral_guarded, minivault_13
Pan:      nicolae_pan_diamonds, uniq_mennas_pan, grunt_pan_zigzag,
          pan_blood_fountain_small, nicolae_pan_lom_lobonic_2,
          reaverb_pan_chaos_star, evilmike_mini_pan_doors, rand_demon_6,
          pan_blood_fountain_small, rand_demon_5, grunt_pan_zigzag,
          evilmike_mini_pan_doors_b, evilmike_mini_pan_corridor, rand_demon_3,
          nicolae_pan_gloorx_vloqian_2, lemuel_hellion_island,
          grunt_pan_in_and_out, evilmike_mini_pan_diamond, rand_demon_7,
          nicolae_pan_gloorx_vloqian_2, mnoleg_grunt_wretched_star,
          nicolae_pan_sigil_uleosi, rand_demon_4, grunt_pan_spiral,
          pan_blood_fountain_small, pan_blood_fountain,
          nicolae_pan_lom_lobonic_3, rand_demon_5, nicolae_pan_glass_arcs,
          lemuel_draining_boxes, gloorx_vloq, nicolae_pan_cerebovesque_2,
          nicolae_pan_sick_transit, nicolae_pan_sigil_uleosi,
          grunt_pan_in_and_out, pan_blood_fountain, evilmike_mini_pan_corridor,
          pan_blood_fountain_small, rand_demon_9, nicolae_pan_mnolegish_2,
          evilmike_mini_pan_other_thingy, reaverb_pan_figure_eight,
          nicolae_pan_hourglass, rand_demon_2, cerebov, nicolae_pan_glass_arcs,
          rand_demon_6, pan_blood_fountain, nicolae_pan_sigil_itan,
          rand_demon_2, pan_surprise, evilmike_mini_pan_V, pan_blood_fountain_2,
          nicolae_pan_mnolegish_3, grunt_pan_sceptre, nicolae_pan_sigil_nadil,
          lom_lobon, pan_blood_fountain_small, evilmike_mini_pan_T,
          rand_demon_8, evilmike_mini_pan_3x3, evilmike_mini_pan_3x3,
          pan_blood_fountain, rand_demon_6, nicolae_pan_double_arrow,
          pan_disco_hall, evilmike_mini_pan_doors, nicolae_pan_cerebovesque_1,
          evilmike_mini_pan_corner, grunt_pan_frozen_over, pan_blood_fountain,
          evilmike_mini_pan_pillars_b, pan_blood_fountain_small, rand_demon_4,
          rand_demon_4, pan_blood_fountain_small, evilmike_holy_pan,
          rand_demon_1, pan_blood_fountain_small, rand_demon_4, rand_demon_5,
          rand_demon_7, nicolae_pan_mnolegish_5, rand_demon_7, rand_demon_9,
          grunt_pan_pentagram, pan_blood_fountain, nicolae_pan_lom_lobonic_1,
          evilmike_mini_pan_T, nicolae_pan_hourglass, rand_demon_4,
          rand_demon_2, pan_blood_fountain, rand_demon_8, uniq_ignacio,
          pan_blood_fountain, nicolae_pan_mnolegish_2, rand_demon_5,
          nicolae_pan_gloorx_vloqian_2, grunt_pan_sceptre,
          nicolae_pan_gloorx_vloqian_4, evilmike_mini_pan_3x3,
          evilmike_mini_pan_branches, rand_demon_5, nicolae_pan_door_chamber,
          grunt_pan_sceptre, pan_blood_fountain_small,
          nicolae_pan_lom_lobonic_3, rand_demon_6, evilmike_mini_pan_layers,
          pan_blood_fountain, nicolae_pan_double_arrow, grunt_pan_pentagram,
          pan_blood_fountain_small, rand_demon_4, pan_blood_fountain,
          evilmike_mini_pan_layers, evilmike_mini_pan_thingy, rand_demon_5,
          nicolae_pan_gloorx_vloqian_4, nicolae_pan_hourglass,
          evilmike_mini_pan_corridor, pan_blood_fountain,
          pan_blood_fountain_small, evilmike_mini_pan_layers, rand_demon_8,
          evilmike_mini_pan_corridor, pan_blood_fountain_small,
          pan_blood_fountain, rand_demon_7, grunt_pan_sceptre,
          pan_blood_fountain_small, evilmike_mini_pan_T,
          evilmike_mini_pan_doors, evilmike_mini_pan_3x3, rand_demon_5,
          nicolae_pan_lom_lobonic_1, evilmike_mini_pan_corridor,
          pan_blood_fountain
Zig:6:    ziggurat_loot_3
Zig:7:    ziggurat_pillar_centre_dead_trees, ziggurat_pillar_centre_c
Zig:8:    ziggurat_loot_1
Zig:13:   ziggurat_pillar_centre_oklobs
Zig:14:   ziggurat_loot_1
Zig:15:   ziggurat_pillar_centre_smoke
Zig:18:   ziggurat_pillar_centre_more_plants
Zig:19:   ziggurat_pillar_centre_drop, ziggurat_loot_3
Zig:25:   ziggurat_loot_1
Trove:    trove_jewel_2
Sewer:    sewer_minmay_treatment
Bailey:   bailey_axe_bossmonster_kennysheep, bailey
WizLab:   wizlab_cloud

Action                   |  1- 3 |  4- 6 |  7- 9 | 10-12 | 13-15 | 16-18 | 19-21 | 22-24 | 25-27 || total
-------------------------+-------+-------+-------+-------+-------+-------+-------+-------+-------++-------
Melee: Short sword       |    18 |    89 |       |       |       |       |       |       |       ||   107
       Spear             |       |    26 |   161 |    58 |    22 |       |       |       |       ||   267
       Whip              |       |       |    11 |       |       |       |       |       |       ||    11
       Staff             |       |       |       |       |    20 |    12 |    28 |     4 |  2674 ||  2738
       Maul              |       |       |       |       |       |     3 |       |       |       ||     3
       Lajatang          |       |       |       |       |       |    18 |    22 |    34 |  5833 ||  5907
       Eudemon blade     |       |       |       |       |       |       |       |     1 |   161 ||   162
       Mace              |       |       |       |       |       |       |       |       |    12 ||    12
       Broad axe         |       |       |       |       |       |       |       |       |     5 ||     5
       Lance             |       |       |       |       |       |       |       |       |   651 ||   651
       Flamberge         |       |       |       |       |       |       |       |       |   400 ||   400
       Scimitar          |       |       |       |       |       |       |       |       |     5 ||     5
       Unarmed           |       |       |       |       |       |       |       |       |     3 ||     3
       Quarterstaff      |       |       |       |       |       |       |       |       |     2 ||     2
       War axe           |       |       |       |       |       |       |       |       |     1 ||     1
Throw: Stone             |     2 |     4 |       |    12 |    11 |       |       |       |       ||    29
       Throwing net      |       |     5 |       |       |       |     1 |       |       |       ||     6
       Tomahawk          |       |       |    24 |       |       |       |       |       |       ||    24
 Cast: Sandblast         |    52 |   109 |   140 |   110 |    94 |       |       |       |       ||   505
       Stone Arrow       |       |       |    49 |   347 |   578 |    55 |       |       |       ||  1029
       Lee's Rapid Decon |       |       |    17 |    41 |    43 |    89 |   181 |   160 |   402 ||   933
       Stoneskin         |       |       |     4 |    20 |    45 |    31 |    53 |    39 |   266 ||   458
       Petrify           |       |       |       |     4 |     4 |       |       |       |       ||     8
       Apportation       |       |       |       |       |    37 |     6 |    10 |    18 |   298 ||   369
       Bolt of Fire      |       |       |       |       |   172 |   106 |       |       |       ||   278
       Passwall          |       |       |       |       |     3 |       |     2 |       |     1 ||     6
       Throw Flame       |       |       |       |       |     1 |       |       |       |       ||     1
       Delayed Fireball  |       |       |       |       |     4 |     8 |     1 |       |     3 ||    16
       Iron Shot         |       |       |       |       |     1 |    57 |   352 |   370 |   461 ||  1241
       Passage of Golubr |       |       |       |       |     1 |     7 |    18 |     7 |    54 ||    87
       Blink             |       |       |       |       |     1 |     1 |     1 |     3 |    19 ||    25
       Fireball          |       |       |       |       |       |   465 |   376 |   274 |    61 ||  1176
       Orb of Destructio |       |       |       |       |       |       |     7 |       |   520 ||   527
       Shatter           |       |       |       |       |       |       |     6 |    44 |  1235 ||  1285
       Swiftness         |       |       |       |       |       |       |     1 |       |    10 ||    11
       Repel Missiles    |       |       |       |       |       |       |     1 |     4 |    36 ||    41
       Lehudib's Crystal |       |       |       |       |       |       |       |     9 |   582 ||   591
       Fire Storm        |       |       |       |       |       |       |       |       |  3094 ||  3094
       Regeneration      |       |       |       |       |       |       |       |       |   256 ||   256
       Glaciate          |       |       |       |       |       |       |       |       |   962 ||   962
       Ring of Flames    |       |       |       |       |       |       |       |       |   226 ||   226
       Haste             |       |       |       |       |       |       |       |       |   101 ||   101
       Shroud of Golubri |       |       |       |       |       |       |       |       |    99 ||    99
       Control Undead    |       |       |       |       |       |       |       |       |    94 ||    94
       Controlled Blink  |       |       |       |       |       |       |       |       |    85 ||    85
       Summon Butterflie |       |       |       |       |       |       |       |       |    61 ||    61
       Aura of Abjuratio |       |       |       |       |       |       |       |       |    28 ||    28
       Spellforged Servi |       |       |       |       |       |       |       |       |    25 ||    25
       Tornado           |       |       |       |       |       |       |       |       |    19 ||    19
       Summon Forest     |       |       |       |       |       |       |       |       |     4 ||     4
       Song of Slaying   |       |       |       |       |       |       |       |       |     3 ||     3
       Death's Door      |       |       |       |       |       |       |       |       |     1 ||     1
 Abil: Fly               |       |       |       |       |     1 |     3 |     1 |     2 |     5 ||    12
       Release Delayed F |       |       |       |       |     3 |     8 |     1 |       |     1 ||    13
       Stop Flying       |       |       |       |       |       |       |     2 |     1 |     5 ||     8
       Evoke Berserk Rag |       |       |       |       |       |       |       |       |     2 ||     2
Evoke: Wand              |       |       |       |     3 |       |       |     5 |     3 |   193 ||   204
       Fan of gales      |       |       |       |       |     1 |       |       |       |       ||     1
       Staff of energy   |       |       |       |       |       |       |   296 |   585 |  4132 ||  5013
       Crystal ball of e |       |       |       |       |       |       |       |       |   815 ||   815
       Staff of Wucad Mu |       |       |       |       |       |       |       |       |    75 ||    75
       Disc of storms    |       |       |       |       |       |       |       |       |    14 ||    14
       Sceptre of Asmode |       |       |       |       |       |       |       |       |     7 ||     7
       Phantom mirror    |       |       |       |       |       |       |       |       |     7 ||     7
       Lamp of fire      |       |       |       |       |       |       |       |       |     6 ||     6
       Figurine of a zig |       |       |       |       |       |       |       |       |     5 ||     5
       Staff of Dispater |       |       |       |       |       |       |       |       |     3 ||     3
       Rod               |       |       |       |       |       |       |       |       |     1 ||     1
       Deck              |       |       |       |       |       |       |       |       |     1 ||     1
       Stone of tremors  |       |       |       |       |       |       |       |       |     1 ||     1
       Phial of floods   |       |       |       |       |       |       |       |       |     1 ||     1
  Use: Scroll            |       |     1 |    15 |     7 |    21 |     7 |    17 |    11 |   426 ||   505
       Potion            |       |       |     4 |    14 |     4 |     2 |     1 |     4 |   219 ||   248
 Stab: Held in net/web   |       |     1 |       |       |       |       |       |       |       ||     1
       Sleeping          |       |       |     1 |     1 |       |       |       |       |     5 ||     7
       Distracted        |       |       |       |       |       |       |       |       |    24 ||    24
       Petrifying        |       |       |       |       |       |       |       |       |     1 ||     1
  Eat: Chunk             |     2 |     9 |    17 |    37 |    89 |    81 |    68 |    66 |    79 ||   448
       Fruit             |       |       |       |     3 |       |       |       |       |   115 ||   118
       Bread ration      |       |       |       |     1 |       |       |     2 |       |    48 ||    51
       Meat ration       |       |       |       |     1 |       |       |     1 |       |    49 ||    51
       Beef jerky        |       |       |       |       |       |       |       |       |    37 ||    37
       Royal jelly       |       |       |       |       |       |       |       |       |    56 ||    56
       Pizza             |       |       |       |       |       |       |       |       |    32 ||    32
